Workbook

Sheet START
B4: Key figures
B7: ASSA ABLOY key figures | E7: Sheet | G7: Value
B8: Financial definitions | E8: Definitions
B9: Quarterly figures | E9: Q Figures | G9: SEK M
B10: Quaterly balance sheet | E10: Q BR | G10: SEK M
B11: Quarterly Sales and EBIT brigde | E11: Q Bridge | G11: SEK M/ %
B12: Quarterly Product group reporting | E12: Q PGR | G12: SEK M
B13: Full year figures | E13: FY Figures | G13: SEK M
B14: Full year balance sheet | E14: FY BS | G14: SEK M
B15: Sales by country | E15: Sales by country | G15: SEK M
B16: Key summary | E16: Key summary | G16: SEK M/ %
B17: Sustainability figures | E17: SR
B18: Acquistions | E18: ACQ | G18: SEK M

Sheet Definitions
B4: Financial definitions
B7: Key figure | C7: Definition
B8: Organic growth | C8: Change in sales for comparable units after adjustments for acquisitions and exchange-rate effects.
B10: Operating margin (EBITDA) | C10: Operating income before depreciation and amortization as a percentage of sales.
B12: Operating margin (EBITA) | C12: Operating income before amortization of intangible assets recognized in business combinations, as a percentage of sales.
B14: Operating margin (EBIT) | C14: Operating income as a percentage of sales.
B16: Profit margin (EBT) | C16: Income before tax as a percentage of sales.
B18: Items affecting comparability | C18: Restructuring costs and significant non-recurring operating expenses such as revaluation of previously owned shares in associates and goodwill impairment.
B20: Operating cash flow | C20: Cash flow from operating activities excluding restructuring payments and tax paid on income minus net capital expenditure and repayment of lease liabilities.
B22: Cash conversion | C22: Operating cash flow in relation to income before tax excluding items affecting comparability.
B24: Net capital expenditure | C24: Investments in, less disposals of, intangible assets and property, plant and equipment.
B26: Depreciation and amortization | C26: Depreciation, amortization and impairment of intangible assets and property, plant and equipment and right-of-use assets.
B28: Capital employed | C28: Total assets less interest-bearing assets and non-interest-bearing liabilities including deferred tax liability.
... B48: Earnings per share before and after dilution and excluding items affecting comparability | C48: Net income attributable to parent company's shareholders excluding items affecting comparability, net of tax, dividend by weighted average number of outstanding shares. None of the Group's outstanding long-term incentive

Sheet Q Figures
A4: Quarterly figures (M SEK)
B6: 2015 | F6: 2016 | J6: 2017 | N6: 2018 | R6: 2019 | V6: 2020 | Z6: 2021 | AD6: 2022 | AH6: 2023 | AL6: 2024 | AP6: 2025 | AT6: 2026
B7: Q1 | C7: Q2 | D7: Q3 | E7: Q4 | F7: Q1 | G7: Q2 | H7: Q3 | I7: Q4 | J7: Q1 | K7: Q2 | L7: Q3 | M7: Q4 | N7: Q1 | O7: Q2 | P7: Q3 | Q7: Q4 | R7: Q1 | S7: Q2 | T7: Q3 | U7: Q4 | V7: Q1 | W7: Q2 | X7: Q3 | Y7: Q4 | Z7: Q1 | AA7: Q2 | AB7: Q3 | AC7: Q4 | AD7: Q1 | AE7: Q2 | AF7: Q3 | AG7: Q4 | AH7: Q1 | AI7: Q2 | AJ7: Q3 | AK7: Q4 | AL7: Q1 | AM7: Q2 | AN7: Q3 | AO7: Q4 | AP7: Q1 | AQ7: Q2 | AR7: Q3 | AS7: Q4 | AT7: Q1 | AU7: Q2 | AV7: Q3 | AW7: Q4
A8: Sales
A9: EMEIA | B9: 3944 | C9: 4068 | D9: 4100 | E9: 4411 | F9: 4004 | G9: 4234 | H9: 4042 | I9: 4557 | J9: 4404 | K9: 4529 | L9: 4278 | M9: 4869 | N9: 4775 | O9: 5069 | P9: 4872 | Q9: 5485 | R9: 5208 | S9: 5291 | T9: 5120 | U9: 5525 | V9: 5044 | W9: 3871 | X9: 4824 | Y9: 5242 | Z9: 5058 | AA9: 5235 | AB9: 5044 | AC9: 5186 | AD9: 5309.3292 | AE9: 5560.7325 | AF9: 5757.6179 | AG9: 6230.778 | AH9: 6229.203 | AI9: 6202 | AJ9: 6060.5085 | AK9: 6338.7333 | AL9: 6216.4565 | AM9: 6390.9639 | AN9: 6009.7344 | AO9: 6481 | AP9: 6464.3793 | AQ9: 6366.8577 | AR9: 6325 | AS9: 6666 | AT9: 6519 | AU9: 6681 | AV9: 6727
A10: Americas | B10: 3664 | C10: 3953 | D10: 4064 | E10: 3984 | F10: 3969 | G10: 4291 | H10: 4422 | I10: 4362 | J10: 4566 | K10: 4704 | L10: 4426 | M10: 4243 | N10: 4354 | O10: 5078 | P10: 5211 | Q10: 5173 | R10: 5312 | S10: 5861 | T10: 6099 | U10: 5900 | V10: 5271 | W10: 4396 | X10: 4779 | Y10: 4567 | Z10: 4604 | AA10: 4981 | AB10: 5400 | AC10: 5522 | AD10: 6240.6265 | AE10: 7035.8017 | AF10: 7639.9422 | AG10: 7427.4008 | AH10: 7861.2733 | AI10: 8549 | AJ10: 11090.502 | AK10: 10508.461 | AL10: 10532.477 | AM10: 11561.517 | AN10: 11213.731 | AO10: 11033 | AP10: 11170.89 | AQ10: 11165.153 | AR10: 10840 | AS10: 10313 | AT10: 10346 | AU10: 11471 | AV10: 11831
A11: APAC | B11: 1847 | C11: 2793 | D11: 2951 | E11: 2580 | F11: 1758 | G11: 2518 | H11: 2486 | I11: 2427 | J11: 1917 | K11: 2445 | L11: 2448 | M11: 2400 | N11: 1959 | O11: 2608 | P11: 2627 | Q11: 2756 | R11: 2221 | S11: 2919 | T11: 2874 | U11: 2676 | V11: 1588 | W11: 2357 | X11: 2479 | Y11: 2418 | Z11: 1773 | AA11: 2244 | AB11: 2271 | AC11: 2431 | AD11: 1879.2291 | AE11: 2379.4844 | AF11: 2917.5205 | AG11: 2647.9132 | AH11: 2411.4587 | AI11: 2765 | AJ11: 2640.2208 | AK11: 2467.5115 | AL11: 2048.4915 | AM11: 2429.6242 | AN11: 2425.4782 | AO11: 2217 | AP11: 1935.9628 | AQ11: 2196.6559 | AR11: 2119 | AS11: 1894 | AT11: 1731 | AU11: 2084 | AV11: 2214
A12: Global Technologies | B12: 2071 | C12: 2315 | D12: 2210 | E12: 2504 | F12: 2147 | G12: 2424 | H12: 2439 | I12: 2687 | J12: 2481 | K12: 2640 | L12: 2417 | M12: 2835 | N12: 2477 | O12: 2871 | P12: 3001 | Q12: 3602 | R12: 3348 | S12: 3706 | T12: 3991 | U12: 4377 | V12: 3933 | W12: 3252 | X12: 3428 | Y12: 3545 | Z12: 3301 | AA12: 3641 | AB12: 3705 | AC12: 3958 | AD12: 4051.1515 | AE12: 4417.1015 | AF12: 5141.9607 | AG12: 5733.9991 | AH12: 5581.6681 | AI12: 5869 | AJ12: 5763.2439 | AK12: 5885.3982 | AL12: 5433.3728 | AM12: 5939.3815 | AN12: 6313.041 | AO12: 6493 | AP12: 6258 | AQ12: 6327.0423 | AR12: 6729 | AS12: 6763 | AT12: 5989 | AU12: 6590 | AV12: 7104
A13: Entrance Systems | B13: 4041 | C13: 4325 | D13: 4494 | E13: 5097 | F13: 4291 | G13: 4767 | H13: 4960 | I13: 5772 | J13: 5087 | K13: 5381 | L13: 5242 | M13: 6072 | N13: 5322 | O13: 5914 | P13: 5909 | Q13: 6616 | R13: 5922 | S13: 6310 | T13: 6427 | U13: 6893 | V13: 6727 | W13: 6552 | X13: 7116 | Y13: 7927 | Z13: 7499 | AA13: 8007 | AB13: 8058 | AC13: 9127 | AD13: 9652.7968 | AE13: 10673.338 | AF13: 11066.283 | AG13: 11535.4 | AH13: 11036.547 | AI13: 11715 | AJ13: 11724.873 | AK13: 12188.585 | AL13: 11441.971 | AM13: 12196.297 | AN13: 11972.958 | AO13: 13839 | AP13: 12586 | AQ13: 12403.997 | AR13: 12595 | AS13: 13131 | AT13: 11665 | AU13: 12988 | AV13: 13502
A14: Other | B14: -315 | C14: -372 | D14: -354 | E14: -275 | F14: -278 | G14: -340 | H14: -324 | I14: -321 | J14: -313 | K14: -312 | L14: -312 | M14: -310 | N14: -337 | O14: -400 | P14: -429 | Q14: -465 | R14: -506 | S14: -543 | T14: -477 | U14: -425 | V14: -390 | W14: -475 | X14: -401 | Y14: -400 | Z14: -430 | AA14: -458 | AB14: -548 | AC14: -600 | AD14: -542.1022 | AE14: -600.06901 | AF14: -702.95369 | AG14: -660.15748 | AH14: -729.45401 | AI14: -626 | AJ14: -398.36797 | AK14: -419.01183 | AL14: -472.48391 | AM14: -549.83328 | AN14: -516.90224 | AO14: -488 | AP14: -475 | AQ14: -444.313 | AR14: -461 | AS14: -459 | AT14: -499 | AU14: -554 | AV14: -606
A15: Group | B15: 15252 | C15: 17082 | D15: 17465 | E15: 18301 | F15: 15891 | G15: 17894 | H15: 18025 | I15: 19484 | J15: 18142 | K15: 19387 | L15: 18499 | M15: 20109 | N15: 18550 | O15: 21140 | P15: 21191 | Q15: 23167 | R15: 21505 | S15: 23544 | T15: 24034 | U15: 24946 | V15: 22173 | W15: 19953 | X15: 22225 | Y15: 23298 | Z15: 21805 | AA15: 23648 | AB15: 23930 | AC15: 25623 | AD15: 26591.031 | AE15: 29466.389 | AF15: 31820.37 | AG15: 32915.333 | AH15: 32390.696 | AI15: 34474 | AJ15: 36880.979 | AK15: 36969.677 | AL15: 35200.284 | AM15: 37967.951 | AN15: 37418.04 | AO15: 39575 | AP15: 37939.821 | AQ15: 38015 | AR15: 38146 | AS15: 38307 | AT15: 35751 | AU15: 39259 | AV15: 40771
A17: Cost of goods sold | B17: -9283 | C17: -10459 | D17: -10707 | E17: -11254 | F17: -9596 | G17: -10863 | H17: -10885 | I17: -12975 | J17: -10951 | K17: -11806 | L17: -11206 | M17: -12185 | N17: -11178 | O17: -12796 | P17: -12799 | Q17: -14573 | R17: -12909 | S17: -14044 | T17: -14408 | U17: -15138 | V17: -13200 | W17: -12305 | X17: -13199 | Y17: -14633 | Z17: -13084 | AA17: -14210 | AB17: -14395 | AC17: -15542 | AD17: -16115 | AE17: -17836.389 | AF17: -19194 | AG17: -19716 | AH17: -19781 | AI17: -20255 | AJ17: -22115 | AK17: -22061 | AL17: -20671 | AM17: -22110 | AN17: -21662 | AO17: -22992 | AP17: -22295 | AQ17: -21704 | AR17: -21684 | AS17: -21757 | AT17: -20298 | AU17: -22378 | AV17: -22897
A19: Gross income | B19: 5969 | C19: 6623 | D19: 6758 | E19: 7046 | F19: 6295 | G19: 7031 | H19: 7139 | I19: 6509 | J19: 7190 | K19: 7581 | L19: 7293 | M19: 7924 | N19: 7372 | O19: 8345 | P19: 8392 | Q19: 8594 | R19: 8596 | S19: 9500 | T19: 9625 | U19: 9809 | V19: 8973 | W19: 7648 | X19: 9026 | Y19: 8665 | Z19: 8722 | AA19: 9438 | AB19: 9535 | AC19: 10082 | AD19: 10476 | AE19: 11630 | AF19: 12626 | AG19: 13199 | AH19: 12610 | AI19: 14219 | AJ19: 14766 | AK19: 14909 | AL19: 14530 | AM19: 15858 | AN19: 15756 | AO19: 16584 | AP19: 16221 | AQ19: 16301 | AR19: 16459 | AS19: 16500 | AT19: 15453 | AU19: 16882 | AV19: 17874
A21: Selling, administrative and R&D costs | B21: -3664 | C21: -3933 | D21: -3817 | E21: -4036 | F21: -3917 | G21: -4153 | H21: -4151 | I21: -5223 | J21: -4431 | K21: -4494 | L21: -4243 | M21: -4608 | N21: -4575 | O21: -5496 | P21: -5006 | Q21: -6101 | R21: -5388 | S21: -5790 | T21: -5774 | U21: -6117 | V21: -6266 | W21: -5593 | X21: -5597 | Y21: -6564 | Z21: -5537 | AA21: -5851 | AB21: -6143 | AC21: -6083 | AD21: -6480 | AE21: -7228 | AF21: -7657 | AG21: -8059 | AH21: -8653 | AI21: -8741 | AJ21: -9353 | AK21: -9307 | AL21: -9104 | AM21: -9775 | AN21: -9521 | AO21: -10123 | AP21: -11341 | AQ21: -10130 | AR21: -10043 | AS21: 10103 | AT21: -9994 | AU21: -10258 | AV21: -10781
A22: Share of earnings in associates | B22: 23 | C22: 52 | D22: 30 | E22: 28 | F22: 33 | G22: 33 | H22: 31 | I22: 30 | J22: 28 | K22: 27 | L22: 30 | M22: 43 | N22: 32 | O22: 62 | P22: 38 | Q22: 35 | R22: 38 | S22: 22 | T22: 43 | U22: 44 | V22: 44 | W22: 42 | X22: 163 | Y22: 8 | Z22: 3 | AA22: 3 | AB22: 0.17 | AC22: 13.47 | AD22: 6 | AE22: 4 | AF22: 4 | AG22: 12.34 | AH22: 4 | AI22: 4 | AJ22: 4 | AK22: 5 | AL22: 1 | AM22: 1 | AN22: 19 | AO22: 23 | AP22: 10 | AQ22: 1 | AR22: 6 | AS22: 10 | AT22: 2 | AU22: 7 | AV22: 7
A23: Impairment of goodwill and other intangible assets | O23: -5595 | AI23: -2268 | AJ23: -4 | AK23: 1 | AL23: 0 | AM23: 0 | AN23: 0 | AO23: 0 | AP23: 0 | AQ23: 0 | AR23: 0 | AS23: 0 | AT23: 0 | AU23: 0 | AV23: 0
A24: Capital gain from divestment | AI24: 3661 | AJ24: -4 | AK24: -69 | AL24: -18 | AM24: -13 | AN24: -43 | AO24: 99 | AP24: -6 | AQ24: -228 | AR24: 3 | AS24: 3 | AT24: - | AU24: 50 | AV24: 2
A25: Revaluation previously owned shares in associated | X25: 1910 | Y25: -1
A27: Group EBITA | F27: 2457 | G27: 2956 | H27: 3072 | I27: 2965 | J27: 2839 | K27: 3168 | L27: 3132 | M27: 3446 | N27: 2921 | O27: 3007 | P27: 3516 | Q27: 3858 | R27: 3352 | S27: 3852 | T27: 4010 | U27: 4188 | V27: 2884 | W27: 2237 | X27: 3734 | Y27: 3634 | Z27: 3341 | AA27: 3740 | AB27: 3539 | AC27: 4161 | AD27: 5153 | AE27: 4557 | AF27: 5139 | AG27: 5338 | AH27: 5379 | AI27: 5722 | AJ27: 6152 | AK27: 6008 | AL27: 5740 | AM27: 6434 | AN27: 6609 | AO27: 6898 | AP27: 6051 | AQ27: 6555 | AR27: 6815 | AS27: 6896 | AT27: 5859 | AU27: 7091 | AV27: 7612
A28: EBITA excluding items affecting comparability, % | F28: 15.5 | G28: 16.5 | H28: 17 | I28: 15.2 | J28: 15.7 | K28: 16.3 | L28: 16.9 | M28: 17.1 | N28: 15.7 | O28: 16.1 | P28: 16.6 | Q28: 16.7 | R28: 15.6 | S28: 16.4 | T28: 16.7 | U28: 16.8 | V28: 13 | W28: 11.2 | X28: 16.8 | Y28: 15.6 | Z28: 15.3 | AA28: 15.8 | AB28: 14.8 | AC28: 16.2 | AD28: 15.6 | AE28: 15.5 | AF28: 16.2 | AG28: 16.2 | AH28: 16.6 | AI28: 16.6 | AJ28: 16.7 | AK28: 16.2 | AL28: 16.3 | AM28: 16.9 | AN28: 17.7 | AO28: 17.4 | AP28: 15.9 | AQ28: 17.2 | AR28: 17.9 | AS28: 17.9 | AT28: 16.4 | AU28: 18.1 | AV28: 18.7
A30: EBIT excluding items affecting comparability
A31: EMEIA | B31: 626 | C31: 614 | D31: 676 | E31: 705 | F31: 634 | G31: 649 | H31: 673 | I31: 766 | J31: 718 | K31: 713 | L31: 717 | M31: 842 | N31: 764 | O31: 807 | P31: 774 | Q31: 911 | R31: 841 | S31: 849 | T31: 822 | U31: 884 | V31: 607 | W31: 220 | X31: 765 | Y31: 670 | Z31: 755 | AA31: 782 | AB31: 572 | AC31: 806 | AD31: 775.7729 | AE31: 801.31318 | AF31: 825.03965 | AG31: 933.25179 | AH31: 857.88847 | AI31: 777 | AJ31: 838.36867 | AK31: 915.43349 | AL31: 849.88132 | AM31: 871.59829 | AN31: 869.32642 | AO31: 962 | AP31: 893.65199 | AQ31: 886.417 | AR31: 951 | AS31: 1017 | AT31: 967 | AU31: 1102 | AV31: 1062
A32: Americas | B32: 772 | C32: 870 | D32: 884 | E32: 838 | F32: 824 | G32: 949 | H32: 959 | I32: 908 | J32: 961 | K32: 1041 | L32: 966 | M32: 847 | N32: 845 | O32: 1022 | P32: 1046 | Q32: 1027 | R32: 1040 | S32: 1203 | T32: 1249 | U32: 1182 | V32: 1048 | W32: 769 | X32: 966 | Y32: 915 | Z32: 955 | AA32: 1017 | AB32: 1112 | AC32: 1116 | AD32: 1264.5175 | AE32: 1451.1997 | AF32: 1600.1325 | AG32: 1583.1987 | AH32: 1706.7016 | AI32: 1755 | AJ32: 1870.3662 | AK32: 1853.5464 | AL32: 1910.0599 | AM32: 2198.3934 | AN32: 2148.6511 | AO32: 1950 | AP32: 1915.2905 | AQ32: 2080.473 | AR32: 2003 | AS32: 1845 | AT32: 1854 | AU32: 2150 | AV32: 2314
A33: APAC | B33: 189 | C33: 403 | D33: 464 | E33: 381 | F33: 174 | G33: 355 | H33: 306 | I33: -47 | J33: 151 | K33: 274 | L33: 277 | M33: 232 | N33: 154 | O33: 232 | P33: 242 | Q33: 264 | R33: 115 | S33: 270 | T33: 274 | U33: 220 | V33: -152 | W33: 167 | X33: 183 | Y33: 199 | Z33: 78 | AA33: 202 | AB33: 132 | AC33: 88 | AD33: 67 | AE33: 44.70009 | AF33: 131.9834 | AG33: -124.72155 | AH33: 110.69332 | AI33: 215 | AJ33: 229.14779 | AK33: 107.02812 | AL33: 105.2741 | AM33: 202.68283 | AN33: 192.5134 | AO33: 119 | AP33: 80.070141 | AQ33: 210.694 | AR33: 217 | AS33: 145 | AT33: 88 | AU33: 191 | AV33: 217
A34: Global Technologies | B34: 360 | C34: 417 | D34: 410 | E34: 460 | F34: 363 | G34: 447 | H34: 442 | I34: 500 | J34: 422 | K34: 486 | L34: 431 | M34: 608 | N34: 466 | O34: 564 | P34: 641 | Q34: 716 | R34: 598 | S34: 682 | T34: 810 | U34: 800 | V34: 563 | W34: 328 | X34: 550 | Y34: 582 | Z34: 472 | AA34: 573 | AB34: 585 | AC34: 623 | AD34: 516.16049 | AE34: 676.51915 | AF34: 890.01582 | AG34: 981.95161 | AH34: 939.27205 | AI34: 1082 | AJ34: 1064.8129 | AK34: 910.13268 | AL34: 839.20805 | AM34: 936.51058 | AN34: 1194.6249 | AO34: 1253 | AP34: 855 | AQ34: 1169.408 | AR34: 1330 | AS34: 1281 | AT34: 918 | AU34: 1299 | AV34: 1421
A35: Entrance Systems | B35: 486 | C35: 556 | D35: 623 | E35: 770 | F35: 529 | G35: 628 | H35: 709 | I35: 888 | J35: 638 | K35: 720 | L35: 762 | M35: 966 | N35: 710 | O35: 819 | P35: 831 | Q35: 998 | R35: 779 | S35: 875 | T35: 873 | U35: 1125 | V35: 821 | W35: 745 | X35: 1266 | Y35: 1251 | Z35: 1096 | AA35: 1196 | AB35: 1191 | AC35: 1505 | AD35: 1555 | AE35: 1650.945 | AF35: 1735.259 | AG35: 1905.7567 | AH35: 1786.0284 | AI35: 1899 | AJ35: 1995.1049 | AK35: 2126.0013 | AL35: 1944.0628 | AM35: 2076.697 | AN35: 2047.2782 | AO35: 2424 | AP35: 2109 | AQ35: 2043.203 | AR35: 2187 | AS35: 2359 | AT35: 1874 | AU35: 2175 | AV35: 2302
A36: Other | B36: -104 | C36: -118 | D36: -87 | E36: -116 | F36: -113 | G36: -118 | H36: -69 | I36: -1699 | J36: -103 | K36: -120 | L36: -73 | M36: -136 | N36: -110 | O36: -133 | P36: -110 | Q36: -170 | R36: -127 | S36: -146 | T36: -134 | U36: -164 | V36: -136 | W36: -132 | X36: -137 | Y36: -142 | Z36: -169 | AA36: -181 | AB36: -201 | AC36: -125 | AD36: -176.52813 | AE36: -219.04039 | AF36: -209.68564 | AG36: -127.19335 | AH36: -214.63265 | AI36: -228 | AJ36: -221 | AK36: -189.88935 | AL36: -221.48404 | AM36: -200.93604 | AN36: -197.65804 | AO36: -179 | AP36: -208 | AQ36: -235.466 | AR36: -272 | AS36: -199 | AT36: -239 | AU36: -236 | AV36: -215
A37: Group EBIT | B37: 2329 | C37: 2742 | D37: 2970 | E37: 3038 | F37: 2411 | G37: 2910 | H37: 3020 | I37: 1316 | J37: 2787 | K37: 3114 | L37: 3080 | M37: 3359 | N37: 2829 | O37: 3311 | P37: 3424 | Q37: 3746 | R37: 3246 | S37: 3733 | T37: 3894 | U37: 4047 | V37: 2751 | W37: 2097 | X37: 3593 | Y37: 3475 | Z37: 3187 | AA37: 3589 | AB37: 3392 | AC37: 4013 | AD37: 4001 | AE37: 4405.6367 | AF37: 4972.7446 | AG37: 5152.2439 | AH37: 5185.9511 | AI37: 5500 | AJ37: 5777 | AK37: 5722.2526 | AL37: 5427.0021 | AM37: 6084.946 | AN37: 6254.7359 | AO37: 6529 | AP37: 5645.2936 | AQ37: 6155 | AR37: 6416.3124 | AS37: 6448 | AT37: 5461 | AU37: 6680 | AV37: 7102
A39: EBIT excluding items affecting comparability, %
A40: EMEIA | B40: 15.9 | C40: 15.1 | D40: 16.5 | E40: 16 | F40: 15.8 | G40: 15.3 | H40: 16.7 | I40: 16.8 | J40: 16.3 | K40: 15.7 | L40: 16.8 | M40: 17.3 | N40: 16 | O40: 15.9 | P40: 15.9 | Q40: 16.6 | R40: 16.2 | S40: 16 | T40: 16.1 | U40: 16 | V40: 12 | W40: 5.7 | X40: 15.9 | Y40: 12.8 | Z40: 14.9 | AA40: 14.9 | AB40: 11.3 | AC40: 15.5 | AD40: 14.6 | AE40: 14.4 | AF40: 14.3 | AG40: 15 | AH40: 13.8 | AI40: 12.5 | AJ40: 13.8 | AK40: 14.4 | AL40: 13.7 | AM40: 13.6 | AN40: 14.5 | AO40: 14.8 | AP40: 13.8 | AQ40: =AQ31/AQ9*100 -> 13.922362 | AR40: 15 | AS40: 15.3 | AT40: 14.8 | AU40: 16.5 | AV40: 15.8
A41: Americas | B41: 21.1 | C41: 22 | D41: 21.8 | E41: 21 | F41: 20.8 | G41: 22.1 | H41: 21.7 | I41: 20.8 | J41: 21 | K41: 22.1 | L41: 21.8 | M41: 19.9 | N41: 19.4 | O41: 20.1 | P41: 20.1 | Q41: 19.9 | R41: 19.6 | S41: 20.5 | T41: 20.5 | U41: 20 | V41: 19.9 | W41: 17.5 | X41: 20.2 | Y41: 20 | Z41: 20.7 | AA41: 20.4 | AB41: 20.6 | AC41: 20.2 | AD41: 20.3 | AE41: 20.6 | AF41: 20.9 | AG41: 21.3 | AH41: 21.7 | AI41: 20.5 | AJ41: 16.9 | AK41: 17.6 | AL41: 18.1 | AM41: 19 | AN41: 19.2 | AO41: 17.7 | AP41: 17.1 | AQ41: =AQ32/AQ10*100 -> 18.633627 | AR41: 18.5 | AS41: 17.9 | AT41: 17.9 | AU41: 18.7 | AV41: 19.6
A42: APAC | B42: 10.2 | C42: 14.4 | D42: 15.7 | E42: 14.8 | F42: 9.9 | G42: 14.1 | H42: 12.3 | I42: -2 | J42: 7.9 | K42: 11.2 | L42: 11.3 | M42: 9.7 | N42: 7.9 | O42: 8.9 | P42: 9.2 | Q42: 9.6 | R42: 5.2 | S42: 9.3 | T42: 9.5 | U42: 8.2 | V42: -9.6 | W42: 7.1 | X42: 7.4 | Y42: 8.2 | Z42: 4.4 | AA42: 9 | AB42: 5.8 | AC42: 3.6 | AD42: 3.5 | AE42: 1.9 | AF42: 4.5 | AG42: -4.7 | AH42: 4.6 | AI42: 7.8 | AJ42: 8.7 | AK42: 4.3 | AL42: 5.1 | AM42: 8.3 | AN42: 7.9 | AO42: 5.4 | AP42: 4.1 | AQ42: =AQ33/AQ11*100 -> 9.5915796 | AR42: 10.2 | AS42: 7.6 | AT42: 5.1 | AU42: 9.2 | AV42: 9.8
A43: Global Technologies | B43: 17.4 | C43: 18 | D43: 18.6 | E43: 18.4 | F43: 16.9 | G43: 18.5 | H43: 18.1 | I43: 18.6 | J43: 17 | K43: 18.4 | L43: 17.8 | M43: 21.5 | N43: 18.8 | O43: 19.6 | P43: 21.4 | Q43: 19.9 | R43: 17.9 | S43: 18.4 | T43: 20.3 | U43: 18.3 | V43: 14.3 | W43: 10.1 | X43: 16 | Y43: 16.4 | Z43: 14.3 | AA43: 15.7 | AB43: 15.8 | AC43: 15.7 | AD43: 12.7 | AE43: 15.3 | AF43: 17.3 | AG43: 17.1 | AH43: 16.8 | AI43: 18.4 | AJ43: 18.5 | AK43: 15.5 | AL43: 15.4 | AM43: 15.8 | AN43: 18.9 | AO43: 19.3 | AP43: 13.7 | AQ43: =AQ34/AQ12*100 -> 18.482696 | AR43: 19.8 | AS43: 18.9 | AT43: 15.3 | AU43: 19.7 | AV43: 20
A44: Entrance Systems | B44: 12 | C44: 12.9 | D44: 13.9 | E44: 15.1 | F44: 12.3 | G44: 13.2 | H44: 14.3 | I44: 15.4 | J44: 12.5 | K44: 13.4 | L44: 14.5 | M44: 15.9 | N44: 13.3 | O44: 13.8 | P44: 14.1 | Q44: 15.1 | R44: 13.2 | S44: 13.9 | T44: 13.6 | U44: 16.3 | V44: 12.2 | W44: 11.4 | X44: 17.8 | Y44: 15.8 | Z44: 14.6 | AA44: 14.9 | AB44: 14.8 | AC44: 16.5 | AD44: 16.1 | AE44: 15.5 | AF44: 15.7 | AG44: 16.5 | AH44: 16.2 | AI44: 16.2 | AJ44: 17 | AK44: 17.4 | AL44: 17 | AM44: 17 | AN44: 17.1 | AO44: 17.5 | AP44: 16.8 | AQ44: =AQ35/AQ13*100 -> 16.472134 | AR44: 17.4 | AS44: 18 | AT44: 16.1 | AU44: 16.7 | AV44: 17.1
A45: Group EBIT % | B45: 15.3 | C45: 16.1 | D45: 17 | E45: 16.6 | F45: 15.2 | G45: 16.3 | H45: 16.8 | I45: 15 | J45: 15.4 | K45: 16.1 | L45: 16.7 | M45: 16.7 | N45: 15.3 | O45: 15.7 | P45: 16.2 | Q45: 16.2 | R45: 15.1 | S45: 15.9 | T45: 16.2 | U45: 16.2 | V45: 12.4 | W45: 10.5 | X45: 16.2 | Y45: 14.9 | Z45: 14.6 | AA45: 15.2 | AB45: 14.2 | AC45: 15.7 | AD45: 15 | AE45: 15 | AF45: 15.6 | AG45: 15.7 | AH45: 16 | AI45: 16 | AJ45: 15.7 | AK45: 15.5 | AL45: 15.4 | AM45: 16 | AN45: 16.7 | AO45: 16.5 | AP45: 14.9 | AQ45: =AQ37/AQ15*100 -> 16.190977 | AR45: 16.8 | AS45: 16.8 | AT45: 15.3 | AU45: 17 | AV45: 17.4
A47: Finance net | B47: -145 | C47: -191 | D47: -174 | E47: -187 | F47: -201 | G47: -181 | H47: -175 | I47: -146 | J47: -195 | K47: 170 | L47: -171 | M47: -133 | N47: -175 | O47: -191 | P47: -203 | Q47: -230 | R47: -248 | S47: -271 | T47: -250 | U47: -268 | V47: -232 | W47: -205 | X47: -176 | Y47: -169 | Z47: -142 | AA47: -148 | AB47: -159 | AC47: -194 | AD47: -190 | AE47: -198 | AF47: -237 | AG47: -387 | AH47: -343 | AI47: -445 | AJ47: -900 | AK47: -843 | AL47: -811 | AM47: -849 | AN47: -878 | AO47: -845 | AP47: -879 | AQ47: -836 | AR47: -853 | AS47: -760 | AT47: -711 | AU47: -745 | AV47: -768
A49: Income before tax | B49: 2184 | C49: 2551 | D49: 2796 | E49: 2851 | F49: 2209 | G49: 2729 | H49: 2844 | I49: 1170 | J49: 2593 | K49: 2944 | L49: 2910 | M49: 3226 | N49: 2654 | O49: -3220 | P49: 3221 | Q49: 2297 | R49: 2997 | S49: 3462 | T49: 3645 | U49: 3467 | V49: 2519 | W49: 1892 | X49: 5326 | Y49: 3306 | Z49: 3045 | AA49: 3441 | AB49: 3233 | AC49: 3819 | AD49: 3811 | AE49: 4208 | AF49: 4736 | AG49: 4766 | AH49: 3619 | AI49: 6430 | AJ49: 4509 | AK49: 4696 | AL49: 4598 | AM49: 5223 | AN49: 5333 | AO49: 5739 | AP49: 3429 | AQ49: 5119 | AR49: 5575 | AS49: 5699 | AT49: 4749 | AU49: 5936 | AV49: 6333
A51: Tax on income | B51: -568 | C51: -663 | D51: -727 | E51: -731 | F51: -574 | G51: -709 | H51: -739 | I51: -304 | J51: -674 | K51: -765 | L51: -757 | M51: -842 | N51: -690 | O51: -344 | P51: -838 | Q51: -670 | R51: -779 | S51: -900 | T51: -948 | U51: -947 | V51: -655 | W51: -492 | X51: -888 | Y51: -469 | Z51: -792 | AA51: -229 | AB51: -841 | AC51: -777 | AD51: -953 | AE51: -1052 | AF51: -1184 | AG51: -1036 | AH51: -905 | AI51: -2854 | AJ51: -1139 | AK51: -717 | AL51: -1150 | AM51: -1306 | AN51: -1333 | AO51: -1483 | AP51: -981 | AQ51: -1305 | AR51: -1421 | AS51: -1407 | AT51: -1211 | AU51: -1513 | AV51: -1615
A53: Net income for the period | B53: 1616 | C53: 1888 | D53: 2069 | E53: 2120 | F53: 1638 | G53: 2026 | H53: 2122 | I53: 8670 | J53: 1918 | K53: 2179 | L53: 2153 | M53: 2385 | N53: 1964 | O53: -3220 | P53: 2384 | Q53: 1627 | R53: 2218 | S53: 2562 | T53: 2697 | U53: 2520 | V53: 1864 | W53: 1400 | X53: 4438 | Y53: 2582 | Z53: 2253 | AA53: 3212 | AB53: 2392 | AC53: 3043 | AD53: 2859 | AE53: 3156 | AF53: 3552 | AG53: 3729 | AH53: 2714 | AI53: 3576 | AJ53: 3371 | AK53: 3979 | AL53: 3449 | AM53: 3917 | AN53: 4000 | AO53: 4255 | AP53: 2448 | AQ53: 3814 | AR53: 4154 | AS53: 4292 | AT53: 3538 | AU53: 4422 | AV53: 4718
A55: Operating cash flow
A56: EMEIA | B56: 217 | C56: 355 | D56: 642 | E56: 1408 | F56: 188 | G56: 581 | H56: 402 | I56: 1407 | J56: 387 | K56: 461 | L56: 640 | M56: 1489 | N56: 262 | O56: 607 | P56: 627 | Q56: 1323 | R56: 289 | S56: 659 | T56: 838 | U56: 1729 | V56: 132 | W56: 585 | X56: 854 | Y56: 1368 | Z56: 587 | AA56: 801 | AB56: 560 | AC56: 1142 | AD56: 23 | AE56: 662 | AF56: 773 | AG56: 1326 | AH56: 418 | AI56: 841 | AJ56: 1088 | AK56: 1836 | AL56: 459 | AM56: 899 | AN56: 923 | AO56: 1591 | AP56: 223 | AQ56: 964 | AR56: 1179 | AS56: 1911 | AT56: 458 | AU56: 978 | AV56: 1153
A57: Americas | B57: 156 | C57: 955 | D57: 944 | E57: 1162 | F57: 271 | G57: 1127 | H57: 1018 | I57: 1031 | J57: 197 | K57: 1163 | L57: 1046 | M57: 1085 | N57: 241 | O57: 1245 | P57: 1203 | Q57: 1214 | R57: 260 | S57: 1536 | T57: 1854 | U57: 1612 | V57: 580 | W57: 1244 | X57: 1435 | Y57: 1578 | Z57: 727 | AA57: 1412 | AB57: 997 | AC57: 586 | AD57: 552 | AE57: 1446 | AF57: 1612 | AG57: 1910 | AH57: 1024 | AI57: 2229 | AJ57: 2807 | AK57: 2120 | AL57: 865 | AM57: 2344 | AN57: 2339 | AO57: 2032 | AP57: 745 | AQ57: 2470 | AR57: 2679 | AS57: 2278 | AT57: 1327 | AU57: 3284 | AV57: 3831
A58: APAC | B58: -212 | C58: 261 | D58: 317 | E58: 869 | F58: -221 | G58: 362 | H58: 653 | I58: 769 | J58: -154 | K58: 116 | L58: 155 | M58: 742 | N58: -158 | O58: 244 | P58: 120 | Q58: 606 | R58: -122 | S58: 261 | T58: 337 | U58: 147 | V58: -293 | W58: 307 | X58: 441 | Y58: 307 | Z58: -94 | AA58: 151 | AB58: 122 | AC58: 106 | AD58: -226 | AE58: 87 | AF58: 190 | AG58: 237 | AH58: -86 | AI58: 350 | AJ58: 344 | AK58: 605 | AL58: 125 | AM58: 166 | AN58: 267 | AO58: 439 | AP58: -128 | AQ58: 202 | AR58: 318 | AS58: 146 | AT58: -69 | AU58: 149 | AV58: 272
A59: Global Technologies | B59: 130 | C59: 155 | D59: 566 | E59: 706 | F59: 110 | G59: 320 | H59: 517 | I59: 778 | J59: 57 | K59: 511 | L59: 373 | M59: 791 | N59: 201 | O59: 642 | P59: 674 | Q59: 947 | R59: 345 | S59: 980 | T59: 775 | U59: 1084 | V59: 362 | W59: 564 | X59: 513 | Y59: 1069 | Z59: 630 | AA59: 804 | AB59: 864 | AC59: 882 | AD59: 353 | AE59: 545 | AF59: 702 | AG59: 1375 | AH59: 627 | AI59: 1253 | AJ59: 1074 | AK59: 1191 | AL59: 492 | AM59: 831 | AN59: 1339 | AO59: 1923 | AP59: 729 | AQ59: 1054 | AR59: 1659 | AS59: 1948 | AT59: 571 | AU59: 1431 | AV59: 1360
A60: Entrance Systems | B60: 462 | C60: 603 | D60: 590 | E60: 981 | F60: 403 | G60: 632 | H60: 617 | I60: 1062 | J60: 660 | K60: 638 | L60: 593 | M60: 1174 | N60: 379 | O60: 577 | P60: 593 | Q60: 1224 | R60: 895 | S60: 725 | T60: 949 | U60: 1086 | V60: 855 | W60: 1159 | X60: 1610 | Y60: 1350 | Z60: 1058 | AA60: 923 | AB60: 1023 | AC60: 967 | AD60: 621 | AE60: 1261 | AF60: 1424 | AG60: 2129 | AH60: 2525 | AI60: 2473 | AJ60: 2791 | AK60: 2601 | AL60: 2296 | AM60: 2330 | AN60: 2622 | AO60: 2768 | AP60: 2038 | AQ60: 1737 | AR60: 2336 | AS60: 2500 | AT60: 1712 | AU60: 1354 | AV60: 1844
A61: Group | B61: 520 | C61: 1991 | D61: 2816 | E61: 4625 | F61: 498 | G61: 2519 | H61: 2830 | I61: 4620 | J61: 824 | K61: 2575 | L61: 2654 | M61: 4876 | N61: 575 | O61: 3431 | P61: 3004 | Q61: 4923 | R61: 1171 | S61: 3636 | T61: 4401 | U61: 5235 | V61: 1206 | W61: 3418 | X61: 4407 | Y61: 5540 | Z61: 2636 | AA61: 3627 | AB61: 3619 | AC61: 3384 | AD61: 912 | AE61: 3787 | AF61: 4520 | AG61: 6588 | AH61: 4069 | AI61: 6671 | AJ61: 7177 | AK61: 7315 | AL61: 3096 | AM61: 5604 | AN61: 6341 | AO61: 8010 | AP61: 2424 | AQ61: 5452 | AR61: 6969 | AS61: 7815 | AT61: 3141 | AU61: 6300 | AV61: 7405
A63: Average adjusted capital employed
A64: EMEIA | V64: 19967.405 | W64: 19825.958 | X64: 19519.534 | Y64: 19050 | Z64: 18711.857 | AA64: 18455.571 | AB64: 18292.88 | AC64: 17991 | AD64: 18118.976 | AE64: 18370.193 | AF64: 18845.965 | AG64: 19861.157 | AH64: 20852 | AI64: 22107 | AJ64: 22825.35 | AK64: 22872.45 | AL64: 22744.495 | AM64: 22478 | AN64: 22239 | AO64: 22353 | AP64: 22962 | AQ64: 23569 | AR64: 24089 | AS64: 24402 | AT64: 24590 | AU64: 24660 | AV64: 24881
A65: Americas | V65: 19322.691 | W65: 18184.794 | X65: 16713.974 | Y65: 15186 | Z65: 14258.216 | AA65: 13724.292 | AB65: 13702.969 | AC65: 13986 | AD65: 14774.257 | AE65: 15797.673 | AF65: 16907.203 | AG65: 18368.669 | AH65: 19321 | AI65: 23673 | AJ65: 34111.476 | AK65: 44024.953 | AL65: 54047.784 | AM65: 64196 | AN65: 63971 | AO65: 64462 | AP65: 65165 | AQ65: 64002 | AR65: 63154 | AS65: 61947 | AT65: 59941 | AU65: 59690 | AV65: 59628
A66: APAC | V66: 9161.5364 | W66: 9167.8101 | X66: 9090.7765 | Y66: 8910 | Z66: 8712.5845 | AA66: 8464.5896 | AB66: 8481.7052 | AC66: 8498 | AD66: 8709.552 | AE66: 9055.4188 | AF66: 9567.6465 | AG66: 10167.228 | AH66: 10822 | AI66: 11334 | AJ66: 11434.817 | AK66: 11396.381 | AL66: 11135.712 | AM66: 10936 | AN66: 10757 | AO66: 10656 | AP66: 10615 | AQ66: 10330 | AR66: 10046 | AS66: 9704 | AT66: 9421 | AU66: 9370 | AV66: 9419
A67: Global Technologies | V67: 22338.171 | W67: 22883.668 | X67: 22974.66 | Y67: 22757 | Z67: 22460.034 | AA67: 21974.169 | AB67: 21855.842 | AC67: 21751 | AD67: 22141.972 | AE67: 22663.315 | AF67: 23636.409 | AG67: 24744.506 | AH67: 25436 | AI67: 26092 | AJ67: 26299.57 | AK67: 26294.832 | AL67: 26558.948 | AM67: 27150 | AN67: 28020 | AO67: 28510 | AP67: 30005 | AQ67: 30595 | AR67: 31324 | AS67: 31887 | AT67: 31621 | AU67: 31874 | AV67: 32252
A68: Entrance Systems | V68: 24592.072 | W68: 25861.983 | X68: 27565.101 | Y68: 29352 | Z68: 30407.005 | AA68: 30935.691 | AB68: 31491.247 | AC68: 31525 | AD68: 32337.533 | AE68: 33382.576 | AF68: 34891.034 | AG68: 36447.373 | AH68: 37370 | AI68: 38204 | AJ68: 38684.357 | AK68: 38502.138 | AL68: 39126.704 | AM68: 39889 | AN68: 40663 | AO68: 42249 | AP68: 43632 | AQ68: 44191 | AR68: 45107 | AS68: 44899 | AT68: 44451 | AU68: 45312 | AV68: 46786
A69: Group | V69: 94639.921 | W69: 95342.278 | X69: 95452.856 | Y69: 95002 | Z69: 94229.701 | AA69: 93076.403 | AB69: 93286.715 | AC69: 93199 | AD69: 95766 | AE69: 99074.107 | AF69: 103663 | AG69: 109371.69 | AH69: 113480 | AI69: 120917 | AJ69: 132788.19 | AK69: 142611.33 | AL69: 153385.05 | AM69: 164603 | AN69: 165649 | AO69: 168363 | AP69: 172654 | AQ69: 173049 | AR69: 174100 | AS69: 173241 | AT69: 170325 | AU69: 170944 | AV69: 172743
A71: Return on capital employed, % 12-Months
A72: EMEIA | V72: =+(SUM(S31:V31)/V64)*100 -> 15.835808 | W72: =+(SUM(T31:W31)/W64)*100 -> 12.776179 | X72: =+(SUM(U31:X31)/X64)*100 -> 12.684729 | Y72: =+(SUM(V31:Y31)/Y64)*100 -> 11.874016 | Z72: =+(SUM(W31:Z31)/Z64)*100 -> 12.879534 | AA72: =+(SUM(X31:AA31)/AA64)*100 -> 16.103538 | AB72: =+(SUM(Y31:AB31)/AB64)*100 -> 15.191703 | AC72: =+(SUM(Z31:AC31)/AC64)*100 -> 16.202546 | ... AJ72: =+(SUM(AG31:AJ31)/AJ64)*100 -> 14.924236 | AK72: 14.8 | AL72: =+(SUM(AI31:AL31)/AL64)*100 -> 14.863744 | AM72: 15.5 | AN72: 15.8 | AO72: 15.9 | AP72: 15.7 | AQ72: 15.3 | AR72: 15.3 | AS72: 15.4 | AT72: 15.5 | AU72: 16.4 | AV72: 16.7
A73: Americas | V73: =+(SUM(S32:V32)/V65)*100 -> 24.230579 | W73: =+(SUM(T32:W32)/W65)*100 -> 23.360177 | X73: =+(SUM(U32:X32)/X65)*100 -> 23.722665 | Y73: =+(SUM(V32:Y32)/Y65)*100 -> 24.351376 | Z73: =+(SUM(W32:Z32)/Z65)*100 -> 25.283668 | AA73: =+(SUM(X32:AA32)/AA65)*100 -> 28.074308 | AB73: =+(SUM(Y32:AB32)/AB65)*100 -> 29.183456 | AC73: =+(SUM(Z32:AC32)/AC65)*100 -> 30.03003 | ... AJ73: =+(SUM(AG32:AJ32)/AJ65)*100 -> 20.272551 | AK73: 16.3 | AL73: =+(SUM(AI32:AL32)/AL65)*100 -> 13.671185 | AM73: 12.2 | AN73: 12.7 | AO73: 12.7 | AP73: 12.6 | AQ73: 12.6 | AR73: 12.6 | AS73: 12.7 | AT73: 13 | AU73: 13.2 | AV73: 13.7
A74: APAC | V74: =+(SUM(S33:V33)/V66)*100 -> 6.6801022 | W74: =+(SUM(T33:W33)/W66)*100 -> 5.5520347 | X74: =+(SUM(U33:X33)/X66)*100 -> 4.5980671 | Y74: =+(SUM(V33:Y33)/Y66)*100 -> 4.4556678 | Z74: =+(SUM(W33:Z33)/Z66)*100 -> 7.1964868 | AA74: =+(SUM(X33:AA33)/AA66)*100 -> 7.8208163 | AB74: =+(SUM(Y33:AB33)/AB66)*100 -> 7.2037401 | AC74: =+(SUM(Z33:AC33)/AC66)*100 -> 5.8837373 | ... AJ74: =+(SUM(AG33:AJ33)/AJ66)*100 -> 3.7614905 | AK74: 5.8 | AL74: =+(SUM(AI33:AL33)/AL66)*100 -> 5.894998 | AM74: 5.9 | AN74: 5.6 | AO74: 5.8 | AP74: 5.6 | AQ74: 5.8 | AR74: 6.2 | AS74: 6.7 | AT74: 7 | AU74: 6.8 | AV74: 6.8
A75: Global Technologies | V75: =+(SUM(S34:V34)/V67)*100 -> 12.780814 | W75: =+(SUM(T34:W34)/W67)*100 -> 10.929192 | X75: =+(SUM(U34:X34)/X67)*100 -> 9.7542247 | Y75: =+(SUM(V34:Y34)/Y67)*100 -> 8.8895724 | Z75: =+(SUM(W34:Z34)/Z67)*100 -> 8.6019462 | AA75: =+(SUM(X34:AA34)/AA67)*100 -> 9.907087 | AB75: =+(SUM(Y34:AB34)/AB67)*100 -> 10.120864 | AC75: =+(SUM(Z34:AC34)/AC67)*100 -> 10.358144 | ... AJ75: =+(SUM(AG34:AJ34)/AJ67)*100 -> 15.468072 | AK75: 15.2 | AL75: =+(SUM(AI34:AL34)/AL67)*100 -> 14.669834 | AM75: 13.8 | AN75: 13.8 | AO75: 14.8 | AP75: 14.1 | AQ75: 14.6 | AR75: 14.7 | AS75: 14.5 | AT75: 14.9 | AU75: 15.1 | AV75: 15.3
A76: Entrance Systems | V76: =+(SUM(S35:V35)/V68)*100 -> 15.021101 | W76: =+(SUM(T35:W35)/W68)*100 -> 13.780846 | X76: =+(SUM(U35:X35)/X68)*100 -> 14.355108 | Y76: =+(SUM(V35:Y35)/Y68)*100 -> 13.910466 | Z76: =+(SUM(W35:Z35)/Z68)*100 -> 14.332224 | AA76: =+(SUM(X35:AA35)/AA68)*100 -> 15.545151 | AB76: =+(SUM(Y35:AB35)/AB68)*100 -> 15.032749 | AC76: =+(SUM(Z35:AC35)/AC68)*100 -> 15.822363 | ... AJ76: =+(SUM(AG35:AJ35)/AJ68)*100 -> 19.609709 | AK76: 20.3 | AL76: =+(SUM(AI35:AL35)/AL68)*100 -> 20.354817 | AM76: 20.4 | AN76: 20.2 | AO76: 20.1 | AP76: 19.8 | AQ76: 19.5 | AR76: 19.4 | AS76: 19.4 | AT76: 19 | AU76: 19 | AV76: 18.6
A77: Group | V77: =+(SUM(S37:V37)/V69)*100 -> 15.241982 | W77: =+(SUM(T37:W37)/W69)*100 -> 13.413776 | X77: =+(SUM(U37:X37)/X69)*100 -> 13.082898 | Y77: =+(SUM(V37:Y37)/Y69)*100 -> 12.542894 | Z77: =+(SUM(W37:Z37)/Z69)*100 -> 13.108394 | AA77: =+(SUM(X37:AA37)/AA69)*100 -> 14.873802 | AB77: =+(SUM(Y37:AB37)/AB69)*100 -> 14.624805 | AC77: =+(SUM(Z37:AC37)/AC69)*100 -> 15.215828 | ... AJ77: =+(SUM(AG37:AJ37)/AJ69)*100 -> 16.27795 | AK77: 15.6 | AL77: =+(SUM(AI37:AL37)/AL69)*100 -> 14.620887 | AM77: 14 | AN77: 14.2 | AO77: 14.4 | AP77: 14.2 | AQ77: 14.2 | AR77: 14.2 | AS77: 14.2 | AT77: 14.4 | AU77: 14.6 | AV77: 14.9

Sheet Q BS
A4: Quarterly figures (M SEK)
B6: 2015 | F6: 2016 | J6: 2017 | N6: 2018 | R6: 2019 | V6: 2020 | Z6: 2021 | AD6: 2022 | AH6: 2023 | AL6: 2024 | AP6: 2025 | AT6: 2026
B7: Q1 | C7: Q2 | D7: Q3 | E7: Q4 | F7: Q1 | G7: Q2 | H7: Q3 | I7: Q4 | J7: Q1 | K7: Q2 | L7: Q3 | M7: Q4 | N7: Q1 | O7: Q2 | P7: Q3 | Q7: Q4 | R7: Q1 | S7: Q2 | T7: Q3 | U7: Q4 | V7: Q1 | W7: Q2 | X7: Q3 | Y7: Q4 | Z7: Q1 | AA7: Q2 | AB7: Q3 | AC7: Q4 | AD7: Q1 | AE7: Q2 | AF7: Q3 | AG7: Q4 | AH7: Q1 | AI7: Q2 | AJ7: Q3 | AK7: Q4 | AL7: Q1 | AM7: Q2 | AN7: Q3 | AO7: Q4 | AP7: Q1 | AQ7: Q2 | AR7: Q3 | AS7: Q4 | AT7: Q1 | AU7: Q2 | AV7: Q3 | AW7: Q4
A8: Assets
A9: Non-current assets
A10: Intangible assets | B10: 51317 | C10: 50811 | D10: 51581 | E10: 51863 | F10: 52054 | G10: 53539 | H10: 54386 | I10: 57096 | J10: 57001 | K10: 55652 | L10: 55764 | M10: 61409 | N10: 63614 | O10: 61133 | P10: 62831 | Q10: 64861 | R10: 67312 | S10: 68239 | T10: 71773 | U10: 70355 | V10: 74791 | W10: 70745 | X10: 76729 | Y10: 72452 | Z10: 75268 | AA10: 74201 | AB10: 74524 | AC10: 76336 | AD10: 77478 | AE10: 84012 | AF10: 88314 | AG10: 90897 | AH10: 90614 | AI10: 133060 | AJ10: 134340 | AK10: 127704 | AL10: 135680 | AM10: 136286 | AN10: 135662 | AO10: 145405 | AP10: 142860 | AQ10: 139942 | AR10: 140024 | AS10: 137958 | AT10: =104689+38393 -> 143082 | AU10: 148240 | AV10: 152066
A11: Property, plant and equipment | B11: 8100 | C11: 752 | D11: 7517 | E11: 7562 | F11: 7657 | G11: 7884 | H11: 7955 | I11: 8066 | J11: 8031 | K11: 7909 | L11: 7841 | M11: 8065 | N11: 8362 | O11: 8469 | P11: 8389 | Q11: 807 | R11: 833 | S11: 8326 | T11: 8657 | U11: 8498 | V11: 8972 | W11: 8562 | X11: 8897 | Y11: 8026 | Z11: 8329 | AA11: 8186 | AB11: 8325 | AC11: 8753 | AD11: 8934 | AE11: 9538 | AF11: 10079 | AG11: 10106 | AH11: 10178 | AI11: 11885 | AJ11: 12111 | AK11: 11460 | AL11: 12129 | AM11: 12134 | AN11: 12222 | AO11: 12653 | AP11: 11684 | AQ11: 11652 | AR11: 11724 | AS11: 11807 | AT11: 12257 | AU11: 12841 | AV11: 13777
A12: Right-of-use assets | Q12: 119 | R12: 3805 | S12: 3705 | T12: 3746 | U12: 3731 | V12: 3909 | W12: 3592 | X12: 3779 | Y12: 3513 | Z12: 3619 | AA12: 3466 | AB12: 3330 | AC12: 3436 | AD12: 3450 | AE12: 3601 | AF12: 3735 | AG12: 3804 | AH12: 4075 | AI12: 5476 | AJ12: 5501 | AK12: 5296 | AL12: 5837 | AM12: 5789 | AN12: 5670 | AO12: 6295 | AP12: 6068 | AQ12: 6005 | AR12: 6233 | AS12: 6287 | AT12: 6496 | AU12: 6666 | AV12: 6759
A13: Investments in associates | B13: 189 | C13: 1901 | D13: 1934 | E13: 191 | F13: 197 | G13: 2037 | H13: 2095 | I13: 2109 | J13: 2176 | K13: 2193 | L13: 2147 | M13: 2243 | N13: 2385 | O13: 2391 | P13: 2383 | Q13: 2434 | R13: 251 | S13: 2534 | T13: 2643 | U13: 2595 | V13: 2772 | W13: 2665 | X13: 685 | Y13: 637 | Z13: 638 | AA13: 626 | AB13: 636 | AC13: 652 | AD13: 637 | AE13: 636 | AF13: 652 | AG13: 676 | AH13: 657 | AI13: 644 | AJ13: 631 | AK13: 622 | AL13: 623 | AM13: 590 | AN13: 693 | AO13: 710 | AP13: 605 | AQ13: 598 | AR13: 582 | AS13: 564 | AT13: 567 | AU13: 571 | AV13: 607
A14: Other financial assets | B14: 75 | C14: 73 | D14: 78 | E14: 77 | F14: 80 | G14: 87 | H14: 89 | I14: 86 | J14: 88 | K14: 85 | L14: 255 | M14: 227 | N14: 169 | O14: 173 | P14: 148 | Q14: 152 | R14: 91 | S14: 91 | T14: 104 | U14: 104 | V14: 112 | W14: 109 | X14: 105 | Y14: 212 | Z14: 218 | AA14: 259 | AB14: 259 | AC14: 267 | AD14: 273 | AE14: 320 | AF14: 326 | AG14: 373 | AH14: 371 | AI14: 552 | AJ14: 557 | AK14: 412 | AL14: 496 | AM14: 491 | AN14: 494 | AO14: 698 | AP14: 664 | AQ14: 668 | AR14: 655 | AS14: 626 | AT14: 632 | AU14: 658 | AV14: 668
A15: Deferred tax assets | B15: 1634 | C15: 147 | D15: 1447 | E15: 1434 | F15: 1535 | G15: 1712 | H15: 1776 | I15: 1899 | J15: 1763 | K15: 1758 | L15: 1651 | M15: 1355 | N15: 2012 | O15: 2052 | P15: 1922 | Q15: 1354 | R15: 1402 | S15: 1546 | T15: 1498 | U15: 1205 | V15: 1277 | W15: 1381 | X15: 1422 | Y15: 1338 | Z15: 1159 | AA15: 1494 | AB15: 1363 | AC15: 1264 | AD15: 1162 | AE15: 1182 | AF15: 1200 | AG15: 1313 | AH15: 1444 | AI15: 1686 | AJ15: 1685 | AK15: 1863 | AL15: 1847 | AM15: 1773 | AN15: 1829 | AO15: 2097 | AP15: 2000 | AQ15: 1967 | AR15: 2071 | AS15: 1735 | AT15: 1884 | AU15: 1878 | AV15: 1998
A16: Total non-current assets | B16: 63015 | C16: 61774 | D16: 62557 | E16: 62847 | F16: 63297 | G16: 65259 | H16: 66300 | I16: 69257 | J16: 69060 | K16: 67596 | L16: 67658 | M16: 73299 | N16: 76540 | O16: 74219 | P16: 75674 | Q16: 76991 | R16: 83450 | S16: 84442 | T16: 88421 | U16: 86487 | V16: 91832 | W16: 87054 | X16: 91617 | Y16: 86178 | Z16: 89232 | AA16: 88232 | AB16: 88438 | AC16: 90707 | AD16: 91933 | AE16: 99289 | AF16: 104305 | AG16: 107170 | AH16: 107339 | AI16: 153303 | AJ16: 154826 | AK16: 147357 | AL16: 156611 | AM16: 157065 | AN16: 156570 | AO16: 167859 | AP16: 163881 | AQ16: 160831 | AR16: 161290 | AS16: 158976 | AT16: 164918 | AU16: 170854 | AV16: 175876
A18: Current assets
A19: Inventories | B19: 8775 | C19: 8735 | D19: 8798 | E19: 8348 | F19: 8731 | G19: 8907 | H19: 9738 | I19: 9565 | J19: 10009 | K19: 10090 | L19: 9593 | M19: 9430 | N19: 10363 | O19: 11117 | P19: 11601 | Q19: 11316 | R19: 12304 | S19: 12319 | T19: 12592 | U19: 11276 | V19: 12170 | W19: 11520 | X19: 11485 | Y19: 10079 | Z19: 10995 | AA19: 11381 | AB19: 12594 | AC19: 13933 | AD19: 15914 | AE19: 18272 | AF19: 19944 | AG19: 19217 | AH19: 18949 | AI19: 21487 | AJ19: 21181 | AK19: 18603 | AL19: 20198 | AM19: 20065 | AN19: 20579 | AO19: 21020 | AP19: 20886 | AQ19: 20339 | AR19: 20477 | AS19: 19247 | AT19: 20804 | AU19: 21865 | AV19: 23607
A20: Trade receivables | B20: 11399 | C20: 11883 | D20: 12204 | E20: 11775 | F20: 11725 | G20: 12833 | H20: 12759 | I20: 12648 | J20: 12800 | K20: 12847 | L20: 12695 | M20: 13068 | N20: 13596 | O20: 14636 | P20: 14613 | Q20: 14496 | R20: 15103 | S20: 15508 | T20: 16115 | U20: 15701 | V20: 16055 | W20: 13718 | X20: 14913 | Y20: 13665 | Z20: 14716 | AA20: 15091 | AB20: 15163 | AC20: 15844 | AD20: 17186 | AE20: 19697 | AF20: 21009 | AG20: 19760 | AH20: 19864 | AI20: 22179 | AJ20: 22377 | AK20: 20934 | AL20: 22396 | AM20: 23309 | AN20: 22767 | AO20: 23444 | AP20: 22584 | AQ20: 22395 | AR20: 22496 | AS20: 21327 | AT20: 22925 | AU20: 24317 | AV20: 24523
A21: Other current receivables and investments | B21: 3154 | C21: 3119 | D21: 3295 | E21: 2707 | F21: 3253 | G21: 3446 | H21: 3631 | I21: 3062 | J21: 3536 | K21: 3607 | L21: 3746 | M21: 3188 | N21: 3817 | O21: 3803 | P21: 4149 | Q21: 3227 | R21: 3930 | S21: 4375 | T21: 4719 | U21: 4144 | V21: 5554 | W21: 5293 | X21: 5478 | Y21: 4750 | Z21: 4880 | AA21: 4594 | AB21: 5074 | AC21: 5165 | AD21: 6144 | AE21: 6034 | AF21: 6523 | AG21: 5000 | AH21: 5985 | AI21: 6991 | AJ21: 6767 | AK21: 7991 | AL21: 8438 | AM21: 7081 | AN21: 8040 | AO21: 6778 | AP21: 7855 | AQ21: 8733 | AR21: 8473 | AS21: 7423 | AT21: 7402 | AU21: 7205 | AV21: 7408
A22: Assets of disposal group classified as held for sale | F22: 218 | G22: 235
A23: Cash and cash equivalents | B23: 515 | C23: 646 | D23: 648 | E23: 501 | F23: 578 | G23: 564 | H23: 604 | I23: 750 | J23: 697 | K23: 844 | L23: 440 | M23: 459 | N23: 551 | O23: 496 | P23: 559 | Q23: 538 | R23: 414 | S23: 355 | T23: 459 | U23: 442 | V23: 1676 | W23: 3726 | X23: 4906 | Y23: 2756 | Z23: 3610 | AA23: 3544 | AB23: 5995 | AC23: 4325 | AD23: 4113 | AE23: 1707 | AF23: 2978 | AG23: 3417 | AH23: 2811 | AI23: 6665 | AJ23: 1688 | AK23: 1466 | AL23: 2437 | AM23: 3605 | AN23: 4073 | AO23: 4504 | AP23: 4139 | AQ23: 2086 | AR23: 3319 | AS23: 1398 | AT23: 2513 | AU23: 3869 | AV23: 3361
A24: Total current assets | B24: 23844 | C24: 24382 | D24: 24945 | E24: 23330 | F24: 24504 | G24: 25984 | H24: 26732 | I24: 26025 | J24: 27043 | K24: 27387 | L24: 26473 | M24: 26145 | N24: 28327 | O24: 30052 | P24: 30992 | Q24: 29577 | R24: 31751 | S24: 32556 | T24: 3388 | U24: 31563 | V24: 35455 | W24: 34257 | X24: 36782 | Y24: 31250 | Z24: 34201 | AA24: 34611 | AB24: 38826 | AC24: 39267 | AD24: 43357 | AE24: 45710 | AF24: 50454 | AG24: 47394 | AH24: 47608 | AI24: 57323 | AJ24: 52013 | AK24: 48994 | AL24: 53469 | AM24: 54060 | AN24: 55459 | AO24: 55747 | AP24: 55463 | AQ24: 53553 | AR24: 54766 | AS24: 49395 | AT24: 53645 | AU24: 57256 | AV24: 58898
A25: Total assets | B25: 86859 | C25: 86157 | D25: 87502 | E25: 86177 | F25: 87801 | G25: 91243 | H25: 93032 | I25: 95282 | J25: 96103 | K25: 94984 | L25: 94131 | M25: 99444 | N25: 104867 | O25: 104271 | P25: 106596 | Q25: 106568 | R25: 115201 | S25: 116998 | T25: 122306 | U25: 118050 | V25: 127287 | W25: 121311 | X25: 128399 | Y25: 117428 | Z25: 123433 | AA25: 122843 | AB25: 127264 | AC25: 129975 | AD25: 135290 | AE25: 144999 | AF25: 154759 | AG25: 154564 | AH25: 154948 | AI25: 210625 | AJ25: 206839 | AK25: 196351 | AL25: 210080 | AM25: 211125 | AN25: 212029 | AO25: 223605 | AP25: 219344 | AQ25: 214384 | AR25: 216056 | AS25: 208371 | AT25: 218563 | AU25: 228110 | AV25: 234774
A26: Equity and liabilities
A27: Equity
A28: Equity attributable to the Parent company´s shareholders | B28: 39513 | C28: 38105 | D28: 39935 | E28: 41575 | F28: 42551 | G28: 42449 | H28: 44981 | I28: 47220 | J28: 48989 | K28: 46374 | L28: 47292 | M28: 50648 | N28: 53911 | O28: 46268 | P28: 50030 | Q28: 51890 | R28: 55117 | S28: 53708 | T28: 57946 | U28: 59143 | V28: 63044 | W28: 58980 | X28: 62161 | Y28: 58870 | Z28: 63649 | AA28: 63953 | AB28: 67214 | AC28: 69582 | AD28: 73568 | AE28: 78365 | AF28: 86285 | AG28: 86014 | AH28: 88496 | AI28: 93696 | AJ28: 96197 | AK28: 91629 | AL28: 99969 | AM28: 100090 | AN28: 100731 | AO28: 107071 | AP28: 101249 | AQ28: 99316 | AR28: 102875 | AS28: 101597 | AT28: 108464 | AU28: 111193 | AV28: 119034
A29: Non-controlling interest | B29: 2 | C29: 4 | D29: 4 | E29: 4 | F29: 4 | G29: 3 | H29: 4 | I29: 5 | J29: 4 | K29: 5 | L29: 5 | M29: 9 | N29: 9 | O29: 11 | P29: 11 | Q29: 10 | R29: 10 | S29: 6 | T29: 8 | U29: 11 | V29: 13 | W29: 12 | X29: 12 | Y29: 9 | Z29: 10 | AA29: 9 | AB29: 8 | AC29: 9 | AD29: 9 | AE29: 11 | AF29: 13 | AG29: 12 | AH29: 12 | AI29: 10 | AJ29: 36 | AK29: 16 | AL29: 12 | AM29: 12 | AN29: 16 | AO29: 10 | AP29: 132 | AQ29: 118 | AR29: 123 | AS29: 122 | AT29: 165 | AU29: 172 | AV29: 193
A30: Total equity | B30: 39515 | C30: 38110 | D30: 39940 | E30: 41579 | F30: 42554 | G30: 42452 | H30: 44985 | I30: 47224 | J30: 48994 | K30: 46379 | L30: 47297 | M30: 50657 | N30: 53920 | O30: 48279 | P30: 50040 | Q30: 51900 | R30: 55127 | S30: 53714 | T30: 57954 | U30: 59154 | V30: 63057 | W30: 58992 | X30: 62174 | Y30: 58879 | Z30: 63658 | AA30: 63962 | AB30: 67222 | AC30: 69592 | AD30: 73577 | AE30: 78376 | AF30: 86298 | AG30: 86026 | AH30: 88508 | AI30: 93706 | AJ30: 96233 | AK30: 91644 | AL30: 99981 | AM30: 100102 | AN30: 100746 | AO30: 107080 | AP30: 101381 | AQ30: 99434 | AR30: 102998 | AS30: 101719 | AT30: 108630 | AU30: 111365 | AV30: 119227
A32: Non-current liabilities
A33: Long-term loans | B33: 16497 | C33: 16495 | D33: 17453 | E33: 15568 | F33: 15668 | G33: 15805 | H33: 16205 | I33: 16901 | J33: 16232 | K33: 17450 | L33: 16728 | M33: 16859 | N33: 18425 | O33: 20194 | P33: 19067 | Q33: 19489 | R33: 20349 | S33: 20269 | T33: 21179 | U33: 21100 | V33: 24813 | W33: 24384 | X33: 25353 | Y33: 22381 | Z33: 22499 | AA33: 20900 | AB33: 19887 | AC33: 20195 | AD33: 19723 | AE33: 20784 | AF33: 21629 | AG33: 20523 | AH33: 20078 | AI33: 58367 | AJ33: 50916 | AK33: 49917 | AL33: 51970 | AM33: 51414 | AN33: 54077 | AO33: 54989 | AP33: 53585 | AQ33: 54688 | AR33: 48563 | AS33: 46553 | AT33: 44014 | AU33: 47620 | AV33: 48560
A34: Non-current lease liabilities | R34: 2831 | S34: 2746 | T34: 2732 | U34: 2588 | V34: 2749 | W34: 2513 | X34: 2722 | Y34: 2477 | Z34: 2544 | AA34: 2197 | AB34: 2320 | AC34: 2433 | AD34: 2365 | AE34: 2535 | AF34: 2631 | AG34: 2624 | AH34: 2918 | AI34: 4178 | AJ34: 4183 | AK34: 4001 | AL34: 4463 | AM34: 4261 | AN34: 4103 | AO34: 4817 | AP34: 4668 | AQ34: 4474 | AR34: 4845 | AS34: 4900 | AT34: 5033 | AU34: 5174 | AV34: 5230
A35: Deferred tax liabilities | B35: 1578 | C35: 1751 | D35: 1768 | E35: 2031 | F35: 2036 | G35: 2050 | H35: 2163 | I35: 2344 | J35: 2261 | K35: 2226 | L35: 2179 | M35: 2218 | N35: 2843 | O35: 2465 | P35: 2267 | Q35: 1764 | R35: 1861 | S35: 2115 | T35: 2199 | U35: 2368 | V35: 2557 | W35: 2434 | X35: 2584 | Y35: 2868 | Z35: 2936 | AA35: 2430 | AB35: 2457 | AC35: 2581 | AD35: 2616 | AE35: 2919 | AF35: 3094 | AG35: 2785 | AH35: 2697 | AI35: 3076 | AJ35: 3230 | AK35: 2991 | AL35: 3279 | AM35: 3272 | AN35: 3606 | AO35: 3322 | AP35: 3337 | AQ35: 3826 | AR35: 4191 | AS35: 4022 | AT35: 4397 | AU35: 4580 | AV35: 4955
A36: Other non-current liabilities and provisions | B36: 8775 | C36: 7881 | D36: 7738 | E36: 6567 | F36: 6001 | G36: 6239 | H36: 6297 | I36: 6701 | J36: 6357 | K36: 5919 | L36: 4467 | M36: 5217 | N36: 5164 | O36: 5688 | P36: 5519 | Q36: 5030 | R36: 5041 | S36: 5365 | T36: 5603 | U36: 5071 | V36: 5182 | W36: 5300 | X36: 5418 | Y36: 4958 | Z36: 4342 | AA36: 4224 | AB36: 4161 | AC36: 3899 | AD36: 3860 | AE36: 4062 | AF36: 3881 | AG36: 3005 | AH36: 3405 | AI36: 3391 | AJ36: 3351 | AK36: 3222 | AL36: 3000 | AM36: 2786 | AN36: 2691 | AO36: 2927 | AP36: 3408 | AQ36: 3421 | AR36: 3669 | AS36: 3257 | AT36: 2935 | AU36: 2951 | AV36: 2804
A37: Total non-current liabilities | B37: 26849 | C37: 26127 | D37: 26959 | E37: 24166 | F37: 23705 | G37: 24094 | H37: 24664 | I37: 25945 | J37: 24850 | K37: 25596 | L37: 23374 | M37: 24293 | N37: 26433 | O37: 28348 | P37: 26852 | Q37: 26283 | R37: 30081 | S37: 30496 | T37: 31713 | U37: 31127 | V37: 35301 | W37: 34632 | X37: 36078 | Y37: 32683 | Z37: 32321 | AA37: 29750 | AB37: 28825 | AC37: 29108 | AD37: 28563 | AE37: 30299 | AF37: 31235 | AG37: 28936 | AH37: 29099 | AI37: 69012 | AJ37: 61680 | AK37: 60131 | AL37: 62712 | AM37: 61734 | AN37: 64477 | AO37: 66056 | AP37: 64998 | AQ37: 66409 | AR37: 61267 | AS37: 58732 | AT37: 56380 | AU37: 60326 | AV37: 61549
A39: Current liabilities
A40: Short-term loans | B40: 5752 | C40: 7861 | D40: 5484 | E40: 4574 | F40: 6760 | G40: 8736 | H40: 6654 | I40: 3929 | J40: 4780 | K40: 5388 | L40: 6200 | M40: 6151 | N40: 6559 | O40: 8804 | P40: 10164 | Q40: 7594 | R40: 8409 | S40: 10958 | T40: 8764 | U40: 5460 | V40: 6245 | W40: 6469 | X40: 7026 | Y40: 3514 | Z40: 3703 | AA40: 4876 | AB40: 5605 | AC40: 5042 | AD40: 5651 | AE40: 7046 | AF40: 5715 | AG40: 9304 | AH40: 6422 | AI40: 11598 | AJ40: 12607 | AK40: 9833 | AL40: 11455 | AM40: 13333 | AN40: 10515 | AO40: 11958 | AP40: 15418 | AQ40: 12181 | AR40: 14426 | AS40: 12185 | AT40: 15592 | AU40: 16715 | AV40: 10330
A41: Current lease liabilities | R41: 945 | S41: 948 | T41: 1014 | V41: 1176 | W41: 1101 | X41: 1096 | Y41: 1085 | Z41: 1134 | AA41: 1333 | AB41: 1081 | AC41: 1082 | AD41: 1170 | AE41: 1163 | AF41: 1209 | AG41: 1284 | AH41: 1264 | AI41: 1429 | AJ41: 1459 | AK41: 1443 | AL41: 1557 | AM41: 1740 | AN41: 1787 | AO41: 1737 | AP41: 1636 | AQ41: 1807 | AR41: 1700 | AS41: 1715 | AT41: 1826 | AU41: 1879 | AV41: 1943
A42: Trade payables | B42: 5517 | C42: 5613 | D42: 5749 | E42: 6553 | F42: 5828 | G42: 6336 | H42: 6560 | I42: 7443 | J42: 6695 | K42: 6832 | L42: 6374 | M42: 7811 | N42: 7106 | O42: 7830 | P42: 7704 | Q42: 7893 | R42: 7375 | S42: 7586 | T42: 7866 | U42: 7908 | V42: 7451 | W42: 6581 | X42: 7017 | Y42: 7027 | Z42: 7565 | AA42: 8035 | AB42: 8547 | AC42: 9527 | AD42: 9688 | AE42: 10523 | AF42: 10582 | AG42: 10469 | AH42: 9827 | AI42: 11849 | AJ42: 11592 | AK42: 11320 | AL42: 11767 | AM42: 11990 | AN42: 11373 | AO42: 12594 | AP42: 11590 | AQ42: 11175 | AR42: 10972 | AS42: 11030 | AT42: 11556 | AU42: 12057 | AV42: 12569
A43: Other current liabilities and provisions | B43: 9225 | C43: 8446 | D43: 9370 | E43: 9305 | F43: 8847 | G43: 9516 | H43: 10169 | I43: 10741 | J43: 10783 | K43: 10790 | L43: 10886 | M43: 10531 | N43: 10850 | O43: 11010 | P43: 11836 | Q43: 12898 | R43: 13264 | S43: 13296 | T43: 14995 | U43: 13250 | V43: 14056 | W43: 13537 | X43: 15009 | Y43: 14238 | Z43: 15051 | AA43: 14886 | AB43: 15985 | AC43: 15625 | AD43: 16641 | AE43: 17593 | AF43: 19721 | AG43: 18545 | AH43: 19827 | AI43: 23031 | AJ43: 23269 | AK43: 21980 | AL43: 22608 | AM43: 22227 | AN43: 23132 | AO43: 24180 | AP43: 24322 | AQ43: 23377 | AR43: 24972 | AS43: 22990 | AT43: 24580 | AU43: 25768 | AV43: 29156
A44: Liabilities of disposal group classified as held for sale | F44: 107 | G44: 109
A45: Total current liabilities | B45: 20494 | C45: 21920 | D45: 20603 | E45: 20432 | F45: 21542 | G45: 24697 | H45: 23383 | I45: 22112 | J45: 22259 | K45: 23009 | L45: 23460 | M45: 24494 | N45: 24515 | O45: 27644 | P45: 29703 | Q45: 28385 | R45: 29993 | S45: 32788 | T45: 32639 | U45: 27769 | V45: 28929 | W45: 27688 | X45: 30148 | Y45: 25865 | Z45: 27453 | AA45: 29131 | AB45: 31217 | AC45: 31276 | AD45: 33149 | AE45: 36323 | AF45: 37226 | AG45: 39602 | AH45: 37341 | AI45: 47907 | AJ45: 48927 | AK45: 44576 | AL45: 47387 | AM45: 49290 | AN45: 46806 | AO45: 50469 | AP45: 52965 | AQ45: 48541 | AR45: 51790 | AS45: 47920 | AT45: 53553 | AU45: 56420 | AV45: 53998
A46: Total equity and liabilities | B46: 86859 | C46: 86157 | D46: 87502 | E46: 86177 | F46: 87801 | G46: 91243 | H46: 93032 | I46: 95282 | J46: 96103 | K46: 94984 | L46: 94131 | M46: 99444 | N46: 104867 | O46: 104271 | P46: 106596 | Q46: 106568 | R46: 115201 | S46: 116998 | T46: 122306 | U46: 118050 | V46: 127287 | W46: 121311 | X46: 128399 | Y46: 117428 | Z46: 123433 | AA46: 122843 | AB46: 127264 | AC46: 129975 | AD46: 135290 | AE46: 144999 | AF46: 154759 | AG46: 154564 | AH46: 154948 | AI46: 210625 | AJ46: 206839 | AK46: 196351 | AL46: 210080 | AM46: 211125 | AN46: 212029 | AO46: 223605 | AP46: 219344 | AQ46: 214384 | AR46: 216056 | AS46: 208371 | AT46: 218563 | AU46: 228110 | AV46: 234774

Sheet Q Bridge
A4: Quarterly sales and EBIT bridge (M SEK, %)
B6: 2017 | F6: 2018 | J6: 2019 | N6: 2020 | R6: 2021 | V6: 2022 | Z6: 2023 | AD6: 2024 | AH6: 2025 | AL6: 2026
A7: GROUP | B7: Q1 | C7: Q2 | D7: Q3 | E7: Q4 | F7: Q1 | G7: Q2 | H7: Q3 | I7: Q4 | J7: Q1 | K7: Q2 | L7: Q3 | M7: Q4 | N7: Q1 | O7: Q2 | P7: Q3 | Q7: Q4 | R7: Q1 | S7: Q2 | T7: Q3 | U7: Q4 | V7: Q1 | W7: Q2 | X7: Q3 | Y7: Q4 | Z7: Q1 | AA7: Q2 | AB7: Q3 | AC7: Q4 | AD7: Q1 | AE7: Q2 | AF7: Q3 | AG7: Q4 | AH7: Q1 | AI7: Q2 | AJ7: Q3 | AK7: Q4 | AL7: Q1 | AM7: Q2 | AN7: Q3 | AO7: Q4
A8: Organic sales, % | B8: 6 | C8: 2 | D8: 3 | E8: 5 | F8: 4 | G8: 5 | H8: 5 | I8: 6 | J8: 5 | K8: 3 | L8: 4 | M8: 1 | N8: -3 | O8: -18 | P8: -5 | Q8: -5 | R8: 4 | S8: 23 | T8: 7 | U8: 10 | V8: 14 | W8: 13 | X8: 14 | Y8: 9 | Z8: 8 | AA8: 3 | AB8: 1 | AC8: 0 | AD8: -2 | AE8: -1 | AF8: 0 | AG8: 0 | AH8: 2 | AI8: 3 | AJ8: 3 | AK8: 4 | AL8: 2 | AM8: 4 | AN8: 4
A9: FX sales, % | B9: 5 | C9: 4 | D9: -2 | E9: -5 | F9: -4 | G9: 2 | H9: 8 | I9: 6 | J9: 8 | K9: 4 | L9: 5 | M9: 4 | N9: 3 | O9: 0 | P9: -7 | Q9: -7 | R9: -10 | S9: -9 | T9: -1 | U9: 1 | V9: 8 | W9: 12 | X9: 16 | Y9: 14 | Z9: 9 | AA9: 8 | AB9: 4 | AC9: 1 | AD9: 0 | AE9: 0 | AF9: -3 | AG9: 1 | AH9: 1 | AI9: -8 | AJ9: -6 | AK9: -10 | AL9: -10 | AM9: -3 | AN9: 1
A10: Acq/ Div, % | B10: 3 | C10: 2 | D10: 2 | E10: 3 | F10: 2 | G10: 2 | H10: 2 | I10: 3 | J10: 3 | K10: 4 | L10: 4 | M10: 3 | N10: 3 | O10: 3 | P10: 4 | Q10: 5 | R10: 4 | S10: 5 | T10: 2 | U10: -1 | V10: 0 | W10: 0 | X10: 3 | Y10: 5 | Z10: 5 | AA10: 6 | AB10: 11 | AC10: 11 | AD10: 11 | AE10: 11 | AF10: 4 | AG10: 6 | AH10: 5 | AI10: 5 | AJ10: 5 | AK10: 3 | AL10: 2 | AM10: 2 | AN10: 2
A12: Organic sales | B12: 1022 | C12: 344 | D12: 590 | E12: 878 | F12: 705 | G12: 954 | H12: 960 | I12: 1281 | J12: 1006 | K12: 692 | L12: 807 | M12: 147 | N12: -759 | O12: -4198 | P12: -1042 | Q12: -1150 | R12: 827 | S12: 4258 | T12: 1576 | U12: 2239 | V12: 3287 | W12: 3324 | X12: 3740.8981 | Y12: 2656.0183 | Z12: 2218 | AA12: 896.76982 | AB12: 143.94627 | AC12: 133.45279 | AD12: -762.06126 | AE12: -349 | AF12: 91 | AG12: -112 | AH12: 607 | AI12: 945 | AJ12: 1119 | AK12: 1406 | AL12: 799 | AM12: 1341 | AN12: 1428
A13: FX sales | B13: 780 | C13: 698 | D13: -488 | E13: -733 | F13: -565 | G13: 433 | H13: 1286 | I13: 1063 | J13: 126 | K13: 922 | L13: 1211 | M13: 872 | N13: 780 | O13: -48 | P13: -1581 | Q13: -1709 | R13: -2060 | S13: -1418 | T13: -361 | U13: 322 | V13: 1551 | W13: 2510 | X13: 3291.55 | Y13: 3300.1909 | Z13: 2237 | AA13: 2109 | AB13: 1183.5246 | AC13: 349.16108 | AD13: -35.198111 | AE13: -83 | AF13: -1133 | AG13: 502 | AH13: 424 | AI13: -2753 | AJ13: -2243 | AK13: -3833 | AL13: -3808 | AM13: -965 | AN13: 262
A14: Acq/ Div sales | B14: 448 | C14: 451 | D14: 373 | E14: 480 | F14: 268 | G14: 366 | H14: 446 | I14: 714 | J14: 689 | K14: 790 | L14: 825 | M14: 760 | N14: 648 | O14: 654 | P14: 816 | Q14: 1211 | R14: 866 | S14: 856 | T14: 490 | U14: -236 | V14: -52 | W14: -16 | X14: 857.42585 | Y14: 1335.7489 | Z14: 1344 | AA14: 2002 | AB14: 3733.1383 | AC14: 3571.7299 | AD14: 3606.8481 | AE14: 3925 | AF14: 1579 | AG14: 2215 | AH14: 1709 | AI14: 1855 | AJ14: 1853 | AK14: 1159 | AL14: 820 | AM14: 868 | AN14: 935
A16: Organic EBIT | B16: 213 | C16: 48 | D16: 111 | E16: 199 | F16: 148 | G16: 95 | H16: 111 | I16: 138 | J16: 162 | K16: 151 | L16: 197 | M16: 163 | N16: -580 | O16: -1599 | P16: -271 | Q16: -166 | R16: 657 | S16: 3589 | T16: 341 | U16: 513 | V16: 646 | W16: 514 | X16: 867.78583 | Y16: 593.30317 | Z16: 739 | AA16: 677 | AB16: 482.99772 | AC16: 450.1783 | AD16: -174.70621 | AE16: 37 | AF16: 348 | AG16: 448 | AH16: 361 | AI16: 500 | AJ16: 455 | AK16: 543 | AL16: 418 | AM16: 683 | AN16: 672
A17: FX EBIT | B17: 133 | C17: 104 | D17: -70 | E17: -130 | F17: -89 | G17: 37 | H17: 165 | I17: 190 | J17: 183 | K17: 165 | L17: 192 | M17: 137 | N17: 76 | O17: 3 | P17: -264 | Q17: -321 | R17: -261 | S17: -213 | T17: -120 | U17: 9 | V17: 212 | W17: 401 | X17: 537.62155 | Y17: 580.98698 | Z17: 387 | AA17: 355 | AB17: 243.02288 | AC17: 29.394475 | AD17: 53.969159 | AE17: 38 | AF17: -194 | AG17: 28 | AH17: 103 | AI17: -516 | AJ17: -476 | AK17: -760 | AL17: -691 | AM17: -252 | AN17: 2
A18: Acq/ Div EBIT | B18: 31 | C18: 53 | D18: 20 | E18: 77 | F18: -17 | G18: 64 | H18: 68 | I18: 59 | J18: 71 | K18: 106 | L18: 82 | M18: 2 | N18: 10 | O18: -40 | P18: 233 | Q18: -86 | R18: 40 | S18: 19 | T18: -421 | U18: 15 | V18: -43 | W18: -98 | X18: 175.13386 | Y18: -34.807978 | Z18: 58 | AA18: 63 | AB18: 77.815348 | AC18: 90.435409 | AD18: 361.78798 | AE18: 511 | AF18: 325 | AG18: 331 | AH18: -246 | AI18: 85 | AJ18: 182 | AK18: 135 | AL18: 88 | AM18: 95 | AN18: 11
A19: EMEIA | B19: Q1 | C19: Q2 | D19: Q3 | E19: Q4 | F19: Q1 | G19: Q2 | H19: Q3 | I19: Q4 | J19: Q1 | K19: Q2 | L19: Q3 | M19: Q4 | N19: Q1 | O19: Q2 | P19: Q3 | Q19: Q4 | R19: Q1 | S19: Q2 | T19: Q3 | U19: Q4 | V19: Q1 | W19: Q2 | X19: Q3 | Y19: Q4 | Z19: Q1 | AA19: Q2 | AB19: Q3 | AC19: Q4 | AD19: Q1 | AE19: Q2 | AF19: Q3 | AG19: Q4 | AH19: Q1 | AI19: Q2 | AJ19: Q3 | AK19: Q4 | AL19: Q1 | AM19: Q2 | AN19: Q3
A20: Organic sales, % | B20: 5 | C20: 2 | D20: 4 | E20: 5 | F20: 3 | G20: 2 | H20: 2 | I20: 3 | J20: 3 | K20: 3 | L20: 3 | M20: 1 | N20: -4 | O20: -25 | P20: -2 | Q20: -1 | R20: 5 | S20: 39 | T20: 7 | U20: 6 | V20: 7 | W20: 8 | X20: 4 | Y20: 2 | Z20: 3 | AA20: -5 | AB20: -3 | AC20: -2 | AD20: -3 | AE20: 1 | AF20: 1 | AG20: 0 | AH20: 0 | AI20: -1 | AJ20: 4 | AK20: 4 | AL20: 3 | AM20: 5 | AN20: 5
A21: FX sales, % | B21: 2 | C21: 3 | D21: -1 | E21: 0 | F21: 2 | G21: 5 | H21: 7 | I21: 5 | J21: 3 | K21: 1 | L21: 3 | M21: 2 | N21: 2 | O21: -1 | P21: -4 | Q21: -4 | R21: -6 | S21: -4 | T21: -1 | U21: -1 | V21: 3 | W21: 3 | X21: 5 | Y21: 7 | Z21: 5 | AA21: 7 | AB21: 5 | AC21: 2 | AD21: 1 | AE21: 0 | AF21: -3 | AG21: 1 | AH21: 1 | AI21: -4 | AJ21: -4 | AK21: -6 | AL21: -5 | AM21: -1 | AN21: 0
A22: Acq/ Div, % | B22: 3 | C22: 2 | D22: 3 | E22: 2 | F22: 3 | G22: 5 | H22: 5 | I22: 5 | J22: 3 | K22: 0 | L22: -1 | M22: -2 | N22: -1 | O22: -1 | P22: 0 | Q22: 0 | R22: 1 | S22: 0 | T22: -1 | U22: -6 | V22: -5 | W22: -5 | X22: 5 | Y22: 11 | Z22: 9 | AA22: 10 | AB22: 3 | AC22: 2 | AD22: 2 | AE22: 2 | AF22: 1 | AG22: 1 | AH22: 3 | AI22: 5 | AJ22: 5 | AK22: 5 | AL22: 3 | AM22: 1 | AN22: 1
A24: Organic sales | B24: 195 | C24: 77 | D24: 156 | E24: 237 | F24: 133 | G24: 102 | H24: 71 | I24: 159 | J24: 138 | K24: 140 | L24: 169 | M24: 32 | N24: -217 | O24: -1293 | P24: -78 | Q24: -35 | R24: 243 | S24: 1462 | T24: 330 | U24: 270 | V24: 325 | W24: 386 | X24: 180.90082 | Y24: 110.31747 | Z24: 162 | AA24: -270 | AB24: -192.628 | AC24: -153.4433 | AD24: -203.33422 | AE24: 87 | AF24: 32 | AG24: 12 | AH24: 27 | AI24: -61 | AJ24: 258 | AK24: 264 | AL24: 200 | AM24: 340 | AN24: 298
A25: FX sales | B25: 85 | C25: 115 | D25: -42 | E25: -20 | F25: 96 | G25: 202 | H25: 287 | I25: 181 | J25: 154 | K25: 92 | L25: 132 | M25: 148 | N25: 127 | O25: -58 | P25: -206 | Q25: -244 | R25: -277 | S25: -105 | T25: -55 | U25: 14 | V25: 198 | W25: 222 | X25: 271.74791 | Y25: 341.9603 | Z25: 249 | AA25: 335 | AB25: 328.5802 | AC25: 158.33484 | AD25: 45.396865 | AE25: -14 | AF25: -144 | AG25: 82 | AH25: 39 | AI25: -254 | AJ25: -213 | AK25: -378 | AL25: -332 | AM25: -86 | AN25: 15
A26: Acq/ Div sales | B26: 120 | C26: 103 | D26: 122 | E26: 95 | F26: 142 | G26: 235 | H26: 236 | I26: 276 | J26: 141 | K26: -9 | L26: -52 | M26: -141 | N26: -75 | O26: -69 | P26: -13 | Q26: -3 | R26: 47 | S26: 6 | T26: -55 | U26: -340 | V26: -271 | W26: -282 | X26: 261.22371 | Y26: 592.23309 | Z26: 510 | AA26: 577 | AB26: 166.93845 | AC26: 103.06371 | AD26: 145.19086 | AE26: 116 | AF26: 61 | AG26: 48 | AH26: 183 | AI26: 290 | AJ26: 270 | AK26: 299 | AL26: 186 | AM26: 61 | AN26: 89
A28: Organic EBIT | B28: 44 | C28: 40 | D28: 32 | E28: 60 | F28: 38 | G28: 38 | H28: 0 | I28: 9 | J28: 49 | K28: 33 | L28: 44 | M28: -25 | N28: -215 | O28: -614 | P28: -22 | Q28: -7 | R28: 144 | S28: 563 | T28: 46 | U28: 73 | V28: 51 | W28: 74 | X28: 46.965094 | Y28: 88.90613 | Z28: 23.857506 | AA28: -108 | AB28: -75.274087 | AC28: -55.742505 | AD28: -62.303522 | AE28: 54 | AF28: 7 | AG28: 56 | AH28: 40 | AI28: -28 | AJ28: 65 | AK28: 45 | AL28: 56 | AM28: 230 | AN28: 117
A29: FX EBIT | B29: 18 | C29: 7 | D29: 0 | E29: -2 | F29: 23 | G29: 29 | H29: 14 | I29: 21 | J29: -5 | K29: -6 | L29: 2 | M29: 11 | N29: -11 | O29: -11 | P29: -32 | Q29: -43 | R29: 1 | S29: 15 | T29: -24 | U29: -8 | V29: -10 | W29: -25 | X29: -32.436825 | Y29: -1.7648191 | Z29: 2.0579153 | AA29: 23 | AB29: 64.975728 | AC29: 19.797859 | AD29: 22.261974 | AE29: 10 | AF29: 5 | AG29: -17 | AH29: -8 | AI29: -6 | AJ29: -5 | AK29: -6 | AL29: 1 | AM29: -13 | AN29: -9
A30: Acq/ Div EBIT | B30: 23 | C30: 17 | D30: 11 | E30: 18 | F30: -15 | G30: 27 | H30: 43 | I30: 39 | J30: 34 | K30: 14 | L30: 2 | M30: -13 | N30: -9 | O30: -3 | P30: -4 | Q30: -163 | R30: 3 | S30: -16 | T30: -215 | U30: 71 | V30: -21 | W30: -30 | X30: 238.26575 | Y30: 39.788158 | Z30: 56.200154 | AA30: 60 | AB30: 23.627381 | AC30: 18.125759 | AD30: 32.034401 | AE30: 31 | AF30: 19 | AG30: 7 | AH30: 12 | AI30: 49 | AJ30: 22 | AK30: 16 | AL30: 15 | AM30: -2 | AN30: 3
A31: AMERICAS | B31: Q1 | C31: Q2 | D31: Q3 | E31: Q4 | F31: Q1 | G31: Q2 | H31: Q3 | I31: Q4 | J31: Q1 | K31: Q2 | L31: Q3 | M31: Q4 | N31: Q1 | O31: Q2 | P31: Q3 | Q31: Q4 | R31: Q1 | S31: Q2 | T31: Q3 | U31: Q4 | V31: Q1 | W31: Q2 | X31: Q3 | Y31: Q4 | Z31: Q1 | AA31: Q2 | AB31: Q3 | AC31: Q4 | AD31: Q1 | AE31: Q2 | AF31: Q3 | AG31: Q4 | AH31: Q1 | AI31: Q2 | AJ31: Q3 | AK31: Q4 | AL31: Q1 | AM31: Q2 | AN31: Q3
A32: Organic sales, % | B32: 7 | C32: 3 | D32: 3 | E32: 4 | F32: 3 | G32: 9 | H32: 10 | I32: 14 | J32: 10 | K32: 6 | L32: 6 | M32: 5 | N32: 1 | O32: -18 | P32: -5 | Q32: -4 | R32: 0 | S32: 26 | T32: 14 | U32: 17 | V32: 22 | W32: 20 | X32: 17 | Y32: 11 | Z32: 11 | AA32: 4 | AB32: 3 | AC32: 5 | AD32: -1 | AE32: 3 | AF32: 4 | AG32: 2 | AH32: 2 | AI32: 4 | AJ32: 3 | AK32: 5 | AL32: 4 | AM32: 4 | AN32: 6
A33: FX sales, % | B33: 8 | C33: 6 | D33: -4 | E33: -8 | F33: -9 | G33: -1 | H33: 8 | I33: 8 | J33: 11 | K33: 8 | L33: 9 | M33: 5 | N33: 5 | O33: 2 | P33: -8 | Q33: -9 | R33: -14 | S33: -14 | T33: -3 | U33: 3 | V33: 13 | W33: 20 | X33: 24 | Y33: 23 | Z33: 13 | AA33: 10 | AB33: 4 | AC33: -2 | AD33: 0 | AE33: -1 | AF33: -4 | AG33: 1 | AH33: 2 | AI33: -9 | AJ33: -8 | AK33: -14 | AL33: -14 | AM33: -3 | AN33: 1
A34: Acq/ Div, % | B34: 0 | C34: 1 | D34: 1 | E34: 1 | F34: 1 | G34: 0 | H34: 0 | I34: 0 | J34: 1 | K34: 1 | L34: 2 | M34: 4 | N34: -7 | O34: -9 | P34: -9 | Q34: -10 | R34: 1 | S34: 1 | T34: 2 | U34: 1 | V34: 1 | W34: 1 | X34: 0 | Y34: 1 | Z34: 2 | AA34: 8 | AB34: 38 | AC34: 38 | AD34: 35 | AE34: 33 | AF34: 1 | AG34: 2 | AH34: 2 | AI34: 2 | AJ34: 2 | AK34: 2 | AL34: 3 | AM34: 2 | AN34: 2
A36: Organic sales | B36: 282 | C36: 134 | D36: 124 | E36: 153 | F36: 120 | G36: 392 | H36: 446 | I36: 606 | J36: 469 | K36: 347 | L36: 324 | M36: 269 | N36: 75 | O36: -941 | P36: -230 | Q36: -208 | R36: 12 | S36: 1025 | T36: 664 | U36: 806 | V36: 1098 | W36: 1185 | X36: 1096.2041 | Y36: 736.07199 | Z36: 777.82483 | AA36: 300 | AB36: 199.09367 | AC36: 289.95941 | AD36: -74.935507 | AE36: 231 | AF36: 396 | AG36: 209 | AH36: 225 | AI36: 468 | AJ36: 277 | AK36: 465 | AL36: 409 | AM36: 479 | AN36: 680
A37: FX sales | B37: 313 | C37: 222 | D37: -171 | E37: -329 | F37: -385 | G37: -23 | H37: 318 | I37: 307 | J37: 454 | K37: 367 | L37: 442 | M37: 248 | N37: 262 | O37: 10 | P37: -578 | Q37: -612 | R37: -707 | S37: -480 | T37: -115 | U37: 106 | V37: 484 | W37: 830 | X37: 1140.2504 | Y37: 1089.384 | Z37: 737.50848 | AA37: 599 | AB37: 236.11966 | AC37: 2.9566958 | AD37: 10.782874 | AE37: -5 | AF37: -419 | AG37: 114 | AH37: 181 | AI37: -1072 | AJ37: -808 | AK37: -1364 | AL37: -1482 | AM37: -354 | AN37: 110
A38: Acq/ Div sales | B38: 2 | C38: 57 | D38: 52 | E38: 57 | F38: 54 | G38: 5 | H38: 21 | I38: 17 | J38: 35 | K38: 68 | L38: 122 | M38: 210 | N38: -377 | O38: -533 | P38: -513 | Q38: -513 | R38: 28 | S38: 40 | T38: 73 | U38: 43 | V38: 54 | W38: 40 | X38: 3.0365279 | Y38: 80.226778 | Z38: 105.31347 | AA38: 614 | AB38: 3015.3461 | AC38: 2788.1446 | AD38: 2735.3565 | AE38: 2786 | AF38: 146 | AG38: 202 | AH38: 232 | AI38: 207 | AJ38: 157 | AK38: 180 | AL38: 248 | AM38: 181 | AN38: 201
A40: Organic EBIT | B40: 74 | C40: 37 | D40: 30 | E40: 45 | F40: 22 | G40: 8 | H40: 75 | I40: 138 | J40: 98 | K40: 80 | L40: 95 | M40: 78 | N40: -6 | O40: -309 | P40: -39 | Q40: 1 | R40: 40 | S40: 328 | T40: 155 | U40: 247 | V40: 235 | W40: 335 | X40: 338.77303 | Y40: 291.24851 | Z40: 329.47526 | AA40: 249 | AB40: 213.08059 | AC40: 182.98112 | AD40: -49.332267 | AE40: 39 | AF40: 158 | AG40: 39 | AH40: 19 | AI40: 152 | AJ40: 127 | AK40: 200 | AL40: 212 | AM40: 156 | AN40: 284
A41: FX EBIT | B41: 62 | C41: 43 | D41: -33 | E41: -65 | F41: -72 | G41: -1 | H41: 73 | I41: 66 | J41: 93 | K41: 81 | L41: 90 | M41: 58 | N41: 50 | O41: -2 | P41: -121 | Q41: -129 | R41: -135 | S41: -80 | T41: -18 | U41: 14 | V41: 103 | W41: 175 | X41: 233.76378 | Y41: 224.81193 | Z41: 150.63881 | AA41: 129 | AB41: 69.016871 | AC41: 5.388298 | AD41: -0.089738787 | AE41: 2 | AF41: -89 | AG41: -22 | AH41: 64 | AI41: -182 | AJ41: -175 | AK41: -286 | AL41: -282 | AM41: -83 | AN41: 17
A42: Acq/ Div EBIT | B42: 0 | C42: 12 | D42: 10 | E42: -41 | F42: -65 | G42: -26 | H42: -68 | I42: -23 | J42: 3 | K42: 21 | L42: 17 | M42: 19 | N42: -36 | O42: -123 | P42: -122 | Q42: -139 | R42: 1 | S42: 0 | T42: 10 | U42: -60 | V42: -28 | W42: -76 | X42: -84.789578 | Y42: -48.570971 | Z42: -37.930036 | AA42: -74 | AB42: -11.863671 | AC42: 81.978275 | AD42: 252.7803 | AE42: 403 | AF42: 210 | AG42: 79 | AH42: -78 | AI42: -88 | AJ42: -98 | AK42: -19 | AL42: 9 | AM42: -4 | AN42: 10
A43: APAC | B43: Q1 | C43: Q2 | D43: Q3 | E43: Q4 | F43: Q1 | G43: Q2 | H43: Q3 | I43: Q4 | J43: Q1 | K43: Q2 | L43: Q3 | M43: Q4 | N43: Q1 | O43: Q2 | P43: Q3 | Q43: Q4 | R43: Q1 | S43: Q2 | T43: Q3 | U43: Q4 | V43: Q1 | W43: Q2 | X43: Q3 | Y43: Q4 | Z43: Q1 | AA43: Q2 | AB43: Q3 | AC43: Q4 | AD43: Q1 | AE43: Q2 | AF43: Q3 | AG43: Q4 | AH43: Q1 | AI43: Q2 | AJ43: Q3 | AK43: Q4 | AL43: Q1 | AM43: Q2 | AN43: Q3
A44: Organic sales, % | B44: 3 | C44: -6 | D44: 2 | E44: 3 | F44: 4 | G44: 2 | H44: 1 | I44: 11 | J44: 6 | K44: 3 | L44: -1 | M44: -10 | N44: -34 | O44: -17 | P44: -8 | Q44: -5 | R44: 23 | S44: 0 | T44: -7 | U44: 0 | V44: -2 | W44: -5 | X44: -2 | Y44: -10 | Z44: 6 | AA44: -2 | AB44: -7 | AC44: -1 | AD44: -3 | AE44: -5 | AF44: -6 | AG44: -11 | AH44: -5 | AI44: -1 | AJ44: -4 | AK44: -2 | AL44: 0 | AM44: -4 | AN44: -1
A45: FX sales, % | B45: 6 | C45: 3 | D45: -4 | E45: -4 | F45: -3 | G45: 4 | H45: 6 | I45: 4 | J45: 5 | K45: 3 | L45: 4 | M45: 2 | N45: 2 | O45: -1 | P45: -6 | Q45: -6 | R45: -7 | S45: -4 | T45: 1 | U45: 3 | V45: 7 | W45: 10 | X45: 15 | Y45: 9 | Z45: 6 | AA45: 3 | AB45: 0 | AC45: 0 | AD45: -3 | AE45: -2 | AF45: -2 | AG45: 1 | AH45: 0 | AI45: -9 | AJ45: -9 | AK45: -13 | AL45: -11 | AM45: -3 | AN45: 3
A46: Acq/ Div, % | B46: 0 | C46: 0 | D46: 0 | E46: 0 | F46: 1 | G46: 1 | H46: 0 | I46: 0 | J46: 2 | K46: 6 | L46: 6 | M46: 4 | N46: 4 | O46: -1 | P46: 0 | Q46: 1 | R46: -4 | S46: -1 | T46: -2 | U46: -2 | V46: 1 | W46: 1 | X46: 15 | Y46: 10 | Z46: 16 | AA46: 15 | AB46: -3 | AC46: -6 | AD46: -9 | AE46: -5 | AF46: 0 | AG46: 0 | AH46: 0 | AI46: 0 | AJ46: 0 | AK46: 0 | AL46: 0 | AM46: 2 | AN46: 2
A48: Organic sales | B48: 63 | C48: -147 | D48: 52 | E48: 65 | F48: 82 | G48: 58 | H48: 20 | I48: 263 | J48: 116 | K48: 88 | L48: -34 | M48: -279 | N48: -751 | O48: -490 | P48: -219 | Q48: -135 | R48: 332 | S48: 1 | T48: -167 | U48: 2 | V48: -48 | W48: -124 | X48: -45.646813 | Y48: -258.19016 | Z48: 120.29653 | AA48: -55 | AB48: -193.60825 | AC48: -28.965845 | AD48: -68.171893 | AE48: -138 | AF48: -146 | AG48: -276 | AH48: -106 | AI48: -24 | AJ48: -98 | AK48: -42 | AL48: 5 | AM48: -93 | AN48: -22
A49: FX sales | B49: 100 | C49: 86 | D49: -98 | E49: -101 | F49: -56 | G49: 81 | H49: 146 | I49: 92 | J49: 107 | K49: 61 | L49: 125 | M49: 85 | N49: 27 | O49: -45 | P49: -186 | Q49: -141 | R49: -84 | S49: -94 | T49: 11 | U49: 70 | V49: 141 | W49: 245 | X49: 301.58264 | Y49: 221.38537 | Z49: 103.21812 | AA49: 66 | AB49: -1.8724287 | AC49: -3.8656421 | AD49: -84.166032 | AE49: -55 | AF49: -71 | AG49: 27 | AH49: -7 | AI49: -209 | AJ49: -209 | AK49: -281 | AL49: -210 | AM49: -54 | AN49: 68
A50: Acq/ Div sales | B50: -3 | C50: -12 | D50: 9 | E50: 9 | F50: 16 | G50: 23 | H50: 13 | I50: 0 | J50: 38 | K50: 161 | L50: 156 | M50: 115 | N50: 92 | O50: -26 | P50: 10 | Q50: 18 | R50: -62 | S50: -20 | T50: -52 | U50: -59 | V50: 13 | W50: 15 | X50: 390.15354 | Y50: 253.48949 | Z50: 308.71495 | AA50: 375 | AB50: -81.819016 | AC50: -147.57018 | AD50: -210.6293 | AE50: -142 | AF50: 2 | AG50: -2 | AH50: 0 | AI50: 0 | AJ50: 0 | AK50: 0 | AL50: 0 | AM50: 33 | AN50: 49
A52: Organic EBIT | B52: -32 | C52: -98 | D52: -21 | E52: -13 | F52: 9 | G52: -40 | H52: -41 | I52: 27 | J52: -44 | K52: 24 | L52: 0 | M52: -57 | N52: -264 | O52: -81 | P52: -68 | Q52: 0 | R52: 207 | S52: 30 | T52: -46 | U52: -130 | V52: -4 | W52: -163 | X52: -61.068617 | Y52: -228.17294 | Z52: 16.818452 | AA52: 115 | AB52: 73.542399 | AC52: 256.29491 | AD52: 5.0868569 | AE52: -11 | AF52: -32 | AG52: 19 | AH52: -15 | AI52: 29 | AJ52: 48 | AK52: 52 | AL52: 23 | AM52: -8 | AN52: -2
A53: FX EBIT | B53: 10 | C53: 19 | D53: -9 | E53: -14 | F53: -15 | G53: -5 | H53: 7 | I53: 7 | J53: 3 | K53: 11 | L53: 13 | M53: 7 | N53: -7 | O53: -5 | P53: -16 | Q53: -18 | R53: 18 | S53: -14 | T53: -12 | U53: 3 | V53: -8 | W53: 24 | X53: 40.914735 | Y53: 37.606331 | Z53: 18.105191 | AA53: 10 | AB53: 0.94065393 | AC53: -8.9637564 | AD53: 11.285325 | AE53: 12 | AF53: -5 | AG53: -7 | AH53: -11 | AI53: -21 | AJ53: -23 | AK53: -27 | AL53: -15 | AM53: -15 | AN53: 0
A54: Acq/ Div EBIT | B54: 0 | C54: -2 | D54: 0 | E54: 7 | F54: 9 | G54: 2 | H54: 0 | I54: -2 | J54: 2 | K54: 3 | L54: 19 | M54: 6 | N54: 4 | O54: -16 | P54: -7 | Q54: -2 | R54: 5 | S54: 19 | T54: 8 | U54: 16 | V54: 1 | W54: -18 | X54: 20.385025 | Y54: -22.30822 | Z54: 9.1106456 | AA54: 45 | AB54: 22.681335 | AC54: -15.581484 | AD54: -21.791407 | AE54: -14 | AF54: 0 | AG54: 0 | AH54: 0 | AI54: 0 | AJ54: 0 | AK54: 0 | AL54: 0 | AM54: 3 | AN54: 1
A55: Global Technologies | B55: Q1 | C55: Q2 | D55: Q3 | E55: Q4 | F55: Q1 | G55: Q2 | H55: Q3 | I55: Q4 | J55: Q1 | K55: Q2 | L55: Q3 | M55: Q4 | N55: Q1 | O55: Q2 | P55: Q3 | Q55: Q4 | R55: Q1 | S55: Q2 | T55: Q3 | U55: Q4 | V55: Q1 | W55: Q2 | X55: Q3 | Y55: Q4 | Z55: Q1 | AA55: Q2 | AB55: Q3 | AC55: Q4 | AD55: Q1 | AE55: Q2 | AF55: Q3 | AG55: Q4 | AH55: Q1 | AI55: Q2 | AJ55: Q3 | AK55: Q4 | AL55: Q1 | AM55: Q2 | AN55: Q3
A56: Organic sales, % | B56: 9 | C56: 3 | D56: 6 | E56: 9 | F56: 6 | G56: 6 | H56: 12 | I56: 8 | J56: 9 | K56: 5 | L56: 6 | M56: 2 | N56: 0 | O56: -25 | P56: -17 | Q56: -17 | R56: -9 | S56: 17 | T56: 7 | U56: 7 | V56: 11 | W56: 6 | X56: 19 | Y56: 24 | Z56: 24 | AA56: 20 | AB56: 4 | AC56: -7 | AD56: -9 | AE56: -7 | AF56: 2 | AG56: 5 | AH56: 8 | AI56: 8 | AJ56: 3 | AK56: 9 | AL56: 4 | AM56: 4 | AN56: 4
A57: FX sales, % | B57: 6 | C57: 4 | D57: -4 | E57: -6 | F57: -5 | G57: 1 | H57: 8 | I57: 8 | J57: 11 | K57: 7 | L57: 9 | M57: 6 | N57: 4 | O57: 0 | P57: -6 | Q57: -7 | R57: -10 | S57: -9 | T57: -2 | U57: 2 | V57: 10 | W57: 13 | X57: 18 | Y57: 17 | Z57: 10 | AA57: 8 | AB57: 4 | AC57: 1 | AD57: 0 | AE57: -1 | AF57: -3 | AG57: 2 | AH57: 2 | AI57: -8 | AJ57: -6 | AK57: -12 | AL57: -11 | AM57: -3 | AN57: 1
A58: Acq/ Div, % | B58: 1 | C58: 2 | D58: -3 | E58: 2 | F58: -1 | G58: 2 | H58: 4 | I58: 11 | J58: 15 | K58: 17 | L58: 18 | M58: 14 | N58: 12 | O58: 14 | P58: 9 | Q58: 5 | R58: 3 | S58: 4 | T58: 3 | U58: 3 | V58: 2 | W58: 2 | X58: 2 | Y58: 4 | Z58: 4 | AA58: 5 | AB58: 4 | AC58: 9 | AD58: 6 | AE58: 9 | AF58: 11 | AG58: 3 | AH58: 5 | AI58: 7 | AJ58: 10 | AK58: 7 | AL58: 3 | AM58: 3 | AN58: 1
A60: Organic sales | B60: 213 | C60: 75 | D60: 148 | E60: 239 | F60: 142 | G60: 149 | H60: 286 | I60: 252 | J60: 264 | K60: 174 | L60: 197 | M60: 69 | N60: -6 | O60: -972 | P60: -629 | Q60: -710 | R60: -320 | S60: 517 | T60: 233 | U60: 238 | V60: 399 | W60: 258 | X60: 804.88818 | Y60: 1069.1247 | Z60: 1030.478 | AA60: 930 | AB60: 219.44418 | AC60: -419.67437 | AD60: -480.26857 | AE60: -435 | AF60: 120 | AG60: 294 | AH60: 436 | AI60: 422 | AJ60: 193 | AK60: 477 | AL60: 201 | AM60: 266 | AN60: 267
A61: FX sales | B61: 100 | C61: 99 | D61: -92 | E61: -140 | F61: -126 | G61: 38 | H61: 190 | I61: 176 | J61: 209 | K61: 153 | L61: 202 | M61: 165 | N61: 152 | O61: 19 | P61: -265 | Q61: -317 | R61: -408 | S61: -252 | T61: -48 | U61: 82 | V61: 279 | W61: 430 | X61: 561.92246 | Y61: 532.78295 | Z61: 325.29273 | AA61: 306 | AB61: 194.91192 | AC61: 65.329812 | AD61: -22.418431 | AE61: -13 | AF61: -175 | AG61: 119 | AH61: 93 | AI61: -400 | AJ61: -363 | AK61: -637 | AL61: -662 | AM61: -179 | AN61: 31
A62: Acq/ Div sales | B62: 22 | C62: 42 | D62: -79 | E62: 48 | F62: -20 | G62: 45 | H62: 108 | I62: 339 | J62: 399 | K62: 508 | L62: 591 | M62: 541 | N62: 438 | O62: 499 | P62: 331 | Q62: 194 | R62: 97 | S62: 124 | T62: 92 | U62: 93 | V62: 72 | W62: 89 | X62: 70.439792 | Y62: 174.46077 | Z62: 174.7458 | AA62: 215 | AB62: 206.92709 | AC62: 505.74359 | AD62: 354.39167 | AE62: 519 | AF62: 604 | AG62: 195 | AH62: 295 | AI62: 365 | AJ62: 586 | AK62: 430 | AL62: 191 | AM62: 176 | AN62: 77
A64: Organic EBIT | B64: 41 | C64: 21 | D64: 35 | E64: 74 | F64: 9 | G64: 25 | H64: 79 | I64: 33 | J64: 63 | K64: 3 | L64: 32 | M64: 71 | N64: -84 | O64: -412 | P64: -184 | Q64: -156 | R64: -12 | S64: 323 | T64: 67 | U64: 48 | V64: -2 | W64: 2 | X64: 161.79617 | Y64: 249.14705 | Z64: 336.49101 | AA64: 319 | AB64: 107.40323 | AC64: -92.915064 | AD64: -137.56137 | AE64: -169 | AF64: 89 | AG64: 303 | AH64: 118 | AI64: 245 | AJ64: 49 | AK64: 110 | AL64: 159 | AM64: 154 | AN64: 107
A65: FX EBIT | B65: 27 | C65: 15 | D65: -21 | E65: -25 | F65: -12 | G65: 1 | H65: 33 | I65: 43 | J65: 55 | K65: 46 | L65: 56 | M65: 35 | N65: 32 | O65: 18 | P65: -60 | Q65: -83 | R65: -85 | S65: -60 | T65: -26 | U65: 5 | V65: 54 | W65: 100 | X65: 143.40096 | Y65: 109.84261 | Z65: 81.045618 | AA65: 78 | AB65: 50.563301 | AC65: 5.1749001 | AD65: -5.0101738 | AE65: -3 | AF65: -51 | AG65: 27 | AH65: 24 | AI65: -136 | AJ65: -117 | AK65: -175 | AL65: -148 | AM65: -75 | AN65: -9
A66: Acq/ Div EBIT | B66: -8 | C66: 3 | D66: -26 | E66: 59 | F66: 47 | G66: 52 | H66: 99 | I66: 33 | J66: 14 | K66: 70 | L66: 81 | M66: -23 | N66: 17 | O66: 40 | P66: -15 | Q66: 20 | R66: 7 | S66: -18 | T66: -5 | U66: -12 | V66: -8 | W66: 2 | X66: -0.17833767 | Y66: -0.11253317 | Z66: 5.5749273 | AA66: 8 | AB66: 16.83054 | AC66: 15.921238 | AD66: 42.507558 | AE66: 27 | AF66: 91 | AG66: 13 | AH66: -125 | AI66: 124 | AJ66: 203 | AK66: 93 | AL66: 51 | AM66: 50 | AN66: -7
A67: Entrance Systems | B67: Q1 | C67: Q2 | D67: Q3 | E67: Q4 | F67: Q1 | G67: Q2 | H67: Q3 | I67: Q4 | J67: Q1 | K67: Q2 | L67: Q3 | M67: Q4 | N67: Q1 | O67: Q2 | P67: Q3 | Q67: Q4 | R67: Q1 | S67: Q2 | T67: Q3 | U67: Q4 | V67: Q1 | W67: Q2 | X67: Q3 | Y67: Q4 | Z67: Q1 | AA67: Q2 | AB67: Q3 | AC67: Q4 | AD67: Q1 | AE67: Q2 | AF67: Q3 | AG67: Q4 | AH67: Q1 | AI67: Q2 | AJ67: Q3 | AK67: Q4 | AL67: Q1 | AM67: Q2 | AN67: Q3
A68: Organic sales, % | B68: 7 | C68: 3 | D68: 2 | E68: 3 | F68: 5 | G68: 6 | H68: 4 | I68: 2 | J68: 3 | K68: 1 | L68: 3 | M68: 0 | N68: 0 | O68: -8 | P68: 1 | Q68: -1 | R68: 11 | S68: 21 | T68: 10 | U68: 14 | V68: 20 | W68: 19 | X68: 20 | Y68: 10 | Z68: 3 | AA68: 0 | AB68: 0 | AC68: 3 | AD68: 0 | AE68: 0 | AF68: -2 | AG68: -2 | AH68: 0 | AI68: 1 | AJ68: 4 | AK68: 2 | AL68: 0 | AM68: 4 | AN68: 3
A69: FX sales, % | B69: 5 | C69: 5 | D69: -2 | E69: -3 | F69: -2 | G69: 3 | H69: 8 | I69: 6 | J69: 7 | K69: 5 | L69: 6 | M69: 4 | N69: 5 | O69: 0 | P69: -7 | Q69: -7 | R69: -12 | S69: -11 | T69: -3 | U69: 1 | V69: 8 | W69: 13 | X69: 16 | Y69: 14 | Z69: 9 | AA69: 8 | AB69: 4 | AC69: 2 | AD69: 1 | AE69: 0 | AF69: -3 | AG69: 2 | AH69: 1 | AI69: -8 | AJ69: -6 | AK69: -9 | AL69: -9 | AM69: -2 | AN69: 0
A70: Acq/ Div, % | B70: 7 | C70: 5 | D70: 6 | E70: 5 | F70: 2 | G70: 1 | H70: 1 | I70: 1 | J70: 1 | K70: 1 | L70: 0 | M70: 0 | N70: 9 | O70: 12 | P70: 17 | Q70: 23 | R70: 12 | S70: 12 | T70: 6 | U70: 0 | V70: 1 | W70: 1 | X70: 1 | Y70: 2 | Z70: 2 | AA70: 2 | AB70: 2 | AC70: 1 | AD70: 3 | AE70: 4 | AF70: 7 | AG70: 14 | AH70: 9 | AI70: 9 | AJ70: 7 | AK70: 2 | AL70: 2 | AM70: 3 | AN70: 4
A72: Organic sales | B72: 296 | C72: 171 | D72: 110 | E72: 182 | F72: 253 | G72: 326 | H72: 232 | I72: 142 | J72: 176 | K72: 143 | L72: 188 | M72: 8 | N72: 12 | O72: -561 | P72: 67 | Q72: -64 | R72: 624 | S72: 1255 | T72: 661 | U72: 1115 | V72: 1589 | W72: 1714 | X72: 1794.435 | Y72: 1001.9696 | Z72: 282.74964 | AA72: -15 | AB72: 1.6500618 | AC72: 390.45262 | AD72: 35.573636 | AE72: -9 | AF72: -182 | AG72: -293 | AH72: 22 | AI72: 68 | AJ72: 463 | AK72: 260 | AL72: 51 | AM72: 468 | AN72: 342
A73: FX sales | B73: 192 | C73: 184 | D73: -98 | E73: -153 | F73: -95 | G73: 150 | H73: 367 | I73: 321 | J73: 354 | K73: 118 | L73: 329 | M73: 241 | N73: 223 | O73: 19 | P73: -377 | Q73: -417 | R73: -608 | S73: -506 | T73: -152 | U73: 58 | V73: 485 | W73: 830 | X73: 1081.5056 | Y73: 1171.3729 | Z73: 855.45564 | AA73: 835 | AB73: 443.39756 | AC73: 129.42834 | AD73: -2.0588937 | AE73: -15 | AF73: -338 | AG73: 173 | AH73: 123 | AI73: -853 | AJ73: -682 | AK73: -1220 | AL73: -1166 | AM73: -300 | AN73: 47
A74: Acq/ Div sales | B74: 308 | C74: 259 | D74: 270 | E74: 271 | F74: 77 | G74: 57 | H74: 68 | I74: 82 | J74: 70 | K74: 298 | L74: 0 | M74: 27 | N74: 569 | O74: 784 | P74: 999 | Q74: 1515 | R74: 756 | S74: 706 | T74: 433 | U74: 26 | V74: 79 | W74: 123 | X74: 132.57227 | Y74: 235.33876 | Z74: 245.54462 | AA74: 222 | AB74: 213.54217 | AC74: 133.30392 | AD74: 371.9091 | AE74: 505 | AF74: 768 | AG74: 1771 | AH74: 999 | AI74: 993 | AJ74: 840 | AK74: 250 | AL74: 194 | AM74: 417 | AN74: 519
A76: Organic EBIT | B76: 76 | C76: 51 | D76: 37 | E76: 65 | F76: 77 | G76: 74 | H76: 32 | I76: -37 | J76: 18 | K76: 31 | L76: 60 | M76: 94 | N76: -8 | O76: -197 | P76: 50 | Q76: -21 | R76: 311 | S76: 492 | T76: 184 | U76: 258 | V76: 372 | W76: 304 | X76: 382.65089 | Y76: 194.84876 | Z76: 71.194887 | AA76: 110 | AB76: 174.17829 | AC76: 222.78002 | AD76: 82.856465 | AE76: 96 | AF76: 102 | AG76: 20 | AH76: 185 | AI76: 138 | AJ76: 242 | AK76: 156 | AL76: 2 | AM76: 152 | AN76: 109
A77: FX EBIT | B77: 17 | C77: 20 | D77: -7 | E77: -21 | F77: -11 | G77: 15 | H77: 43 | I77: 56 | J77: 44 | K77: 27 | L77: 34 | M77: 28 | N77: 17 | O77: 4 | P77: -38 | Q77: -52 | R77: -61 | S77: -75 | T77: -39 | U77: -4 | V77: 73 | W77: 127 | X77: 159.77983 | Y77: 209.81936 | Z77: 134.51813 | AA77: 115 | AB77: 59.127886 | AC77: 7.4729929 | AD77: 18.920794 | AE77: 16 | AF77: -54 | AG77: 46 | AH77: 36 | AI77: -171 | AJ77: -157 | AK77: -267 | AL77: -250 | AM77: -68 | AN77: 2
A78: Acq/ Div EBIT | B78: 17 | C78: 22 | D78: 23 | E78: 34 | F78: 6 | G78: 10 | H78: -7 | I78: 13 | J78: 7 | K78: 41 | L78: -52 | M78: 4 | N78: 34 | O78: 64 | P78: 381 | Q78: 198 | R78: 24 | S78: 34 | T78: -219 | U78: 0 | V78: 14 | W78: 24 | X78: 1 | Y78: -3.6044124 | Z78: 25.421487 | AA78: 24 | AB78: 26.539763 | AC78: -10.008379 | AD78: 56.257126 | AE78: 64 | AF78: 4 | AG78: 232 | AH78: -55 | AI78: 0 | AJ78: 55 | AK78: 45 | AL78: 12 | AM78: 47 | AN78: 4

Sheet Q PGR
A4: Quarterly sales by product group (MSEK)
B6: 2017 | F6: 2018 | J6: 2019 | N6: 2020 | R6: 2021 | V6: 2022 | Z6: 2023 | AD6: 2024 | AH6: 2025 | AL6: 2026
A7: Group | B7: Q1 | C7: Q2 | D7: Q3 | E7: Q4 | F7: Q1 | G7: Q2 | H7: Q3 | I7: Q4 | J7: Q1 | K7: Q2 | L7: Q3 | M7: Q4 | N7: Q1 | O7: Q2 | P7: Q3 | Q7: Q4 | R7: Q1 | S7: Q2 | T7: Q3 | U7: Q4 | V7: Q1 | W7: Q2 | X7: Q3 | Y7: Q4 | Z7: Q1 | AA7: Q2 | AB7: Q3 | AC7: Q4 | AD7: Q1 | AE7: Q2 | AF7: Q3 | AG7: Q4 | AH7: Q1 | AI7: Q2 | AJ7: Q3 | AK7: Q4 | AL7: Q1 | AM7: Q2 | AN7: Q3
A8: Mechanical locks, lock systems and fittings | B8: 5091 | C8: 5397 | D8: 5029 | E8: 5279 | F8: 5070 | G8: 5674 | H8: 5559 | I8: 5744 | J8: 5553 | K8: 5943 | L8: 6000 | M8: 5990 | N8: 5461 | O8: 4595 | P8: 5353 | Q8: 5512 | R8: 5252 | S8: 5707 | T8: 5628 | U8: 5677 | V8: 6013.5025 | W8: 6554.881 | X8: 7121.1411 | Y8: 6825.1226 | Z8: 7122 | AA8: 7792 | AB8: 8803.0264 | AC8: 8558.6829 | AD8: 8523.9715 | AE8: 9206 | AF8: 10975 | AG8: 9293 | AH8: 9276 | AI8: 9374 | AJ8: 9066 | AK8: 8052 | AL8: 8639 | AM8: 9426 | AN8: 9560
A9: Electromechanical and electronic locks | B9: 4876 | C9: 5187 | D9: 4990 | E9: 5637 | F9: 5195 | G9: 6022 | H9: 6282 | I9: 7321 | J9: 6796 | K9: 7253 | L9: 7275 | M9: 8053 | N9: 7038 | O9: 6017 | P9: 6835 | Q9: 7002 | R9: 6457 | S9: 6962 | T9: 7276 | U9: 7720 | V9: 7692.232 | W9: 8378.5531 | X9: 9345.372 | Y9: 10293.265 | Z9: 10023 | AA9: 10376 | AB9: 10755 | AC9: 11007.349 | AD9: 10291.662 | AE9: 11265 | AF9: 11364 | AG9: 11944 | AH9: 11579 | AI9: 11727 | AJ9: 12129 | AK9: 12082 | AL9: 11161 | AM9: 12113 | AN9: 12948
A10: Security doors and hardware | B10: 3187 | C10: 3523 | D10: 3348 | E10: 3243 | F10: 3052 | G10: 3628 | H10: 3616 | I10: 3638 | J10: 3375 | K10: 4085 | L10: 4348 | M10: 4040 | N10: 3617 | O10: 3444 | P10: 3593 | Q10: 3484 | R10: 3439 | S10: 3755 | T10: 3851 | U10: 3977 | V10: 4286.612 | W10: 5051.5493 | X10: 5433.0535 | Y10: 5230.6643 | Z10: 5219 | AA10: 5889 | AB10: 6798.3026 | AC10: 6381.2521 | AD10: 6132.4472 | AE10: 6608 | AF10: 4440 | AG10: 5774 | AH10: 5895 | AI10: 6071 | AJ10: 5842 | AK10: 6290 | AL10: 5643 | AM10: 6190 | AN10: 6268
A11: Entrance Automation | B11: 4988 | C11: 5280 | D11: 5132 | E11: 5949 | F11: 5233 | G11: 5816 | H11: 5735 | I11: 6464 | J11: 5781 | K11: 6262 | L11: 6411 | M11: 6864 | N11: 6058 | O11: 5896 | P11: 6444 | Q11: 7299 | R11: 6657 | S11: 7223 | T11: 7176 | U11: 8250 | V11: 8598.6844 | W11: 9481.4061 | X11: 9920.8037 | Y11: 10566.281 | Z11: 10027 | AA11: 10418 | AB11: 10525.215 | AC11: 11022.393 | AD11: 10252.203 | AE11: 10889 | AF11: 10639 | AG11: 12564 | AH11: 11189 | AI11: 10843 | AJ11: 11110 | AK11: 11883 | AL11: 10307 | AM11: 11530 | AN11: 11995
A13: EMEIA | B13: Q1 | C13: Q2 | D13: Q3 | E13: Q4 | F13: Q1 | G13: Q2 | H13: Q3 | I13: Q4 | J13: Q1 | K13: Q2 | L13: Q3 | M13: Q4 | N13: Q1 | O13: Q2 | P13: Q3 | Q13: Q4 | R13: Q1 | S13: Q2 | T13: Q3 | U13: Q4 | V13: Q1 | W13: Q2 | X13: Q3 | Y13: Q4 | Z13: Q1 | AA13: Q2 | AB13: Q3 | AC13: Q4 | AD13: Q1 | AE13: Q2 | AF13: Q3 | AG13: Q4 | AH13: Q1 | AI13: Q2 | AJ13: Q3 | AK13: Q4 | AL13: Q1 | AM13: Q2 | AN13: Q3
A14: Mechanical locks, lock systems and fittings | B14: 2319 | C14: 2390 | D14: 2217 | E14: 2465 | F14: 2455 | G14: 2549 | H14: 2426 | I14: 2646 | J14: 2585 | K14: 2575 | L14: 2483 | M14: 2590 | N14: 2437 | O14: 1786 | P14: 2300 | Q14: 2488 | R14: 2443 | S14: 2515 | T14: 2418 | U14: 2438 | V14: 2633.8738 | W14: 2722.787 | X14: 2732.2672 | Y14: 2845.5622 | Z14: 2936 | AA14: 3038 | AB14: 2813.5185 | AC14: 2865.4935 | AD14: 2906.3673 | AE14: 2943 | AF14: 2770 | AG14: 2898 | AH14: 2861 | AI14: 2880 | AJ14: 2782 | AK14: 2747 | AL14: 2780 | AM14: 2878 | AN14: 2863
A15: Electromechanical and electronic locks | B15: 1345 | C15: 1391 | D15: 1336 | E15: 1551 | F15: 1516 | G15: 1637 | H15: 1597 | I15: 1855 | J15: 1678 | K15: 1692 | L15: 1544 | M15: 1813 | N15: 1661 | O15: 1321 | P15: 1586 | Q15: 1767 | R15: 1665 | S15: 1692 | T15: 1661 | U15: 1739 | V15: 1645.6523 | W15: 1691.2711 | X15: 1738.7731 | Y15: 2022.1826 | Z15: 1981 | AA15: 1959 | AB15: 1926.451 | AC15: 2134.978 | AD15: 2033.9777 | AE15: 2125 | AF15: 1981 | AG15: 2262 | AH15: 2315 | AI15: 2231 | AJ15: 2299 | AK15: 2605 | AL15: 2421 | AM15: 2442 | AN15: 2512
A16: Security doors and hardware | B16: 655 | C16: 686 | D16: 648 | E16: 770 | F16: 720 | G16: 782 | H16: 754 | I16: 899 | J16: 861 | K16: 903 | L16: 942 | M16: 971 | N16: 821 | O16: 654 | P16: 812 | Q16: 844 | R16: 820 | S16: 866 | T16: 824 | U16: 882 | V16: 906.37785 | W16: 1021.0606 | X16: 1141.9208 | Y16: 1214.7218 | Z16: 1164 | AA16: 1121 | AB16: 1209.1379 | AC16: 1227.3353 | AD16: 1181.0312 | AE16: 1213 | AF16: 1167 | AG16: 1213 | AH16: 1189 | AI16: 1243 | AJ16: 1203 | AK16: 1247 | AL16: 1219 | AM16: 1257 | AN16: 1245
A17: Entrance Automation | B17: 85 | C17: 62 | D17: 76 | E17: 83 | F17: 85 | G17: 100 | H17: 95 | I17: 85 | J17: 84 | K17: 122 | L17: 152 | M17: 151 | N17: 126 | O17: 109 | P17: 126 | Q17: 143 | R17: 129 | S17: 161 | T17: 140 | U17: 128 | V17: 123.42524 | W17: 125.61386 | X17: 144.65678 | Y17: 148.31139 | Z17: 148 | AA17: 84 | AB17: 111.40107 | AC17: 110.92645 | AD17: 95.080247 | AE17: 110 | AF17: 92 | AG17: 108 | AH17: 99 | AI17: 12 | AJ17: 40 | AK17: 67 | AL17: 99 | AM17: 103 | AN17: 107
A19: Americas | B19: Q1 | C19: Q2 | D19: Q3 | E19: Q4 | F19: Q1 | G19: Q2 | H19: Q3 | I19: Q4 | J19: Q1 | K19: Q2 | L19: Q3 | M19: Q4 | N19: Q1 | O19: Q2 | P19: Q3 | Q19: Q4 | R19: Q1 | S19: Q2 | T19: Q3 | U19: Q4 | V19: Q1 | W19: Q2 | X19: Q3 | Y19: Q4 | Z19: Q1 | AA19: Q2 | AB19: Q3 | AC19: Q4 | AD19: Q1 | AE19: Q2 | AF19: Q3 | AG19: Q4 | AH19: Q1 | AI19: Q2 | AJ19: Q3 | AK19: Q4 | AL19: Q1 | AM19: Q2 | AN19: Q3
A20: Mechanical locks, lock systems and fittings | B20: 1857 | C20: 1884 | D20: 1798 | E20: 1764 | F20: 1699 | G20: 1982 | H20: 2011 | I20: 1959 | J20: 2020 | K20: 2215 | L20: 2307 | M20: 2191 | N20: 2208 | O20: 1790 | P20: 1966 | Q20: 1929 | R20: 1974 | S20: 2146 | T20: 2238 | U20: 2205 | V20: 2482.6687 | W20: 2756.4885 | X20: 2938.9665 | Y20: 2806.3157 | Z20: 3051 | AA20: 3502 | AB20: 4700.4887 | AC20: 4437.4318 | AD20: 4529.788 | AE20: 5003 | AF20: 6941 | AG20: 5296 | AH20: 5392 | AI20: 5382 | AJ20: 5211 | AK20: 4255 | AL20: 4966 | AM20: 5550 | AN20: 5586
A21: Electromechanical and electronic locks | B21: 635 | C21: 671 | D21: 650 | E21: 703 | F21: 757 | G21: 914 | H21: 1009 | I21: 1195 | J21: 1280 | K21: 1312 | L21: 1333 | M21: 1414 | N21: 1302 | O21: 1102 | P21: 1255 | Q21: 1200 | R21: 1136 | S21: 1242 | T21: 1432 | U21: 1537 | V21: 1643.8481 | W21: 1819.0339 | X21: 1948.7045 | Y21: 2020.0257 | Z21: 2125 | AA21: 2104 | AB21: 2579.6091 | AC21: 2472.4328 | AD21: 2465.662 | AE21: 2836 | AF21: 2660 | AG21: 2779 | AH21: 2703 | AI21: 2766 | AJ21: 2688 | AK21: 2426 | AL21: 2471 | AM21: 2741 | AN21: 3054
A22: Security doors and hardware | B22: 2061 | C22: 2136 | D22: 1972 | E22: 1766 | F22: 1884 | G22: 2150 | H22: 2180 | I22: 2005 | J22: 1997 | K22: 2313 | L22: 2425 | M22: 2250 | N22: 1753 | O22: 1496 | P22: 1546 | Q22: 1430 | R22: 1487 | S22: 1584 | T22: 1718 | U22: 1770 | V22: 2098.9888 | W22: 2439.9149 | X22: 2732.2312 | Y22: 2580.4741 | Z22: 2667 | AA22: 2919 | AB22: 3786.5379 | AC22: 3580.933 | AD22: 3511.8929 | AE22: 3695 | AF22: 1579 | AG22: 2932 | AH22: 3046 | AI22: 2975 | AJ22: 2910 | AK22: 3613 | AL22: 2892 | AM22: 3159 | AN22: 3163
A23: Entrance Automation | B23: 12 | C23: 13 | D23: 5 | E23: 11 | F23: 14 | G23: 32 | H23: 11 | I23: 13 | J23: 15 | K23: 20 | L23: 34 | M23: 45 | N23: 8 | O23: 9 | P23: 12 | Q23: 8 | R23: 7 | S23: 8 | T23: 13 | U23: 11 | V23: 15.120827 | W23: 20.364349 | X23: 20.04002 | Y23: 20.585346 | Z23: 18 | AA23: 24 | AB23: 23.866011 | AC23: 17.663876 | AD23: 25.134182 | AE23: 27 | AF23: 34 | AG23: 27 | AH23: 29 | AI23: 43 | AJ23: 32 | AK23: 19 | AL23: 17 | AM23: 21 | AN23: 29
A25: APAC | B25: Q1 | C25: Q2 | D25: Q3 | E25: Q4 | F25: Q1 | G25: Q2 | H25: Q3 | I25: Q4 | J25: Q1 | K25: Q2 | L25: Q3 | M25: Q4 | N25: Q1 | O25: Q2 | P25: Q3 | Q25: Q4 | R25: Q1 | S25: Q2 | T25: Q3 | U25: Q4 | V25: Q1 | W25: Q2 | X25: Q3 | Y25: Q4 | Z25: Q1 | AA25: Q2 | AB25: Q3 | AC25: Q4 | AD25: Q1 | AE25: Q2 | AF25: Q3 | AG25: Q4 | AH25: Q1 | AI25: Q2 | AJ25: Q3 | AK25: Q4 | AL25: Q1 | AM25: Q2 | AN25: Q3
A26: Mechanical locks, lock systems and fittings | B26: 1048 | C26: 1263 | D26: 1209 | E26: 1192 | F26: 1071 | G26: 1311 | H26: 1298 | I26: 1298 | J26: 1121 | K26: 1291 | L26: 1329 | M26: 1294 | N26: 893 | O26: 1133 | P26: 1171 | Q26: 1161 | R26: 916 | S26: 1120 | T26: 1085 | U26: 1167 | V26: 1014.4058 | W26: 1181.6913 | X26: 1565.2104 | Y26: 1244.1126 | Z26: 1249 | AA26: 1345 | AB26: 1365.4374 | AC26: 1325.2994 | AD26: 1180.2909 | AE26: 1371 | AF26: 1382 | AG26: 1202 | AH26: 1111 | AI26: 1190 | AJ26: 1152 | AK26: 1118 | AL26: 980 | AM26: 1151 | AN26: 1223
A27: Electromechanical and electronic locks | B27: 384 | C27: 465 | D27: 494 | E27: 484 | F27: 418 | G27: 576 | H27: 632 | I27: 705 | J27: 573 | K27: 720 | L27: 612 | M27: 586 | N27: 262 | O27: 550 | P27: 524 | Q27: 580 | R27: 384 | S27: 505 | T27: 549 | U27: 640 | V27: 445.31632 | W27: 584.27733 | X27: 714.51385 | Y27: 751.57807 | Z27: 611 | AA27: 636 | AB27: 458.83362 | AC27: 487.49775 | AD27: 375.94231 | AE27: 419 | AF27: 418 | AG27: 423 | AH27: 346 | AI27: 405 | AJ27: 429 | AK27: 316 | AL27: 340 | AM27: 395 | AN27: 400
A28: Security doors and hardware | B28: 483 | C28: 715 | D28: 742 | E28: 721 | F28: 465 | G28: 715 | H28: 699 | I28: 749 | J28: 522 | K28: 904 | L28: 925 | M28: 792 | N28: 421 | O28: 658 | P28: 762 | Q28: 657 | R28: 456 | S28: 596 | T28: 610 | U28: 578 | V28: 375.45482 | W28: 561.01173 | X28: 592.14517 | Y28: 618.05828 | Z28: 517 | AA28: 738 | AB28: 753.7589 | AC28: 598.13097 | AD28: 451.36617 | AE28: 622 | AF28: 608 | AG28: 575 | AH28: 459 | AI28: 593 | AJ28: 524 | AK28: 447 | AL28: 391 | AM28: 517 | AN28: 572
A29: Entrance Automation | B29: 2 | C29: 3 | D29: 3 | E29: 4 | F29: 5 | G29: 5 | H29: -2 | I29: 3 | J29: 4 | K29: 3 | L29: 7 | M29: 4 | N29: 12 | O29: 17 | P29: 22 | Q29: 20 | R29: 17 | S29: 23 | T29: 27 | U29: 46 | V29: 44.052091 | W29: 52.503973 | X29: 45.651084 | Y29: 34.164255 | Z29: 35 | AA29: 46 | AB29: 62.190877 | AC29: 56.583372 | AD29: 40.892039 | AE29: 17 | AF29: 17 | AG29: 17 | AH29: 20 | AI29: 9 | AJ29: 14 | AK29: 13 | AL29: 20 | AM29: 21 | AN29: 19
A31: Global Technologies | B31: Q1 | C31: Q2 | D31: Q3 | E31: Q4 | F31: Q1 | G31: Q2 | H31: Q3 | I31: Q4 | J31: Q1 | K31: Q2 | L31: Q3 | M31: Q4 | N31: Q1 | O31: Q2 | P31: Q3 | Q31: Q4 | R31: Q1 | S31: Q2 | T31: Q3 | U31: Q4 | V31: Q1 | W31: Q2 | X31: Q3 | Y31: Q4 | Z31: Q1 | AA31: Q2 | AB31: Q3 | AC31: Q4 | AD31: Q1 | AE31: Q2 | AF31: Q3 | AG31: Q4 | AH31: Q1 | AI31: Q2 | AJ31: Q3 | AK31: Q4 | AL31: Q1 | AM31: Q2 | AN31: Q3
A32: Mechanical locks, lock systems and fittings | B32: 22 | C32: 31 | D32: -29 | E32: 9 | F32: 7 | G32: 7 | H32: -7 | I32: 3 | J32: 2 | K32: 33 | L32: 66 | M32: 84 | N32: 85 | O32: 70 | P32: 71 | Q32: 65 | R32: 79 | S32: 87 | T32: 73 | U32: 57 | V32: 73.095334 | W32: 96.989504 | X32: 99.272944 | Y32: 102.23405 | Z32: 98 | AA32: 103 | AB32: 107.73655 | AC32: 106.71436 | AD32: 111.98777 | AE32: 118 | AF32: 109 | AG32: 105 | AH32: 105 | AI32: 102 | AJ32: 111 | AK32: 112 | AL32: 105 | AM32: 89 | AN32: 132
A33: Electromechanical and electronic locks | B33: 2432 | C33: 2609 | D33: 2446 | E33: 2826 | F33: 2426 | G33: 2864 | H33: 3006 | I33: 3599 | J33: 3330 | K33: 3676 | L33: 3843 | M33: 4240 | N33: 3782 | O33: 3130 | P33: 3461 | Q33: 3471 | R33: 3211 | S33: 3529 | T33: 3649 | U33: 3894 | V33: 3975.4989 | W33: 4316.4242 | X33: 5038.4334 | Y33: 5627.5293 | Z33: 5433 | AA33: 5732 | AB33: 5612.3056 | AC33: 5732.8136 | AD33: 5304.5382 | AE33: 5834 | AF33: 6201 | AG33: 6369 | AH33: 6121 | AI33: 6250 | AJ33: 6614 | AK33: 6647 | AL33: 5879 | AM33: 6501 | AN33: 6969
A34: Security doors and hardware | H34: 1 | I34: 0 | J34: 16 | K34: -4 | L34: 82 | M34: 53 | N34: 67 | O34: 52 | P34: -104 | Q34: 8 | R34: 12 | S34: 25 | T34: -17 | U34: 7 | V34: 2.5573467 | W34: 3.687869 | X34: 4.2543595 | Y34: 4.2357424 | Z34: 51 | AA34: 33 | AB34: 43.201665 | AC34: 45.870219 | AD34: 16.846781 | AE34: -12 | AF34: 3 | AG34: 20 | AH34: 32 | AI34: -25 | AJ34: 4 | AK34: 4 | AL34: 5 | AM34: 0 | AN34: 2
A35: Entrance Automation | B35: 28 | F35: 43
A37: Entrance Systems | B37: Q1 | C37: Q2 | D37: Q3 | E37: Q4 | F37: Q1 | G37: Q2 | H37: Q3 | I37: Q4 | J37: Q1 | K37: Q2 | L37: Q3 | M37: Q4 | N37: Q1 | O37: Q2 | P37: Q3 | Q37: Q4 | R37: Q1 | S37: Q2 | T37: Q3 | U37: Q4 | V37: Q1 | W37: Q2 | X37: Q3 | Y37: Q4 | Z37: Q1 | AA37: Q2 | AB37: Q3 | AC37: Q4 | AD37: Q1 | AE37: Q2 | AF37: Q3 | AG37: Q4 | AH37: Q1 | AI37: Q2 | AJ37: Q3 | AK37: Q4 | AL37: Q1 | AM37: Q2 | AN37: Q3
A38: Mechanical locks, lock systems and fittings | B38: 2 | C38: 2 | D38: 2 | E38: 4 | F38: 2 | G38: 2 | H38: 3 | I38: 2 | J38: 2 | K38: 2 | L38: 2 | M38: 2 | N38: 2 | O38: 1 | P38: 3 | Q38: 2 | R38: 2 | S38: 2 | T38: 2 | U38: 2 | V38: 2.1877827 | W38: 2.1109011 | X38: 1.8469318 | Y38: 2.0322101 | Z38: 3 | AA38: 2 | AB38: 1.8183723 | AC38: 2.218976 | AD38: 1.6987634 | AE38: 2 | AF38: 2 | AG38: 2 | AH38: 2 | AI38: 2 | AJ38: 2 | AK38: 2 | AL38: 2 | AM38: 2 | AN38: 2
A39: Electromechanical and electronic locks | B39: 194 | C39: 150 | D39: 171 | E39: 189 | F39: 209 | G39: 207 | H39: 250 | I39: 225 | J39: 209 | K39: 155 | L39: 184 | M39: 199 | N39: 205 | O39: 147 | P39: 190 | Q39: 195 | R39: 271 | S39: 230 | T39: 277 | U39: 238 | V39: 266.69423 | W39: 302.84139 | X39: 314.08527 | Y39: 295.43376 | Z39: 320 | AA39: 310 | AB39: 325.85027 | AC39: 348.71437 | AD39: 304.19406 | AE39: 292 | AF39: 322 | AG39: 313 | AH39: 302 | AI39: 281 | AJ39: 296 | AK39: 289 | AL39: 259 | AM39: 249 | AN39: 259
A40: Security doors and hardware | N40: 576 | O40: 610 | P40: 611 | Q40: 566 | R40: 690 | S40: 709 | T40: 754 | U40: 777 | V40: 938.16847 | W40: 1060.0994 | X40: 1002.7141 | Y40: 848.9791 | Z40: 856 | AA40: 1108 | AB40: 1049.8244 | AC40: 969.19097 | AD40: 1011.6131 | AE40: 1133 | AF40: 1132 | AG40: 1083 | AH40: 1215 | AI40: 1326 | AJ40: 1253 | AK40: 1028 | AL40: 1195 | AM40: 1314 | AN40: 1356
A41: Entrance Automation | B41: 4890 | C41: 5229 | D41: 5070 | E41: 5879 | F41: 5111 | G41: 5705 | H41: 5656 | I41: 6390 | J41: 5711 | K41: 6154 | L41: 6242 | M41: 6692 | N41: 5944 | O41: 5793 | P41: 6313 | Q41: 7164 | R41: 6536 | S41: 7066 | T41: 7025 | U41: 8110 | V41: 8445.7463 | W41: 9308.2866 | X41: 9747.6364 | Y41: 10388.955 | Z41: 9857 | AA41: 10296 | AB41: 10347.38 | AC41: 10868.46 | AD41: 10124.465 | AE41: 10770 | AF41: 10517 | AG41: 12441 | AH41: 11067 | AI41: 10795 | AJ41: 11044 | AK41: 11812 | AL41: 10208 | AM41: 11423 | AN41: 11885
A43: Other | B43: Q1 | C43: Q2 | D43: Q3 | E43: Q4 | F43: Q1 | G43: Q2 | H43: Q3 | I43: Q4 | J43: Q1 | K43: Q2 | L43: Q3 | M43: Q4 | N43: Q1 | O43: Q2 | P43: Q3 | Q43: Q4 | R43: Q1 | S43: Q2 | T43: Q3 | U43: Q4 | V43: Q1 | W43: Q2 | X43: Q3 | Y43: Q4 | Z43: Q1 | AA43: Q2 | AB43: Q3 | AC43: Q4 | AD43: Q1 | AE43: Q2 | AF43: Q3 | AG43: Q4 | AH43: Q1 | AI43: Q2 | AJ43: Q3 | AK43: Q4 | AL43: Q1 | AM43: Q2 | AN43: Q3
A44: Mechanical locks, lock systems and fittings | B44: -157 | C44: -173 | D44: -168 | E44: -154 | F44: -164 | G44: -177 | H44: -172 | I44: -164 | J44: -177 | K44: -173 | L44: -187 | M44: -171 | N44: -164 | O44: -185 | P44: -157 | Q44: -132 | R44: -162 | S44: -162 | T44: -187 | U44: -191 | V44: -192.72897 | W44: -205.18629 | X44: -216.42293 | Y44: -175.13407 | Z44: -217 | AA44: -199 | AB44: -185.97308 | AC44: -178.47512 | AD44: -206.1613 | AE44: -230 | AF44: -229 | AG44: -209 | AH44: -195 | AI44: -181 | AJ44: -192 | AK44: -181 | AL44: -193 | AM44: -244 | AN44: -245
A45: Electromechanical and electronic locks | B45: -114 | C45: -99 | D45: -107 | E45: -116 | F45: -131 | G45: -176 | H45: -212 | I45: -258 | J45: -274 | K45: -302 | L45: -241 | M45: -199 | N45: -174 | O45: -233 | P45: -182 | Q45: -211 | R45: -210 | S45: -235 | T45: -292 | U45: -328 | V45: -284.7778 | W45: -335.29474 | X45: -409.13802 | Y45: -423.48421 | Z45: -446 | AA45: -365 | AB45: -148.61378 | AC45: -169.08708 | AD45: -192.65199 | AE45: -242 | AF45: -217 | AG45: -201 | AH45: -209 | AI45: -206 | AJ45: -197 | AK45: -201 | AL45: -210 | AM45: -215 | AN45: -246
A46: Security doors and hardware | B46: -12 | C46: -14 | D46: -15 | E46: -14 | F46: -17 | G46: -19 | H46: -18 | I46: -15 | J46: -21 | K46: -31 | L46: -26 | M46: -26 | N46: -21 | O46: -26 | P46: -33 | Q46: -21 | R46: -25 | S46: -26 | T46: -39 | U46: -37 | V46: -34.93532 | W46: -34.225253 | X46: -40.212121 | Y46: -35.804664 | Z46: -35 | AA46: -31 | AB46: -44.158117 | AC46: -40.208448 | AD46: -40.302937 | AE46: -43 | AF46: -50 | AG46: -49 | AH46: -46 | AI46: -41 | AJ46: -51 | AK46: -49 | AL46: -58 | AM46: -57 | AN46: -70
A47: Entrance Automation | B47: -29 | C47: -27 | D47: -21 | E47: -27 | F47: -25 | G47: -26 | H47: -25 | I47: -27 | J47: -33 | K47: -37 | L47: -24 | M47: -28 | N47: -32 | O47: -32 | P47: -29 | Q47: -36 | R47: -32 | S47: -35 | T47: -29 | U47: -44 | V47: -29.660114 | W47: -25.362723 | X47: -37.180616 | Y47: -25.734531 | Z47: -31 | AA47: -32 | AB47: -19.622988 | AC47: -31.241188 | AD47: -33.36769 | AE47: -35 | AF47: -21 | AG47: -29 | AH47: -25 | AI47: -16 | AJ47: -20 | AK47: -27 | AL47: -38 | AM47: -39 | AN47: -45

Sheet FY Figures
A4: Annual figures (MSEK)
B6: 2015 | C6: 2016 | D6: 2017 | E6: 2018 | F6: 2019 | G6: 2020 | H6: 2021 | I6: 2022 | J6: 2023 | K6: 2024 | L6: 2025
B7: FY | C7: FY | D7: FY | E7: FY | F7: FY | G7: FY | H7: FY | I7: FY | J7: FY | K7: FY | L7: FY
A8: Sales by division
A9: EMEIA | B9: 16524 | C9: 16837 | D9: 18081 | E9: 20201 | F9: 21144 | G9: 18982 | H9: 20522 | I9: 22858 | J9: 24830.922 | K9: 25098 | L9: 25822
A10: Americas | B10: 15665 | C10: 17044 | D10: 17940 | E10: 19817 | F10: 23172 | G10: 19013 | H10: 20507 | I10: 28344 | J10: 38008.91 | K10: 44340 | L10: 43489
A11: APAC | B11: 10171 | C11: 9189 | D11: 9211 | E11: 9949 | F11: 10689 | G11: 8841 | H11: 8719 | I11: 9824 | J11: 10284.351 | K11: 9120 | L11: 8145
A12: Global Technologies | B12: 9100 | C12: 9697 | D12: 10373 | E12: 11951 | F12: 15423 | G12: 14158 | H12: 14604 | I12: 19344 | J12: 23099.011 | K12: 24179 | L12: 26077
A13: Entrance Systems | B13: 17957 | C13: 19789 | D13: 21781 | E13: 23762 | F13: 25553 | G13: 28323 | H13: 32690 | I13: 42928 | J13: 46665.338 | K13: 49451 | L13: 50715
A14: Other | B14: -1318 | C14: -1263 | D14: -1249 | E14: -1632 | F14: -1952 | G14: -1668 | H14: -2036 | I14: -2505 | J14: -2172.8311 | K14: -2027 | L14: -1839
A15: Group | B15: 68099 | C15: 71293 | D15: 76137 | E15: 84048 | F15: 94029 | G15: 87649 | H15: 95007 | I15: 120793 | J15: 140715.7 | K15: 150162 | L15: 152409
A17: Cost of goods sold | B17: -41704 | C17: -44319 | D17: -46148 | E17: -51345 | F17: -56499 | G17: -53336 | H17: -57231 | I17: -72862 | J17: -84212 | K17: -87434 | L17: -87440
A19: Gross income | B19: 26395 | C19: 26974 | D19: 29988 | E19: 32703 | F19: 37530 | G19: 34313 | H19: 37777 | I19: 47931 | J19: 56504 | K19: 62728 | L19: 64969
A21: Selling, administrative and R&D costs | B21: -15449 | C21: -17444 | D21: -17777 | E21: -21178 | F21: -23069 | G21: -24021 | H21: -23614 | I21: -29426 | J21: -36054 | K21: -38523 | L21: -41618
A22: Share of earnings in associates | B22: 134 | C22: 127 | D22: 129 | E22: 167 | F22: 147 | G22: 257 | H22: 19 | I22: 26 | J22: 18 | K22: 45 | L22: 28
A23: Impairment of goodwill and other intangible assets | E23: -5595 | J23: -2271
A24: Capital gain from divestment | J24: 3588 | K24: 24 | L24: -228
A25: Revaluation previously owned shares in associates | G25: 1909
A27: Group EBITA excluding items affecting comparability | C27: 11450 | D27: 12584 | E27: 13302 | F27: 15402 | G27: 12490 | H27: 14782 | I27: 19187 | J27: 23261 | K27: 25681 | L27: 26290
A28: EBITA excluding items affecting comparability, % | C28: 16.1 | D28: 16.5 | E28: 15.8 | F28: 16.4 | G28: 14.3 | H28: 15.6 | I28: 15.9 | J28: 16.5 | K28: 17.1 | L28: 17.2
A30: Operating profit excluding items affecting comparability
A31: EMEIA | B31: 2620 | C31: 2722 | D31: 2990 | E31: 3256 | F31: 3396 | G31: 2263 | H31: 2916 | I31: 3335 | J31: 3388.3121 | K31: 3552 | L31: 3748
A32: Americas | B32: 3363 | C32: 3640 | D32: 3815 | E32: 3941 | F32: 4673 | G32: 3698 | H32: 4200 | I32: 5899 | J32: 7185.5741 | K32: 8207 | L32: 7844
A33: APAC | B33: 1436 | C33: 787 | D33: 934 | E33: 492 | F33: 879 | G33: 396 | H33: 499 | I33: 119 | J33: 662.27148 | K33: 619 | L33: 652
A34: Global Technologies | B34: 1647 | C34: 1752 | D34: 1946 | E34: 2387 | F34: 2890 | G34: 2023 | H34: 2253 | I34: 3065 | J34: 3996.0157 | K34: 4224 | L34: 4635
A35: Entrance Systems | B35: 2436 | C35: 2753 | D35: 3087 | E35: 3358 | F35: 3652 | G35: 4083 | H35: 4988 | I35: 6847 | J35: 7806.6076 | K35: 8493 | L35: 8699
A36: Other | B36: -423 | C36: -400 | D36: -431 | E36: -525 | F36: -570 | G36: -547 | H36: -675 | I36: -732 | J36: -854.23253 | K36: -799 | L36: -914
A37: Group EBIT | B37: 11079 | C37: 11254 | D37: 12341 | E37: 12909 | F37: 14920 | G37: 11916 | H37: 14181 | I37: 18532 | J37: 22184.548 | K37: 24296 | L37: 24664
A39: Operating margin excluding items affecting comparability
A40: EMEIA | B40: 15.9 | C40: 16.2 | D40: 16.5 | E40: 16.1 | F40: 16.1 | G40: 11.9 | H40: 14.2 | I40: 14.6 | J40: 13.6 | K40: 14.2 | L40: 14.5
A41: Americas | B41: 21.5 | C41: 21.4 | D41: 21.3 | E41: 19.9 | F41: 20.2 | G41: 19.4 | H41: 20.5 | I41: 20.8 | J41: 18.9 | K41: 18.5 | L41: 18
A42: APAC | B42: 14.1 | C42: 8.6 | D42: 10.1 | E42: 4.9 | F42: 8.2 | G42: 4.5 | H42: 5.7 | I42: 1.2 | J42: 6.4 | K42: 6.8 | L42: 8
A43: Global Technologies | B43: 18.1 | C43: 18.1 | D43: 18.8 | E43: 20 | F43: 18.7 | G43: 14.3 | H43: 15.4 | I43: 15.8 | J43: 17.3 | K43: 17.5 | L43: 17.8
A44: Entrance Systems | B44: 13.6 | C44: 13.9 | D44: 14.2 | E44: 14.1 | F44: 14.3 | G44: 14.4 | H44: 15.3 | I44: 15.9 | J44: 16.7 | K44: 17.2 | L44: 17.2
A45: Group EBIT, % | B45: 16.3 | C45: 15.8 | D45: 16.2 | E45: 15.4 | F45: 15.9 | G45: 13.6 | H45: 14.9 | I45: 15.3 | J45: 15.8 | K45: 16.2 | L45: 16.2
A47: Finance net | B47: -697 | C47: -705 | D47: -668 | E47: -799 | F47: -1037 | G47: -782 | H47: -643 | I47: -1011 | J47: -2531 | K47: -3382 | L47: -3329
A49: Income before tax | B49: 10382 | C49: 8952 | D49: 11673 | E49: 5297 | F49: 13571 | G49: 11133 | H49: 13538 | I49: 17521 | J49: 19254 | K49: 20893 | L49: 19823
A51: Tax on income | B51: -2689 | C51: -2328 | D51: -3038 | E51: -2542 | F51: -3574 | G51: -2504 | H51: -2638 | I51: -4225 | J51: -5615 | K51: -5272 | L51: -5115
A53: Net income for the period | B53: 7693 | C53: 6653 | D53: 8635 | E53: 2755 | F53: 9997 | G53: 8375 | H53: 10901 | I53: 13296 | J53: 13639 | K53: 15621 | L53: 14708
A55: Organic growth
A56: EMEIA | B56: 0.04 | C56: 0.03 | D56: 0.04 | E56: 0.02 | F56: 0.02 | G56: -0.08 | H56: 0.13 | I56: 0.05 | J56: -0.02 | K56: 0 | L56: 0.02
A57: Americas | B57: 0.07 | C57: 0.05 | D57: 0.04 | E57: 0.09 | F57: 0.07 | G57: -0.07 | H57: 0.14 | I57: 0.17 | J57: 0.06 | K57: 0.02 | L57: 0.03
A58: APAC | B58: -0.03 | C58: -0.09 | D58: 0 | E58: 0.04 | F58: -0.01 | G58: -0.16 | H58: 0.02 | I58: -0.05 | J58: -0.02 | K58: -0.06 | L58: -0.03
A59: Global Technologies | B59: 0.07 | C59: 0.03 | D59: 0.07 | E59: 0.08 | F59: 0.05 | G59: -0.15 | H59: 0.05 | I59: 0.15 | J59: 0.09 | K59: -0.02 | L59: 0.07
A60: Entrance Systems | B60: 0.05 | C60: 0.04 | D60: 0.04 | E60: 0.04 | F60: 0.02 | G60: -0.02 | H60: 0.14 | I60: 0.17 | J60: 0.01 | K60: -0.01 | L60: 0.02
A61: Group | B61: ='Key summary'!B10/100 -> 0.04 | C61: ='Key summary'!C10/100 -> 0.02 | D61: ='Key summary'!D10/100 -> 0.04 | E61: ='Key summary'!E10/100 -> 0.05 | F61: ='Key summary'!F10/100 -> 0.03 | G61: ='Key summary'!G10/100 -> -0.08 | H61: ='Key summary'!H10/100 -> 0.11 | I61: ='Key summary'!I10/100 -> 0.12 | J61: ='Key summary'!I10/100 -> 0.12 | K61: -0.01 | L61: 0.03
A63: Operating cash flow
A64: EMEIA | B64: 2622 | C64: 2577 | D64: 2977 | E64: 2819 | F64: 3515 | G64: 2939 | H64: 3089 | I64: 2785 | J64: 4183 | K64: 3872 | L64: 4277
A65: Americas | B65: 3217 | C65: 3447 | D65: 3491 | E65: 3903 | F65: 5263 | G65: 4837 | H65: 3722 | I65: 5520 | J65: 8181 | K65: 7581 | L65: 8171
A66: APAC | B66: 1235 | C66: 1564 | D66: 859 | E66: 811 | F66: 622 | G66: 762 | H66: 285 | I66: 288 | J66: 1213 | K66: 997 | L66: 537
A67: Global Technologies | B67: 1557 | C67: 1724 | D67: 1732 | E67: 2463 | F67: 3183 | G67: 2509 | H67: 3179 | I67: 2974 | J67: 4145 | K67: 4585 | L67: 5390
A68: Entrance Systems | B68: 2637 | C68: 2713 | D68: 3065 | E68: 2772 | F68: 3655 | G68: 4974 | H68: 3971 | I68: 5436 | J68: 10391 | K68: 10017 | L68: 8612
A69: Group | B69: 9952 | C69: 10467 | D69: 10929 | E69: 11357 | F69: 14442 | G69: 14560 | H69: 13265 | I69: 15808 | J69: 25232 | K69: 23052 | L69: 22660
A71: Return on capital employed, %
A72: EMEIA | B72: 20.4 | C72: 19.9 | D72: 21.4 | E72: 20.1 | F72: 18.4 | G72: 11.874016 | H72: 16.2 | I72: 16.8 | J72: 14.8 | K72: 15.9 | L72: 15.4
A73: Americas | B73: 24.1 | C73: 25 | D73: 24.2 | E73: 22.5 | F73: 23.6 | G73: 24.351376 | H73: 30 | I73: 32.1 | J73: 16.3 | K73: 12.7 | L73: 12.7
A74: APAC | B74: 12.6 | C74: 6.6 | D74: 7.8 | E74: 4.8 | F74: 10.3 | G74: 4.4556678 | H74: 5.9 | I74: 1.2 | J74: 5.8 | K74: 5.8 | L74: 6.7
A75: Global Technologies | B75: 18.8 | C75: 16.6 | D75: 14.4 | E75: 14 | F75: 14 | G75: 8.8895724 | H75: 10.4 | I75: 12.4 | J75: 15.2 | K75: 14.8 | L75: 14.5
A76: Entrance Systems | B76: 14.9 | C76: 15.7 | D76: 16.4 | E76: 16.9 | F76: 16.2 | G76: 13.910466 | H76: 15.8 | I76: 18.8 | J76: 20.3 | K76: 20.1 | L76: 19.4
A77: Group | B77: 17.8 | C77: 16.5 | D77: 16.6 | E77: 16.2 | F77: 17 | G77: 12.542894 | H77: 15.2 | I77: 16.9 | J77: 15.6 | K77: 14.4 | L77: 14.2

Sheet Sales by country
A4: Annual figures (MSEK)
B6: 2015 | C6: 2016 | D6: 2017 | E6: 2018 | F6: 2019 | G6: 2020 | H6: 2021 | I6: 2022 | J6: 2023 | K6: 2024 | L6: 2025
B7: FY | C7: FY | D7: FY | E7: FY | F7: FY | G7: FY | H7: FY | I7: FY | J7: FY | K7: FY | L7: FY
A8: United States | B8: 23038.77 | C8: 25276 | D8: 26940 | E8: 30970 | F8: 36972 | G8: 34659 | H8: 36728 | I8: 54093 | J8: 64522 | K8: 71151 | L8: 72621
A9: United Kingdom | B9: 3019.261 | C9: 2961 | D9: 3134 | E9: 3728 | F9: 4135 | G9: 3043 | H9: 4611 | I9: 5658 | J9: 6410 | K9: 6676 | L9: 7105
A10: France | B10: 3261.46 | C10: 3510 | D10: 3714 | E10: 3960 | F10: 4087 | G10: 4046 | H10: 5503 | I10: 6250 | J10: 7409 | K10: 7076.6378 | L10: 6839
A11: Germany | B11: 2885.827 | C11: 2949 | D11: 3193 | E11: 3310 | F11: 3678 | G11: 3616 | H11: 4074 | I11: 4768 | J11: 5380 | K11: 5743 | L11: 6666
A12: Canada | B12: 2238.145 | C12: 2194 | D12: 2420 | E12: 2659 | F12: 2882 | G12: 2885 | H12: 3354 | I12: 4097 | J12: 5540 | K12: 6440 | L12: 6174
A13: Sweden | B13: 3578.875 | C13: 3895 | D13: 4203 | E13: 4551 | F13: 4739 | G13: 4767 | H13: 5009 | I13: 5044 | J13: 5018 | K13: 5035 | L13: 5200
A14: Australia | B14: 2009.947 | C14: 1974 | D14: 2145 | E14: 2100 | F14: 2625 | G14: 3124 | H14: 3377 | I14: 4046 | J14: 4646 | K14: 4392 | L14: 4417
A15: Netherlands | B15: 1605.853 | C15: 1747 | D15: 1866 | E15: 2090 | F15: 2279 | G15: 2179 | H15: 2335 | I15: 2650 | J15: 3051 | K15: 3121 | L15: 3423
A16: Mexico | B16: 1054.476 | C16: 956 | D16: 1274 | E16: 1407 | F16: 1636 | G16: 1395 | H16: 1571 | I16: 2156 | J16: 2620 | K16: 2763 | L16: 2344
A17: Brazil | B17: 526.053 | C17: 822 | D17: 922 | E17: 945 | F17: 1018 | G17: 788 | H17: 1037 | I17: 1475 | J17: 2218 | K17: 2291 | L17: 2179
A18: Switzerland | B18: 774.993 | C18: 829 | D18: 784 | E18: 902 | F18: 971 | G18: 1064 | H18: 1308 | I18: 1553 | J18: 1674 | K18: 1957 | L18: 2118
A19: Spain | B19: 873.523 | C19: 997 | D19: 1057 | E19: 1223 | F19: 1294 | G19: 1052 | H19: 1217 | I19: 1420 | J19: 1599 | K19: 1876 | L19: 2114
... A44: Hungary | B44: 125.784 | C44: 129 | D44: 182 | E44: 219 | F44: 231 | G44: 243 | H44: 277 | I44: 317 | J44: 282 | K44: 311 | L44: 325
A45: Peru | B45: Not disclosed, refer to "Other" | I45: 131 | J45: 191 | K45: 374 | L45: 315
A46: Taiwan | B46: Not disclosed, refer to "Other" | H46: 174 | I46: 224 | J46: 311 | K46: 303 | L46: 302
A47: Romania | B47: 133.985 | C47: 163 | D47: 166 | E47: 206 | F47: 196 | G47: 199 | H47: 214 | I47: 294 | J47: 262 | K47: 305 | L47: 296
A48: Estonia | B48: 140.702 | C48: 136 | D48: 161 | E48: 182 | F48: 191 | G48: 229 | H48: 217 | I48: 266 | J48: 268 | K48: 285 | L48: 289
A49: Croatia | B49: 95.334 | C49: 106 | D49: 113 | E49: 126 | F49: 134 | G49: 125 | H49: 146 | I49: 174 | J49: 228 | K49: 306 | L49: 276
A50: Thailand | B50: 209.533 | C50: 244 | D50: 215 | E50: 239 | F50: 278 | G50: 198 | H50: 166 | I50: 216 | J50: 266 | K50: 259 | L50: 267
A51: Guatemala | B51: Not disclosed, refer to "Other" | H51: 136 | I51: 178 | J51: 206 | K51: 253 | L51: 256
A52: Costa Rica | B52: Not disclosed, refer to "Other" | I52: 121 | J52: 185 | K52: 239 | L52: 242
A53: Malaysia | B53: 224.461 | C53: 274 | D53: 251 | E53: 237 | F53: 217 | G53: 134 | H53: 148 | I53: 173 | J53: 186 | K53: 170 | L53: 229
A54: Philippines | B54: 138.981 | C54: 199 | D54: 221 | E54: 247 | F54: 315 | G54: 159 | H54: 180 | I54: 306 | J54: 330 | K54: 219 | L54: 208
A55: Latvia | B55: Not disclosed, refer to "Other" | K55: 105 | L55: 149
A56: Slovakia | B56: Not disclosed, refer to "Other" | K56: 134 | L56: 139
A57: Luxembourg | B57: Not disclosed, refer to "Other" | K57: 132 | L57: 138
A58: Other | B58: 2459.894 | C58: 2653 | D58: 3010 | E58: 3325 | F58: 3560 | G58: 4085 | H58: 3165 | I58: 3663 | J58: 4031 | K58: 4043 | L58: 3255
A59: Total | B59: 68099 | C59: 71293 | D59: 76137 | E59: 84048 | F59: 94029 | G59: 87649 | H59: 95007 | I59: 120793 | J59: 140716 | K59: 150162 | L59: 152409

Sheet FY BS
A4: Annual figures (MSEK)
B6: 2015 | C6: 2016 | D6: 2017 | E6: 2018 | F6: 2019 | G6: 2020 | H6: 2021 | I6: 2022 | J6: 2023 | K6: 2024 | L6: 2025
B7: FY | C7: FY | D7: FY | E7: FY | F7: FY | G7: FY | H7: FY | I7: FY | J7: FY | K7: FY | L7: FY
A8: ASSETS
A9: Non-current assets
A10: Intangible assets | B10: 51863 | C10: 57096 | D10: 61409 | E10: 64861 | F10: 70355 | G10: 72452 | H10: 76336 | I10: 90897 | J10: 127704 | K10: 145405 | L10: 137958
A11: Property, plant and equipment | B11: 7562 | C11: 8066 | D11: 8065 | E11: 8070 | F11: 8498 | G11: 8026 | H11: 8753 | I11: 10106 | J11: 11460 | K11: 12653 | L11: 11807
A12: Right-of-use assets | E12: 119 | F12: 3731 | G12: 3513 | H12: 3436 | I12: 3804 | J12: 5296 | K12: 6295 | L12: 6287
A13: Investments in associates | B13: 1910 | C13: 2109 | D13: 2243 | E13: 2434 | F13: 2595 | G13: 637 | H13: 652 | I13: 676 | J13: 622 | K13: 710 | L13: 564
A14: Other financial assets | B14: 77 | C14: 86 | D14: 227 | E14: 152 | F14: 104 | G14: 212 | H14: 267 | I14: 373 | J14: 412 | K14: 698 | L14: 626
A15: Deferred tax assets | B15: 1434 | C15: 1899 | D15: 1355 | E15: 1354 | F15: 1205 | G15: 1338 | H15: 1264 | I15: 1313 | J15: 1863 | K15: 2097 | L15: 1735
A16: Total non-current assets | B16: 62847 | C16: 69257 | D16: 73299 | E16: 76991 | F16: 86487 | G16: 86178 | H16: 90707 | I16: 107170 | J16: 147357 | K16: 167859 | L16: 158976
A18: Current assets
A19: Inventories | B19: 8348 | C19: 9565 | D19: 9430 | E19: 11316 | F19: 11276 | G19: 10079 | H19: 13933 | I19: 19217 | J19: 18603 | K19: 21020 | L19: 19247
A20: Trade receivables | B20: 11775 | C20: 12648 | D20: 13068 | E20: 14496 | F20: 15701 | G20: 13665 | H20: 15844 | I20: 19760 | J20: 20934 | K20: 23444 | L20: 21327
A21: Current tax receivables | B21: 416 | C21: 497 | D21: 472 | E21: 457 | F21: 704 | G21: 1060 | H21: 1231 | I21: 1084 | J21: 2022 | K21: 1385 | L21: 1690
A22: Other current receivables | B22: 1139 | C22: 1273 | D22: 1552 | E22: 1327 | F22: 1510 | G22: 1542 | H22: 1720 | I22: 1461 | J22: 1898 | K22: 1942 | L22: 1826
A23: Prepaid expenses and accrued income | B23: 970 | C23: 1123 | D23: 1015 | E23: 1256 | F23: 1673 | G23: 1675 | H23: 1945 | I23: 2314 | J23: 2908 | K23: 3008 | L23: 2995
A24: Derivative financial instruments | B24: 148 | C24: 167 | D24: 107 | E24: 117 | F24: 202 | G24: 426 | H24: 262 | I24: 139 | J24: 926 | K24: 419 | L24: 907
A25: Short-term investments | B25: 34 | C25: 2 | D25: 43 | E25: 71 | F25: 55 | G25: 46 | H25: 8 | I25: 0 | J25: 236 | K25: 25 | L25: 6
A26: Cash and cash equivalents | B26: 501 | C26: 750 | D26: 459 | E26: 538 | F26: 442 | G26: 2756 | H26: 4325 | I26: 3417 | J26: 1466 | K26: 4504 | L26: 1398
A27: Total current assets | B27: 23330 | C27: 26025 | D27: 26145 | E27: 29755 | F27: 31563 | G27: 31250 | H27: 39267 | I27: 47394 | J27: 48994 | K27: 55747 | L27: 49395
A28: TOTAL ASSETS | B28: 86177 | C28: 95282 | D28: 99444 | E28: 106568 | F28: 118050 | G28: 117428 | H28: 129975 | I28: 154564 | J28: 196351 | K28: 223605 | L28: 208371
A30: EQUITY AND LIABILITES
A31: Equity
A32: Parent company´s shareholders
A33: Share capital | B33: 371 | C33: 371 | D33: 371 | E33: 371 | F33: 371 | G33: 371 | H33: 371 | I33: 371 | J33: 371 | K33: 371 | L33: 371
A34: Other contributed capital | B34: 9675 | C34: 9675 | D34: 9675 | E34: 9675 | F34: 9675 | G34: 9675 | H34: 9675 | I34: 9675 | J34: 9675 | K34: 9675 | L34: 9675
A35: Reserves | B35: 2642 | C35: 2540 | D35: 2932 | E35: 5096 | F35: 6728 | G35: 1794 | H35: 5237 | I35: 12133 | J35: 9455 | K35: 15206 | L35: 1453
A36: Retained earnings | B36: 28888 | C36: 34634 | D36: 37670 | E36: 36748 | F36: 42368 | G36: 47030 | H36: 54299 | I36: 63835 | J36: 72128 | K36: 81819 | L36: 90099
A37: Equity attributable to the Parent company´s shareholders | B37: 41575 | C37: 47220 | D37: 50648 | E37: 51890 | F37: 59143 | G37: 58870 | H37: 69582 | I37: 86014 | J37: 91629 | K37: 107071 | L37: 101597
A39: Non-controlling interest | B39: 4 | C39: 5 | D39: 9 | E39: 10 | F39: 11 | G39: 9 | H39: 9 | I39: 12 | J39: 16 | K39: 10 | L39: 122
A40: Total equity | B40: 41579 | C40: 47224 | D40: 50657 | E40: 51900 | F40: 59154 | G40: 58879 | H40: 69592 | I40: 86026 | J40: 91644 | K40: 107080 | L40: 101719
A42: Non-current liabilities
A43: Long-term loans | B43: 15568 | C43: 16901 | D43: 16859 | E43: 19398 | F43: 21100 | G43: 22381 | H43: 20195 | I43: 20523 | J43: 49917 | K43: 54989 | L43: 46553
A44: Non-current lease liabilities | E44: 91 | F44: 2588 | G44: 2477 | H44: 2433 | I44: 2624 | J44: 4001 | K44: 4817 | L44: 4900
A45: Deferred tax liabilities | B45: 2031 | C45: 2344 | D45: 2218 | E45: 1764 | F45: 2368 | G45: 2868 | H45: 2581 | I45: 2785 | J45: 2991 | K45: 3322 | L45: 4022
A46: Pension provisions | B46: 2761 | C46: 3121 | D46: 2933 | E46: 2880 | F46: 3346 | G46: 3514 | H46: 2736 | I46: 1351 | J46: 1435 | K46: 1478 | L46: 1136
A47: Other non-current provisions | B47: 1717 | C47: 1945 | D47: 1447 | E47: 745 | F47: 722 | G47: 616 | H47: 460 | I47: 530 | J47: 891 | K47: 527 | L47: 741
A48: Other non-current liabilities | B48: 2089 | C48: 1634 | D48: 836 | E48: 1406 | F48: 1002 | G48: 828 | H48: 703 | I48: 1124 | J48: 897 | K48: 922 | L48: 1381
A49: Total non-current liabilities | B49: 24166 | C49: 25945 | D49: 24293 | E49: 26283 | F49: 31127 | G49: 32683 | H49: 29108 | I49: 28936 | J49: 60131 | K49: 66056 | L49: 58732
A51: Current liabilities
A52: Short-term loans | B52: 4574 | C52: 3929 | D52: 6151 | E52: 7594 | F52: 5460 | G52: 3514 | H52: 5042 | I52: 9304 | J52: 9833 | K52: 11958 | L52: 12185
A53: Current lease liabilities | F53: 1151 | G53: 1085 | H53: 1082 | I53: 1284 | J53: 1443 | K53: 1737 | L53: 1715
A54: Derivative financial instruments | B54: 80 | C54: 137 | D54: 112 | E54: 116 | F54: 150 | G54: 172 | H54: 347 | I54: 428 | J54: 331 | K54: 445 | L54: 303
A55: Trade payables | B55: 6553 | C55: 7443 | D55: 7811 | E55: 7893 | F55: 7908 | G55: 7027 | H55: 9527 | I55: 10469 | J55: 11320 | K55: 12593 | L55: 11030
A56: Current tax liabilities | B56: 1145 | C56: 1142 | D56: 751 | E56: 1943 | F56: 1536 | G56: 1341 | H56: 1598 | I56: 1785 | J56: 1744 | K56: 1470 | L56: 1177
A57: Current provisions | B57: 607 | C57: 797 | D57: 699 | E57: 891 | F57: 630 | G57: 1159 | H57: 794 | I57: 415 | J57: 736 | K57: 431 | L57: 824
A58: Other current liabilities | B58: 2847 | C58: 3190 | D58: 3446 | E58: 3551 | F58: 3765 | G58: 3880 | H58: 3840 | I58: 4426 | J58: 5017 | K58: 6302 | L58: 5396
A59: Accrued expenses and deferred income | B59: 4626 | C59: 5474 | D59: 5524 | E59: 6396 | F59: 7170 | G59: 7687 | H59: 9045 | I59: 11492 | J59: 14152 | K59: 15532 | L59: 15290
A60: Total current liabilities | B60: 20432 | C60: 22112 | D60: 24494 | E60: 28385 | F60: 27769 | G60: 25865 | H60: 31276 | I60: 39602 | J60: 44576 | K60: 50469 | L60: 47920
A61: TOTAL EQUITY AND LIABILITIES | B61: 86177 | C61: 95282 | D61: 99444 | E61: 106568 | F61: 118050 | G61: 117428 | H61: 129975 | I61: 154564 | J61: 196351 | K61: 223605 | L61: 208371

Sheet Key summary
A4: Annual figures (MSEK)
B6: 2015 | C6: 2016 | D6: 2017 | E6: 2018 | F6: 2019 | G6: 2020 | H6: 2021 | I6: 2022 | J6: 2023 | K6: 2024 | L6: 2025
B7: FY | C7: FY | D7: FY | E7: FY | F7: FY | G7: FY | H7: FY | I7: FY | J7: FY | K7: FY | L7: FY
A8: Sales and income
A9: Sales | B9: 68099 | C9: 71293 | D9: 76137 | E9: 84048 | F9: 94029 | G9: 87649 | H9: 95007 | I9: 120793 | J9: 140716 | K9: 150162 | L9: 152409
A10: Organic growth % | B10: 4 | C10: 2 | D10: 4 | E10: 5 | F10: 3 | G10: -8 | H10: 11 | I10: 12 | J10: 3 | K10: -1 | L10: 3
A11: Acquisitions and divestments % | B11: 3 | C11: 3 | D11: 2 | E11: 2 | F11: 3 | G11: 4 | H11: 2 | I11: 2 | J11: 8 | K11: 8 | L11: 5
A12: Operating income excluding items affecting comparability | B12: 11079 | C12: 11254 | D12: 12341 | E12: 12909 | F12: 14920 | G12: 11916 | H12: 14181 | I12: 18532 | J12: 22185 | K12: 24296 | L12: 24664
A13: Operating income | B13: 11079 | C13: 9657 | D13: 12341 | E13: 6096 | F13: 14608 | G13: 12458 | H13: 14181 | I13: 18532 | J13: 21785 | K13: 24275 | L13: 23151
A14: Income before tax | B14: 10382 | C14: 8952 | D14: 11673 | E14: 5297 | F14: 13571 | G14: 11676 | H14: 13538 | I14: 17521 | J14: 19254 | K14: 20893 | L14: 19823
A15: Net income | B15: 7693 | C15: 6653 | D15: 8635 | E15: 2755 | F15: 9997 | G15: 9172 | H15: 10901 | I15: 13296 | J15: 13639 | K15: 15621 | L15: 14708
A17: Cash flow
A18: Cash flow from operating activities | B18: 8572 | C18: 8575 | D18: 9248 | E18: 9225 | F18: 12665 | G18: 13658 | H18: 12456 | I18: 14357 | J18: 21294 | K18: 21391 | L18: 21412
A19: Cash flow from investing activities | B19: -4412 | C19: -4063 | D19: -8661 | E19: -6427 | F19: -5464 | G19: -6741 | H19: -3094 | I19: -10561 | J19: -47899 | K19: -13925 | L19: -13163
A20: Cash flow from financing activities | B20: -4335 | C20: -4271 | D20: -861000 | E20: -2728 | F20: -7301 | G20: -4558 | H20: -7813 | I20: -4699 | J20: 24726 | K20: -4447 | L20: -11181
A21: Cash flow | B21: -175 | C21: 240 | D21: -274 | E21: 70 | F21: -100 | G21: 2359 | H21: 1549 | I21: -904 | J21: -1880 | K21: 3019 | L21: -2932
A22: Operating cash flow | B22: 9952 | C22: 10467 | D22: 10929 | E22: 11357 | F22: 14442 | G22: 14560 | H22: 13265 | I22: 15808 | J22: 25232 | K22: 23052 | L22: 22660
A24: Capital employed and financing
A25: Capital employed | B25: 63848 | C25: 70351 | D25: 75932 | E25: 81146 | F25: 92204 | G25: 88634 | H25: 96663 | I25: 117758 | J25: 155753 | K25: 177333 | L25: 165996
A26: – of which goodwill | B26: 42777 | C26: 47544 | D26: 50330 | E26: 53413 | F26: 57662 | G26: 58344 | H26: 62502 | I26: 75873 | J26: 92873 | K26: 106874 | L26: 101119
A27: – of which other intangible assets and property, plant and equipment | B27: 16649 | C27: 17618 | D27: 19144 | E27: 19518 | F27: 21191 | G27: 22134 | H27: 22587 | I27: 25130 | J27: 46291 | K27: 51184 | L27: 48645
A28: – of which right-of-use assets | E28: 119 | F28: 3731 | G28: 3513 | H28: 3436 | I28: 3804 | J28: 5296 | K28: 6295 | L28: 6287
A29: – of which shares and interests in associates | B29: 1910 | C29: 2109 | D29: 2243 | E29: 2434 | F29: 2595 | G29: 637 | H29: 652 | I29: 676 | J29: 622 | K29: 710 | L29: 564
A30: Net debt | B30: 22269 | C30: 23127 | D30: 25275 | E30: 29246 | F30: 33050 | G30: 29755 | H30: 27071 | I30: 31732 | J30: 64109 | K30: 70253 | L30: 64277
A31: Non-controlling interests | B31: 4 | C31: 5 | D31: 9 | E31: 10 | F31: 11 | G31: 9 | H31: 9 | I31: 12 | J31: 16 | K31: 10 | L31: 122
A32: Shareholders’ equity, excluding non-controlling interest | B32: 41575 | C32: 47220 | D32: 50648 | E32: 51890 | F32: 59143 | G32: 58870 | H32: 69582 | I32: 86014 | J32: 91629 | K32: 107071 | L32: 101597
A34: Data per share
A35: Earnings per share before and after dilution | B35: 6.93 | C35: 5.99 | D35: 7.77 | E35: 2.48 | F35: 9 | G35: 8.26 | H35: 9.81 | I35: 11.97 | J35: 13.54 | K35: 14.08 | L35: 13.23
A36: Earnings per share before and after dilution and excluding items affecting comparability | B36: 6.93 | C36: 7.09 | D36: 7.77 | E36: 8.09 | F36: 9.22 | G36: 7.54 | H36: 9.81 | I36: 11.97 | J36: 13.54 | K36: 14.09 | L36: 14.34
A37: Shareholders’ equity per share after dilution | B37: 37.43 | C37: 42.51 | D37: 45.6 | E37: 46.71 | F37: 53.25 | G37: 53 | H37: 62.64 | I37: 77.44 | J37: 82.49 | K37: 96.39 | L37: 91.47
A38: Dividend per share | B38: 2.65 | C38: 3 | D38: 3.3 | E38: 3.5 | F38: 3.85 | G38: 3.9 | H38: 4.2 | I38: 4.8 | J38: 5.4 | K38: 5.9 | L38: 6.4
A39: Price of Series B share at year-end | B39: 178 | C39: 169.1 | D39: 170.4 | E39: 158.15 | F39: 219 | G39: 202.5 | H39: 276.2 | I39: 223.7 | J39: 290.3 | K39: 326.8 | L39: 358.9
A41: Key figures
A42: Operating margin (EBIT), % excluding items affecting comparability | B42: 16.3 | C42: 15.8 | D42: 16.2 | E42: 15.4 | F42: 15.9 | G42: 13.6 | H42: 14.9 | I42: 15.3 | J42: 15.8 | K42: 16.2 | L42: 16.2
A43: Operating margin (EBIT), % | B43: 16.3 | C43: 13.5 | D43: 16.2 | E43: 7.3 | F43: 15.5 | G43: 14.2 | H43: 14.9 | I43: 15.3 | J43: 15.5 | K43: 16.2 | L43: 15.2
A44: Profit margin (EBT), % | B44: 15.2 | C44: 12.6 | D44: 15.3 | E44: 6.3 | F44: 14.4 | G44: 13.3 | H44: 14.2 | I44: 14.5 | J44: 13.7 | K44: 13.9 | L44: 13
A45: Return on capital employed, % | B45: 17.8 | C45: 14.1 | D45: 16.6 | E45: 7.6 | F45: 16.6 | G45: 13.6 | H45: 15.2 | I45: 16.9 | J45: 15.6 | K45: 14.4 | L45: 14.2
A46: Return on capital employed excluding items affecting comparability, % | B46: 17.8 | C46: 16.5 | D46: 16.6 | E46: 16.2 | F46: 17 | G46: 13 | H46: 15.2 | I46: 16.9 | J46: 15.6 | K46: 14.4 | L46: 14.2
A47: Return on shareholders’ equity, % | B47: 19.8 | C47: 15 | D47: 17.6 | E47: 5.4 | F47: 18 | G47: 15.5 | H47: 17 | I47: 17.1 | J47: 15.3 | K47: 15.7 | L47: 14.1
A48: Equity ratio, % | B48: 48.2 | C48: 49.6 | D48: 50.9 | E48: 48.7 | F48: 50.1 | G48: 50.1 | H48: 53.5 | I48: 55.6 | J48: 46.7 | K48: 47.9 | L48: 48.8
A49: Net debt/equity ratio | B49: 0.54 | C49: 0.49 | D49: 0.5 | E49: 0.56 | F49: 0.56 | G49: 0.51 | H49: 0.39 | I49: 0.37 | J49: 0.7 | K49: 0.66 | L49: 0.63
A50: Interest coverage ratio, times | B50: 16.7 | C50: 14.1 | D50: 19.1 | E50: 8 | F50: 14.9 | G50: 16.7 | H50: 22.1 | I50: 18.3 | J50: 8.6 | K50: 7.18 | L50: 6.95
A51: Total number of shares, thousands | B51: 1112576 | C51: 1112576 | D51: 1112576 | E51: 1112576 | F51: 1112576 | G51: 1112576 | H51: 1112576 | I51: 1112576 | J51: 1112576 | K51: 1112576 | L51: 1112576
A52: Number of outstanding shares, thousands | B52: 1110776 | C52: 1110776 | D52: 1110776 | E52: 1110776 | F52: 1110776 | G52: 1110776 | H52: 1110776 | I52: 1110776 | J52: 1110776 | K52: 1110776 | L52: 1110776
A53: Weighted average number of shares issued, before and after dilution, thousands | B53: 1110776 | C53: 1110776 | D53: 1110776 | E53: 1110776 | F53: 1110776 | G53: 1110776 | H53: 1110776 | I53: 1110776 | J53: 1110776 | K53: 1110776 | L53: 1110776
A54: Average number of employees | B54: 45994 | C54: 46928 | D54: 47426 | E54: 48353 | F54: 48992 | G54: 48471 | H54: 50934 | I54: 52463 | J54: 56845 | K54: 62825 | L54: 63886

Sheet SR
B6: 2019 | C6: 2020 | D6: 2021 | E6: 2022 | F6: 2023 | G6: 2024 | H6: 2025ⁱ | I6: Target
B7: FY | C7: FY | D7: FY | E7: FY | F7: FY | G7: FY | H7: FY | I7: 2019-2025
A8: Environmental KPI
A9: ISO 14001 - % of sites certified in reporting scope | B9: 0.76 | C9: 0.77 | D9: 0.77 | E9: 0.76 | F9: 0.73 | G9: 0.78 | H9: 0.88 | I9: 1
A10: Carbon footprint - Scope 1 & 2 greenhouse gas emissions (tons absolute) | B10: 414412 | C10: 313452 | D10: 325826 | E10: 309148 | F10: 290572 | G10: 282900 | H10: 273629 | I10: -0.25
A11: Energy intensity (MWh/SEK M) | B11: 16.5 | C11: 15.6 | D11: 14.5 | E11: 12.5 | F11: 11.5 | G11: 11.4 | H11: 10.3 | I11: -0.25
A12: Water intensity (m3/SEK M) | B12: 44.5 | C12: 39.4 | D12: 32.6 | E12: 26.6 | F12: 22.8 | G12: 22.4 | H12: 18.2 | I12: -0.25
A13: Hazardous waste intensity (kg/SEK M) | B13: 94.5 | C13: 83.1 | D13: 77.6 | E13: 69.8 | F13: 59.4 | G13: 63.6 | H13: 62.8 | I13: -0.25
A14: Non-hazardous waste intensity (kg/SEK M) | B14: 589 | C14: 558 | D14: 588 | E14: 517 | F14: 472 | G14: 489 | H14: 432 | I14: -0.25
A15: Organic solvents intensity (kg/SEK M) | B15: 17.8 | C15: 9.6 | D15: 8.8 | E15: 6.4 | F15: 6.1 | G15: 6.2 | H15: 5.6 | I15: -0.5
A16: Portion of renewable energy | B16: 0.12287212 | C16: 0.14264025 | D16: 0.202 | E16: 0.207 | F16: 0.196 | G16: 0.15 | H16: 0.142
A18: Social KPI
A19: Injury rate (number of injuries per million hours worked) | B19: 3.028527 | C19: 2.7846969 | D19: 3.1 | E19: 3.2 | F19: 2.5 | G19: 2.3 | H19: 2.2 | I19: -0.33
A20: Injury lost day rate (number of lost days related to injuries per million hours worked) | B20: 59.994406 | C20: 65.528431 | D20: 75 | E20: 73.9 | F20: 58.5 | G20: 52.4 | H20: 55.1 | I20: -0.33
A21: Portion of spend in identified risk countries represented by sustainability audited direct material suppliers | B21: 0.97 | C21: 0.91 | D21: 0.86 | E21: 0.93 | F21: 0.94 | G21: 0.92 | H21: 0.95 | I21: 0.95
A22: Number of sustainability audits of direct material suppliers in identified risk countries | B22: 1175 | C22: 940 | D22: 861 | E22: 874 | F22: 765 | G22: 701 | H22: 761
A23: Portion of spend of direct and indirect material suppliers who have signed the Group Business Partner Code of Conduct | B23: 0.68 | C23: 0.68 | D23: 0.73 | E23: 0.76 | F23: 0.81 | G23: 0.86 | H23: 0.89 | I23: 0.95
A25: Gender equality: Portion of females in management positions
A26: -Level 2: | B26: 0.2 | C26: 0.09 | D26: 0.09 | E26: 0.18 | F26: 0.18 | G26: 0.09 | H26: 0.1
A27: -Level 3: | B27: 0.17 | C27: 0.21 | D27: 0.12 | E27: 0.11 | F27: 0.14 | G27: 0.16 | H27: 0.16
A28: -Level 4: | B28: 0.2 | C28: 0.21 | D28: 0.25 | E28: 0.26 | F28: 0.26 | G28: 0.27 | H28: 0.26
A29: -Level 5: | B29: 0.25 | C29: 0.26 | D29: 0.28 | E29: 0.3 | F29: 0.3 | G29: 0.3 | H29: 0.31
A30: -Level 2–5: | B30: 0.24 | C30: 0.25 | D30: 0.27 | E30: 0.29 | F30: 0.29 | G30: 0.29 | H30: 0.29 | I30: 0.3
A32: Energy consumption and related CO2 emissions
A33: Direct energy - Scope 1
A34: -oil (MWh) | B34: 15054 | C34: 9707 | D34: 9056 | E34: 7620 | F34: 5854 | G34: 11274 | H34: 4579
A35: -gas (MWh) | B35: 290130 | C35: 269869 | D35: 283234 | E35: 282454 | F35: 292663 | G35: 382206 | H35: 352648
A36: -coal (MWh) | B36: 10093 | C36: 61 | D36: 49 | E36: 0 | F36: 0 | G36: 1 | H36: 1
A37: -biofuel/biomass (MWh) | B37: 9737 | C37: 13786 | D37: 10919 | E37: 5466 | F37: 591 | G37: 911 | H37: 927
A38: Total | B38: 325015 | C38: 293423 | D38: 303258 | E38: 295540 | F38: 299108 | G38: 394391 | H38: 380304
A40: Indirect energy - Scope 2
A41: - electricity (MWh) | B41: 345247.89 | C41: 327561.32 | D41: 346465 | E41: 331901 | F41: 330629 | G41: 440861 | H41: 425160
A42: - district heat (MWh) | B42: 38990.406 | C42: 32404.257 | D42: 24716.993 | E42: 19938 | F42: 18363 | G42: 15184 | H42: 15677
A43: Total | B43: 384238.3 | C43: 359965.58 | D43: 371181.99 | E43: 351839 | F43: 348993 | G43: 456045 | H43: 440837
A44: TOTAL ENERGY CONSUMPTION | B44: 709253.08 | C44: 653388.22 | D44: 674439.99 | E44: 647379 | F44: 648100 | G44: 850436 | H44: 821141
A45: KPI Portion of renewable energy (%) | B45: 0.12287212 | C45: 0.14264025 | D45: 0.202 | E45: 0.207 | F45: 0.196 | G45: 0.15 | H45: 0.142
A47: KPI Energy intensity (MWh/SEK M) | B47: 16.5 | C47: 15.6 | D47: 14.5 | E47: 12.5 | F47: 11.5 | G47: 11.4 | H47: 10.3
A49: CO2 emissions related to energy consumption
A51: Location-based reporting:
A52: Scope 1 carbon emissions related to fleet | B52: 34699 | C52: 32743 | D52: 37341 | E52: 36977 | F52: 32857 | G52: 30435 | H52: 29964
A53: Scope 1 carbon emissions related to substances in industrial processes - Base year entities | B53: 34860 | C53: 1149 | D53: 731 | E53: 902 | F53: 628 | G53: 680 | H53: 670
A54: Scope 1 carbon emissions related to substances in industrial processes - Acq. & Div. Impact | B54: 379 | C54: 379 | D54: 379 | E54: 379 | F54: 97 | G54: 97 | H54: 146
A55: Scope 1 CO2 emissions related to direct energy consumption - Base year entities | B55: 69192 | C55: 61094 | D55: 61397 | E55: 57960 | F55: 56758 | G55: 54392 | H55: 54705
A56: Scope 1 CO2 emissions related to direct energy consumption - Acq. & Div. Impact | B56: 25714 | C56: 25774 | D56: 26377 | E56: 26545 | F56: 26504 | G56: 26217 | H56: 23226
A57: Scope 2 CO2 emissions related to indirect energy consumption - Base year entities | B57: 188271 | C57: 130535 | D57: 136717 | E57: 123389 | F57: 111098 | G57: 108513 | H57: 107022
A58: Scope 2 CO2 emissions related to indirect energy consumption - Acq. & Div. Impact | B58: 61297 | C58: 61778 | D58: 62883 | E58: 62995 | F58: 62630 | G58: 62612 | H58: 57896
A59: Total Scope 1 & 2 emissions, Location-based reporting | B59: 414412 | C59: 313452 | D59: 325826 | E59: 310540 | F59: 290572 | G59: 282947 | H59: 273629
A61: Market-based reporting:
A62: Scope 2 carbon emissions related to indirect energy consumption - Base year entities | B62: 182666 | C62: 147203 | D62: 155016 | E62: 144993 | F62: 136569 | G62: 109984 | H62: 103120
A63: Scope 2 carbon emissions related to indirect energy consumption – Acq.& Div. Impact | B63: 65625 | C63: 66203 | D63: 67934 | E63: 68467 | F63: 68570 | G63: 67367 | H63: 59263
A64: Total Scope 1 & 2 emissions, Market-based reporting | B64: 413136 | C64: 334545 | D64: 349176 | E64: 336224 | F64: 321984 | G64: 289173 | H64: 271094
A67: Water performance
A68: Purchased water (1 000 m³) | B68: 1691.7137 | C68: 1520.4494 | D68: 1397 | E68: 1280 | F68: 1236 | G68: 2063 | H68: 1823
A69: Water from on-site wells (1 000 m³) | B69: 209.9193 | C69: 116.9111 | D69: 109.57838 | E69: 86 | F69: 40 | G69: 46 | H69: 52
A70: Rainwater (1 000 m³) | B70: 9 | C70: 9 | D70: 10 | E70: 11 | F70: 9 | G70: 12 | H70: 9
A71: Surface water (1 000 m³) | B71: 0 | C71: 0 | D71: 0 | E71: 0 | F71: 0 | G71: 0 | H71: 0
A72: Total water withdrawal (1 000 m³) | B72: 1911 | C72: 1646.6419 | D72: 1517 | E72: 1377 | F72: 1285 | G72: 2121 | H72: 1884
A73: KPI Water intensity (m³/SEK M) | B73: 44.5 | C73: 39.4 | D73: 32.6 | E73: 26.6 | F73: 22.8 | G73: 22.4 | H73: 18.2
A75: Recycled metal
A76: Waste metal for recycling (tons) | B76: 57362.997 | C76: 54613.573 | D76: 57606 | E76: 54240 | F76: 56286 | G76: 74381 | H76: 71774
A78: Hazardous waste
A79: Metal sludge (tons) | B79: 914 | C79: 704 | D79: 936 | E79: 809 | F79: 600 | G79: 1819 | H79: 1737
A80: Oil for recycling (tons) | B80: 331 | C80: 244 | D80: 232 | E80: 193 | F80: 191 | G80: 200 | H80: 267
A81: Electrical and electronic waste (tons) | B81: 89 | C81: 118 | D81: 137 | E81: 129 | F81: 171 | G81: 167 | H81: 145
A82: Other types of toxic waste (tons) | B82: 2724 | C82: 2405 | D82: 2310 | E82: 2489 | F82: 2393 | G82: 3003 | H82: 3099
A83: Total hazardous waste (tons) | B83: 4058 | C83: 3471 | D83: 3615 | E83: 3619 | F83: 3355 | G83: 5189 | H83: 5248
A84: KPI Hazardous waste intensity (kg/SEK M) | B84: 95 | C84: 83 | D84: 78 | E84: 70 | F84: 58 | G84: 79 | H84: 78
A86: Non-hazardous waste
A87: Household incinerated/recycled (tons) | B87: 2762 | C87: 2660 | D87: 3302 | E87: 3490 | F87: 4086 | G87: 5524 | H87: 4691
A88: Household deposited (tons) | B88: 10341 | C88: 9797 | D88: 11470 | E88: 11139 | F88: 10362 | G88: 11683 | H88: 11692
A89: Paper and cardboard for recycling (tons) | B89: 4523 | C89: 4326 | D89: 4839 | E89: 4915 | F89: 4278 | G89: 6154 | H89: 5510
A90: Plastic waste for recycling (tons) | B90: 869 | C90: 855 | D90: 1364 | E90: 1435 | F90: 1540 | G90: 1897 | H90: 1786
A91: Wood waste for recycling (tons) | B91: 5061 | C91: 4194 | D91: 4082 | E91: 3788 | F91: 4037 | G91: 5457 | H91: 5371
A92: Glass for recycling (tons) | B92: 236 | C92: 144 | D92: 210 | E92: 178 | F92: 230 | G92: 211 | H92: 220
A93: Other types of waste (tons) | B93: 1519 | C93: 1329 | D93: 2091 | E93: 1886 | F93: 2093 | G93: 3044 | H93: 2746
A94: Total (tons) | B94: 25310 | C94: 23305 | D94: 27358 | E94: 26832 | F94: 26626 | G94: 33970 | H94: 32015
A95: KPI Non-hazardous waste intensity (kg/SEK M) | B95: 589 | C95: 558 | D95: 588 | E95: 517 | F95: 457 | G95: 517 | H95: 478
A99: i) For comparable units. The historical numbers have been adjusted with proforma data.

Sheet ACQ
A4: Annual figures (MSEK)
A7: 2018
A8: No | E8: Sales 2018 | G8: Consolidation
A9: 1 | B9: LOB | C9: EMEA | D9: Poland | E9: 240 | G9: 2018-01
A10: 2 | B10: Phoniro | C10: Global Solutions | D10: Sweden | E10: 160 | G10: 2018-02
A11: 3 | B11: Dale Hardware & Excel Architectural Hardware | C11: EMEA | D11: UK | E11: 220 | G11: 2018-02
A12: 4 | B12: Korean Auto Door | C12: Entrance | D12: South Korea | E12: 60 | G12: 2018-02
A13: 5 | B13: Lukkoaitta | C13: EMEA | D13: Finland | E13: 30 | G13: 2018-05
A14: 6 | B14: Concept Frames | C14: Americas | D14: USA | E14: 80 | G14: 2018-05
A15: 7 | B15: Brüken | C15: Americas | D15: Mexico | E15: 270 | G15: 2018-05
A16: 8 | B16: Pioneer Industries | C16: Americas | D16: USA | E16: 200 | G16: 2018-06
A17: 9 | B17: HKC | C17: EMEA | D17: Ireland | E17: 190 | G17: 2018-06
A18: 10 | B18: Door Systems | C18: Entrance | D18: USA | E18: 240 | G18: 2018-07
A19: 11 | B19: Luleå Låskonsult | C19: EMEA | D19: Sweden | E19: 20 | G19: 2018-07
A20: 12 | B20: ISLOG | C20: HID | D20: France | E20: 10 | G20: 2018-07
... A27: 19 | B27: Pacific Door Systems | C27: APAC | D27: New Zealand | E27: 110 | G27: 2019-01
B28: Total | C28: 19 | E28: =SUM(E9:E27) -> 3779.5529
A30: 2019
G31: Date of
A32: No | E32: Sales 2019 | G32: Consolidation
A33: 1 | B33: KEYper Systems | C33: Global Solutions | D33: USA | E33: 195 | G33: 2019-02
A34: 2 | B34: Secure Edge Technologies | C34: Global Solutions | D34: Australia | E34: 25 | G34: 2019-02
A35: 3 | B35: Spence Doors | C35: APAC | D35: Australia | E35: 435 | G35: 2019-04
A36: 4 | B36: Door Control | C36: Entrance | D36: USA | E36: 115 | G36: 2019-05
A37: 5 | B37: PTI | C37: HID | D37: USA | E37: 240 | G37: 2019-06
A38: 6 | B38: Life Safety Power | C38: Americas | D38: USA | E38: 280 | G38: 2019-09
A39: 7 | B39: HydrantID | C39: HID | D39: USA | E39: 25 | G39: 2019-10
A40: 8 | B40: Placard | C40: HID | D40: Australia | E40: 420 | G40: 2019-10
A41: 9 | B41: Stiles | C41: Americas | D41: USA | E41: 115 | G41: 2019-10
A42: 10 | B42: De La Rue | C42: HID | D42: United Kingdom | E42: 460 | G42: 2019-10
A43: 11 | B43: Touchwood | C43: APAC | D43: Australia | E43: 25 | G43: 2019-11
A44: 12 | B44: Lux-Ident | C44: HID | D44: Czech Republic | E44: 180 | G44: 2019-11
B45: Total | C45: 19 | E45: =SUM(E33:E44) -> 2515
A47: 2020
A48: No | E48: Sales previous fiscal year | G48: Date of consolidation
A49: 1 | B49: Biosite | C49: Global Solutions | D49: UK | E49: 175 | G49: 2020-02
A50: 2 | B50: Long My | C50: Global Solutions | D50: Vietnam | E50: 10 | G50: 2020-02
A51: 3 | B51: AM Group | C51: Entrance | D51: Australia | E51: 800 | G51: 2020-03
A52: 4 | B52: Jansen Door | C52: Entrance | D52: Germany | E52: 15 | G52: 2020-06
A53: 5 | B53: Doniment | C53: EMEA | D53: Poland | E53: 50 | G53: 2020-07
A54: 6 | B54: FocusCura | C54: Global Solutions | D54: Netherlands | E54: 130 | G54: 2020-07
A55: 7 | B55: Access-IS | C55: HID | D55: UK | E55: 220 | G55: 2020-09
A56: 8 | B56: agta record | C56: Entrance | D56: Switzerland | E56: 3150 | G56: 2020-09
A57: 9 | B57: Olimpia | C57: Americas | D57: Costa Rica | E57: 125 | G57: 2020-10
A58: 10 | B58: Averics | C58: Americas | D58: USA | E58: 10 | G58: 2020-11
A59: 11 | B59: Doorway | C59: Entrance | D59: USA | E59: 30 | G59: 2020-11
A60: 12 | B60: Letherneck | C60: Entrance | D60: USA | E60: 20 | G60: 2020-12
B61: Total | C61: 19 | E61: =SUM(E49:E60) -> 4735
A63: 2021
A64: No | E64: Sales previous fiscal year | G64: Date of consolidation
A65: 1 | B65: Traka Iberia | C65: Global Technologies (Global Solutions) | D65: Spain | E65: <50 | G65: 2021-02
A66: 2 | B66: Technology Solutions | C66: Global Technologies (HID) | D66: UK | E66: <50 | G66: 2021-02
A67: 3 | B67: Invengo Textiles Services | C67: Global Technologies (HID) | D67: France | E67: 110 | G67: 2021-03
A68: 4 | B68: Prosystech | C68: Americas | D68: Canada | E68: <50 | G68: 2021-05
A69: 5 | B69: Sure-Loc | C69: Americas | D69: USA | E69: 120 | G69: 2021-06
A70: 6 | B70: Pucon | C70: Americas | D70: Peru | E70: <50 | G70: 2021-06
A71: 7 | B71: Capitol Door Service | C71: Entrance Systems | D71: USA | E71: 150 | G71: 2021-08
A72: 8 | B72: Omni-ID | C72: Global Technologies (HID) | D72: USA | E72: 110 | G72: 2021-08
A73: 9 | B73: New Zealand Fire Doors | C73: APAC (Pacific) | D73: New Zealand | E73: 65 | G73: 2021-09
A74: 10 | B74: MR Group | C74: EMEIA | D74: Portugal | E74: 230 | G74: 2021-11
A75: 11 | B75: B&B Roadway and Security Solutions | C75: Entrance Systems | D75: USA | E75: 120 | G75: 2021-12
A76: 12 | B76: Malkowski-Martech | C76: EMEIA | D76: Poland | E76: 110 | G76: 2021-12
A77: 13 | B77: InvoTech Systems | C77: Global Technologies (HID) | D77: USA | E77: <50 | G77: 2021-12
B78: Total | C78: 19 | E78: =SUM(E65:E77) -> 1015
A80: 2022
A81: No | E81: Sales previous fiscal year | G81: Date of consolidation
A82: 1 | B82: Keytechnik | C82: Global Technologies (Global Solutions) | D82: Belgium | E82: <50 | G82: 2022-03
A83: 2 | B83: Vigil | C83: Global Technologies (Global Solutions) | D83: Canada | E83: <50 | G83: 2022-04
A84: 3 | B84: Jotec | C84: Entrance Systems | D84: Germany | E84: 200 | G84: 2022-04
A85: 4 | B85: Vizinex | C85: Global Technologies (HID) | D85: USA | E85: <50 | G85: 2022-05
A86: 5 | B86: Acura | C86: Global Technologies (HID) | D86: Brazil | E86: 60 | G86: 2022-06
A87: 6 | B87: Caldwell | C87: APAC (Pacific) | D87: USA | E87: 1000 | G87: 2022-06
A88: 7 | B88: Arran Isle | C88: EMEIA | D88: UK & Ireland | E88: 1450 | G88: 2022-06
A89: 8 | B89: J Newton Enterprises | C89: Entrance Systems | D89: USA | E89: 150 | G89: 2022-08
A90: 9 | B90: Go Doors | C90: Entrance Systems | D90: Australia | E90: <50 | G90: 2022-09
A91: 10 | B91: ASA Fermetures | C91: Entrance Systems | D91: France | E91: 120 | G91: 2022-09
A92: 11 | B92: VHS | C92: EMEIA | D92: Turkey | E92: 150 | G92: 2022-09
A93: 12 | B93: Alcea | C93: Global Technologies (Global Solutions) | D93: France | E93: 200 | G93: 2022-10
A94: 13 | B94: Control iD | C94: Americas | D94: Brazil | E94: 250 | G94: 2022-10
A95: 14 | B95: D&D Technologies | C95: APAC (Pacific) | D95: Australia | E95: 475 | G95: 2022-10
A96: 15 | B96: Bird Home Automation | C96: EMEIA | D96: Germany | E96: 220 | G96: 2022-10
A97: 16 | B97: Roy C | C97: Entrance Systems | D97: USA | E97: 70 | G97: 2022-10
A98: 17 | B98: Safemark | C98: Global Technologies (Global Solutions) | D98: USA | E98: 130 | G98: 2022-10
A99: 18 | B99: Metaflex | C99: Entrance Systems | D99: Netherlands | E99: 320 | G99: 2022-11
A100: 19 | B100: Duffet Doors | C100: Entrance Systems | D100: New Zealand | E100: 60 | G100: 2022-12
A101: 20 | B101: Janam | C101: Global Technologies (HID) | D101: USA | E101: 200 | G101: 2022-12
A102: 21 | B102: Zipplify | C102: Global Technologies (Global Solutions) | D102: Sweden | E102: <50 | G102: 2022-12
B103: Total | C103: 19 | E103: =SUM(E82:E102) -> 5055
A105: 2023
A106: No | E106: Sales previous fiscal year | G106: Date of consolidation
A107: 1 | B107: GuardRFID | C107: Global Technologies | D107: Canada | E107: 60 | G107: 2023-02
A108: 2 | B108: Crewsight | C108: Global Technologies | D108: USA | E108: <50 | G108: 2023-02
A109: 3 | B109: Connexient | C109: Global Technologies | D109: USA | E109: <50 | G109: 2023-03
A110: 4 | B110: Alexander & Wilks | C110: EMEIA | D110: United Kingdom | E110: <50 | G110: 2023-04
A111: 5 | B111: Mottura Serrature | C111: EMEIA | D111: Italiy | E111: 300 | G111: 2023-05
A112: 6 | B112: Southwest Entrances | C112: Entrance Systems | D112: USA | E112: 70 | G112: 2023-05
A113: 7 | B113: Iberon | C113: Global Technologies | D113: USA | E113: <50 | G113: 2023-06
A114: 8 | B114: HHI | C114: Americas | D114: USA | E114: 16600 | G114: 2023-06
A115: 9 | B115: Kinetron | C115: EMEIA | D115: Netherlands | E115: <50 | G115: 2023-07
A116: 10 | B116: Sunray Engineering | C116: EMEIA | D116: United Kingdom | E116: 150 | G116: 2023-07
...
